Workbook

Sheet ALL SERVICE
C1: New SITC Container Lines Vietnam Co. Ltd
C2: The METT Building - Floor 16 - 15 Tran Bach Dang Street, Quarter 3, An Khanh Ward, Ho Chi Minh City
C3: Tel: +84-28-54047415 Fax: +84-28-54047420 Website: www.sitc.com
A4: SCHEDULE SUMMARY
A6: Lane | B6: MON | C6: TUE | D6: WED | E6: THU | F6: FRI | G6: SAT | H6: SUN | I6: MON | J6: TUE | K6: WED | L6: THU | M6: FRI | N6: SAT | O6: SUN | P6: MON | Q6: TUE | R6: WED | S6: THU | T6: FRI | U6: SAT | V6: SUN | W6: Color | X6: Country
A7: VTX8 | C7: HCM | G7: CNXMN | K7: JPMOJ | L7: JPOSA | M7: JPUKB | X7: HOCHIMINH
A8: VTX6 | D8: HCM | G8: CNSHK | L8: JPTYO | M8: JPYOK | N8: JPKWS | O8: JPNGO | X8: JAPAN
A9: VTX5-N | D9: HCM | G9: CNNSA | K9: JPHKT | L9: JPOSA | M9: JPUKB | P9: CNLYG | S9: CNTAO | X9: CHINA
A10: CBX2-S | D10: PAP | G10: MYPKG | K10: BDCGP | O10: MMTLA | X10: KOREA
A11: CBX2-N | E11: PAP | I11: CNXMN | L11: KRINC | N11: CNTXG | P11: CNTAO | X11: THAILAND
A12: CVM-S | E12: HCM | H12: IDBAT | K12: MYKCH | X12: CAMBODIA
A13: CMI2.S | F13: PAP | I13: IDJKT | M13: MYBTU | X13: PHILIPPINE
A14: CMI2.N | F14: TCHP | I14: CNYPG | K14: CNQZH | X14: MALAYSIA
A15: VTX2-N | G15: HCM | L15: CNNGB | O15: CNSHA | Q15: JPNGO | R15: JPTYO | S15: JPYOK | X15: INDONESIA
A16: VTX1-S | G16: HCM | H16: KHSHV | K16: THLCH | X16: MYANMAR
A17: CVS2 | G17: HCM | M17: CNTAG | N17: CNSHA | Q17: JPOSA | R17: JPUKB | X17: BANGLADESH
A18: CKV2 | G18: HCM | I18: KHSHV | L18: THLCH
A19: CVM.N | H19: PAP | K19: CNQZH | M19: CNNSA | N19: CNSHK
A20: VTX3-N | H20: HCM | K20: CNSHK | P20: JPNGO | Q20: JPTYO | R20: JPYOK
A21: VTX4 | H21: PAP | K21: PHBTG | M21: PHMNN | Q21: CNNSA | R21: CNSHK

Sheet JAPAN
C1: New SITC Container Lines Vietnam Co. Ltd
C2: The METT Building - Floor 16 - 15 Tran Bach Dang Street, Quarter 3, An Khanh Ward, Ho Chi Minh City
C3: Tel: +84-28-54047415 Fax: +84-28-54047420 Website: www.sitc.com
A5: SCHEDULE SUMMARY
A7: Lane | B7: MON | C7: TUE | D7: WED | E7: THU | F7: FRI | G7: SAT | H7: SUN | I7: MON | J7: TUE | K7: WED | L7: THU | M7: FRI | N7: SAT | O7: SUN | P7: MON | Q7: TUE | R7: WED | S7: THU
A8: VTX8 | C8: HCM | K8: JPSMZ | L8: JPOSA | M8: JPUKB
A9: VTX6 | D9: HCM | L9: JPTYO | M9: JPYOK | N9: JPKWS | O9: JPNGO
A10: VTX5-N | D10: HCM | K10: JPHKT | L10: JPOSA | M10: JPUKB
A11: VTX2-N | G11: HCM | Q11: JPNGO | R11: JPTYO | S11: JPYOK
A12: CVS2 | G12: HCM | P12: JPOSA | Q12: JPUKB
A13: VTX3-N | H13: HCM | K13: CNSHK | P13: JPNGO | Q13: JPTYO | R13: JPYOK

Sheet CHINA
C1: New SITC Container Lines Vietnam Co. Ltd
C2: The METT Building - Floor 16 - 15 Tran Bach Dang Street, Quarter 3, An Khanh Ward, Ho Chi Minh City
C3: Tel: +84-28-54047415 Fax: +84-28-54047420 Website: www.sitc.com
A5: SCHEDULE SUMMARY
A7: Lane | B7: MON | C7: TUE | D7: WED | E7: THU | F7: FRI | G7: SAT | H7: SUN | I7: MON | J7: TUE | K7: WED | L7: THU | M7: FRI | N7: SAT | O7: SUN | P7: MON | Q7: TUE | R7: WED | S7: THU
A8: VTX8 | C8: HCM | G8: CNXMN
A9: VTX6 | D9: HCM | G9: CNSHK
A10: VTX5-N | D10: HCM | G10: CNNSA | P10: CNLYG | S10: CNTAO
A11: CBX2-N | E11: PAP | I11: CNXMN | N11: CNTXG | P11: CNTAO
A12: VTX2-N | G12: HCM | M12: CNNGB | O12: CNSHA
A13: CVM.N | H13: PAP | K13: CNQZH | M13: CNNSA | N13: CNSHK
A14: CVS2 | G14: HCM | M14: CNTAG | N14: CNSHA
A15: VTX3-N | H15: HCM | K15: CNSHK
A16: VTX4 | H16: PAP | Q16: CNNSA | R16: CNSHK

Sheet KOREA
C1: New SITC Container Lines Vietnam Co. Ltd
C2: The METT Building - Floor 16 - 15 Tran Bach Dang Street, Quarter 3, An Khanh Ward, Ho Chi Minh City
C3: Tel: +84-28-54047415 Fax: +84-28-54047420 Website: www.sitc.com
A5: SCHEDULE SUMMARY
A7: Lane | B7: MON | C7: TUE | D7: WED | E7: THU | F7: FRI | G7: SAT | H7: SUN | I7: MON | J7: TUE | K7: WED | L7: THU | M7: FRI | N7: SAT | O7: SUN | P7: MON | Q7: TUE | R7: WED | S7: THU
A8: CBX2-N | E8: PAP | L8: KRINC

Sheet GENERAL
C2: New SITC Container Lines Vietnam Co. Ltd
C3: The METT Building - Floor 16 - 15 Tran Bach Dang Street, Quarter 3, An Khanh Ward, Ho Chi Minh City
C4: Tel: +84-28-54047415 Fax: +84-28-54047420 Website: www.sitc.com
A5: ALL SERVICE OF SITC CONTAINER LINES HOCHIMINH
A6: STT | B6: Service | C6: SOUTH/NORTH | D6: ETD | E6: Rotation (please click on below link for quick navigation to each service's schedule)
A7: 1 | B7: VTX8 | C7: North Bound | D7: TUESDAY | E7: CAT LAI/ XIAMEN / MOJI / OSAKA / KOBE
A8: 2 | B8: VTX6 | C8: North Bound | D8: WEDNESDAY | E8: CAT LAI/ SHEKOU/ TOKYO/ YOKOHAMA/ NAGOYA
A9: 3 | B9: VTX5 | C9: North Bound | D9: WEDNESDAY | E9: CAT LAI / NANSHA / HAKATA / OSAKA / KOBE / LIANYUNGANG / QINGDAO
A10: 4 | B10: CBX2.S | C10: South Bound | D10: THURSDAY | E10: PHUOC AN / PORT KLANG / CHATTOGRAM / YANGON
A11: 5 | B11: CBX2.N | C11: North Bound | D11: THURSDAY | E11: PHUOC AN / XIAMEN / INCHON / TIANJIN / QINGDAO
A12: 6 | B12: VTX1S | C12: South Bound | D12: FRIDAY | E12: CAT LAI / SIHANOUKVILLE / LAEM CHABANG
A13: 7 | B13: CMI2.S | C13: South Bound | D13: FRIDAY | E13: PHUOC AN/ JAKARTA/ BINTULU
A14: 8 | B14: CMI2.N | C14: North Bound | D14: FRIDAY | E14: PHUOC AN/ YANGPU/ QINZHOU
A15: 9 | B15: VTX2N | C15: North Bound | D15: SATURDAY | E15: CAT LAI / NINGBO / SHANGHAI / NAGOYA / TOKYO / YOKOHAMA
A16: 10 | B16: CVS2 | C16: North Bound | D16: SATURDAY | E16: CAT LAI / TAICANG / SHANGHAI / OSAKA / KOBE
A17: 11 | B17: VTX4 | C17: North Bound | D17: SUNDAY | E17: PHUOC AN / BATANGAS / MANILA NORTH/ NANSHA/ SHEKOU
A18: 12 | B18: VTX3 | C18: North Bound | D18: SUNDAY | E18: CAT LAI / SHEKOU / NAGOYA / TOKYO / KAWASAKI / YOKOHAMA
... A21: 15 | B21: CVM.N | C21: North Bound | D21: SUNDAY | E21: PHUOC AN/ QINZHOU/ NANSHA/ SHEKOU
A23: CHINA PORTS (VIA SHANGHAI) | C23: NANJING, NANTONG, CHANGZHOU,ZHANGJIAGANG, TAICANG, MA'ANSHAN, TAIZHOU,ZHENJIANG, YANGZHOU, CHANGSHU, ANQING, TONGLING, CHIZHOU, HEFEL, ANJI, JIAXING, WUHU, JIANGYIN, KUNSHAN, SUZHOU, WUJIANG, WUXI, HANGZHOU, WUHAN, CHONGQING, CHENDU…
A24: JAPAN PORTS (VIA SHANGHAI) | B24: Tokyo; Yokkohama, Hakata, Moji, Shimizu, Chiba | C24: HAKATA, MOJI, YOKKAICHI, SHIMIZU, MATSUYAMA, YOKOHAMA, NAGOYA, TOKYO
A26: OUTBOUND LOCAL CHARGE
A27: ITEM | C27: New Quantum (VND) (SITC)
A28: THC | B28: 20GP/ 20HC | C28: 3930000
B29: 40GP/ 40HC | C29: 6020000
B30: 20RF/ 20TK | C30: 5230000
B31: 40HR/ 40TK | C31: 7850000
B32: 20FR/ 20OT | C32: 5630000
B33: 40FR/ 40OT | C33: 8770000
B34: 45'HC | C34: 7330000
A35: SEAL | C35: 250000
A36: DOC | C36: 1,150,000/SET
A37: TLX/SWB | C37: 790,000/SET
A38: AFS | C38: 700000/SET
A39: AFA | C39: 1050000/time
A40: ABOVE TARIFF INCLUED TO VAT
A41: Effective date: Effective date: From April 06th, 2026 (Based on POL ETD)

Sheet NSE -SKIP HCM
D1: SITC Vietnam Co., Ltd. HCM Branch
D2: 193 Dinh Tien Hoang, District 1, Hochiminh City, Vietnam
D3: Tel: 84-8-54047415 Fax: 84-8-54047420 Website: www.sitc.com
A5: TERMINAL:
A6: Laem Chabang: C3 or B5 (depend on occupancy)--LHIT: Laem Chabang International Terminal
A7: Lat Krabang and BMTP via Laem Chabang: transit by barge
A8: Manila North: MNT terminal / MANILA INT'L CONTAINER TERMINALS, INC.
A9: Qingdao: Qingdao Qiangwan Container Terminal
A10: Busan: Hutchison Busan CNTR Terminal
A11: Shanghai: WAIGAO QIAO phase number 1.
A13: FTS DIRECT SERVICE : | D13: Ho Chi Minh-Laem Chabang (3)-Manila North(9)-Qingdao(15)-Busan(17)- Shanghai (19)
A14: VESSEL | C14: VOY | D14: ETD | E14: HKG | G14: SHE | I14: NBO
E15: 2 days | G15: 3 days | I15: 5 days
A16: SITC DALIAN | C16: 911N | D16: 39834 | G16: =D16+3 -> 39837
A17: SITC KOBE | C17: 479N | D17: =D16+7 -> 39841 | G17: =D17+3 -> 39844
A18: SITC QINGDAO | C18: 799N | D18: =D17+7 -> 39848 | G18: =D18+3 -> 39851
A19: SITC DALIAN | C19: 913N | D19: =D18+9 -> 39857 | G19: =D19+3 -> 39860
A20: SITC KOBE | C20: 481N | D20: =D18+14 -> 39862 | G20: -
A21: SITC QINGDAO | C21: 801N | D21: =D20+7 -> 39869 | G21: SKIP
A22: SITC KOBE | C22: 483N | D22: =D21+7 -> 39876 | G22: =D22+3 -> 39879
A23: SITC DALIAN | C23: 917N | D23: =D22+7 -> 39883 | G23: =D23+3 -> 39886
A24: SITC QINGDAO | C24: 803N | D24: =D23+7 -> 39890 | G24: =D24+3 -> 39893
A25: SITC KOBE | C25: 485N | D25: =D24+7 -> 39897 | G25: =D25+3 -> 39900
A26: SITC DALIAN | C26: 919N | D26: =D25+7 -> 39904 | G26: =D26+3 -> 39907
A27: SITC QINGDAO | C27: 805N | D27: =D26+7 -> 39911 | G27: =D27+3 -> 39914
A28: SITC KOBE | C28: 487N | D28: =D27+7 -> 39918 | G28: =D28+3 -> 39921
A29: SITC DALIAN | C29: 921N | D29: =D28+7 -> 39925 | G29: =D29+3 -> 39928
A30: SITC QINGDAO | C30: 807N | D30: =D29+7 -> 39932 | G30: =D30+3 -> 39935
A31: SITC KOBE | C31: 489N | D31: =D30+7 -> 39939 | G31: =D31+3 -> 39942
A32: SITC DALIAN | C32: 923N | D32: =D31+7 -> 39946 | G32: =D32+3 -> 39949
A33: SITC QINGDAO | C33: 809N | D33: =D32+8 -> 39954 | E33: =D33+2 -> 39956 | G33: =D33+3 -> 39957
A34: SITC KOBE | C34: 491N | D34: =D33+7 -> 39961 | E34: =D34+2 -> 39963 | G34: =D34+3 -> 39964
A35: SITC DALIAN | C35: 925N | D35: =D34+7 -> 39968 | E35: =D35+2 -> 39970 | G35: =D35+3 -> 39971
A36: SITC QINGDAO | C36: 811N | D36: =D35+7 -> 39975 | E36: =D36+2 -> 39977 | G36: =D36+3 -> 39978
A37: SITC KOBE | C37: 493N | D37: =D36+7 -> 39982 | E37: =D37+2 -> 39984 | G37: =D37+3 -> 39985
A38: SITC DALIAN | C38: 927N | D38: =D37+7 -> 39989 | E38: =D38+2 -> 39991 | G38: =D38+3 -> 39992
A39: SITC QINGDAO | C39: 813N | D39: =D38+7 -> 39996 | E39: =D39+2 -> 39998 | G39: =D39+3 -> 39999
A40: SITC KOBE | C40: 495N | D40: =D39+7 -> 40003 | E40: =D40+2 -> 40005 | G40: =D40+3 -> 40006
A41: SITC DALIAN | C41: 929N | D41: =D40+7 -> 40010 | E41: =D41+2 -> 40012 | G41: =D41+3 -> 40013
A42: SITC QINGDAO | C42: 815N | D42: =D41+7 -> 40017 | E42: =D42+2 -> 40019 | G42: =D42+3 -> 40020
A43: SITC KOBE | C43: 497N | D43: =D42+7 -> 40024 | E43: =D43+2 -> 40026 | G43: =D43+3 -> 40027
A44: SITC DALIAN | C44: 931N | D44: =D43+7 -> 40031 | E44: =D44+2 -> 40033 | G44: =D44+3 -> 40034
A45: SITC QINGDAO | C45: 817N | D45: =D44+7 -> 40038 | E45: =D45+2 -> 40040 | G45: =D45+3 -> 40041
... A60: SITC QINGDAO | C60: 827N | D60: =D59+7 -> 40143 | E60: =D60+2 -> 40145 | G60: =D60+3 -> 40146
A61: =A58 -> SITC YOKOHAMA | C61: 347N | D61: =D60+7 -> 40150 | E61: =D61+2 -> 40152 | G61: =D61+3 -> 40153
A62: SITC DALIAN | C62: 943N | D62: =D61+7 -> 40157 | E62: SKIP | G62: SKIP
A63: SITC QINGDAO | C63: 829N | D63: =D62+7 -> 40164 | E63: SKIP | G63: SKIP
A64: SITC YOKOHAMA | C64: 349N | D64: =D63+7 -> 40171 | E64: SKIP | G64: SKIP
A65: PERTH BRIDGE | C65: 1101N | D65: =D64+8 -> 40179 | E65: =D65+2 -> 40181 | G65: =D65+3 -> 40182 | I65: -
A66: CAPE FRANKLIN | C66: 1101N | D66: =D65+7 -> 40186 | E66: =D66+2 -> 40188 | G66: =D66+3 -> 40189 | I66: -
A67: SINGAPORE BRIDGE | C67: 1103N | D67: =D66+7 -> 40193 | E67: =D67+2 -> 40195 | G67: =D67+3 -> 40196 | I67: -
A68: PERTH BRIDGE | C68: 1103N | D68: =D67+7 -> 40200 | E68: =D68+2 -> 40202 | G68: =D68+3 -> 40203 | I68: -
A69: CAPE FRANKLIN | C69: 1103N | D69: =D68+7 -> 40207 | E69: =D69+2 -> 40209 | G69: SKIP | I69: -
A70: SINGAPORE BRIDGE | C70: 1105N | D70: =D69+7 -> 40214 | E70: =D70+2 -> 40216 | G70: SKIP | I70: -
A71: PERTH BRIDGE | C71: 1105N | D71: =D70+4 -> 40218 | E71: =D71+2 -> 40220 | G71: SKIP | I71: =D71+8 -> 40226
A72: CAPE FRANKLIN | C72: 1105N | D72: =D70+14 -> 40228 | E72: =D72+2 -> 40230 | G72: =D72+3 -> 40231 | I72: =D72+5 -> 40233
A73: THERAPS | C73: 1107N | D73: =D72+7 -> 40235 | E73: =D73+2 -> 40237 | G73: SKIP | I73: =I72+7 -> 40240
A74: PERTH BRIDGE | C74: 1107N | D74: =D72+14 -> 40242 | E74: =D74+2 -> 40244 | G74: =D74+3 -> 40245 | I74: =D74+5 -> 40247
A75: CAPE FRANKLIN | C75: 1107N | D75: =D74+7 -> 40249 | E75: =D75+2 -> 40251 | G75: =D75+3 -> 40252 | I75: =D75+5 -> 40254
A76: SINGAPORE BRIDGE | C76: 1109N | D76: =D75+7 -> 40256 | E76: =D76+2 -> 40258 | G76: =D76+3 -> 40259 | I76: =D76+5 -> 40261
A77: PERTH BRIDGE | C77: 1109N | D77: =D76+7 -> 40263 | E77: =D77+2 -> 40265 | G77: =D77+3 -> 40266 | I77: =D77+5 -> 40268
A78: CAPE FRANKLIN | C78: 1109N | D78: =D77+7 -> 40270 | E78: =D78+2 -> 40272 | G78: =D78+3 -> 40273 | I78: =D78+5 -> 40275
A79: =A76 -> SINGAPORE BRIDGE | C79: 1111N | D79: =D78+7 -> 40277 | E79: =D79+2 -> 40279 | G79: =D79+3 -> 40280 | I79: =D79+5 -> 40282
A80: PERTH BRIDGE | C80: 1111N | D80: =D79+7 -> 40284 | E80: =D80+2 -> 40286 | G80: =D80+3 -> 40287 | I80: =D80+5 -> 40289
A81: VESSEL | C81: VOY | D81: ETD HCM Wednesday | E81: LAEM CHABANG | F81: MANILA (N) | G81: QINGDAO | H81: BUSAN | I81: SHANGHAI
E82: FRIDAY | F82: THURSDAY | G82: WEDNESDAY | H82: FRIDAY | I82: SUNDAY
E83: 3 days | F83: 9 days | G83: 15 days | H83: 17 days | I83: 19 days
A84: MERATUS JAYAPURA | C84: 1413 | D84: 41717 | E84: =D84+3 -> 41720 | F84: =D84+9 -> 41726 | G84: =D84+15 -> 41732 | H84: =D84+17 -> 41734 | I84: =D84+19 -> 41736
A85: HYUNDAI SPRINTER | C85: 326 | D85: =D84+7 -> 41724 | E85: =D85+3 -> 41727 | F85: =D85+9 -> 41733 | G85: =D85+15 -> 41739 | H85: =D85+17 -> 41741 | I85: =D85+19 -> 41743
A86: HYUNDAI STRIDE | C86: 327 | D86: =D85+7 -> 41731 | E86: =D86+3 -> 41734 | F86: =D86+9 -> 41740 | G86: =D86+15 -> 41746 | H86: =D86+17 -> 41748 | I86: =D86+19 -> 41750
A87: LOS ANDES BRIDGE | C87: 1 | D87: =D86+7 -> 41738 | E87: =D87+3 -> 41741 | F87: =D87+9 -> 41747 | G87: =D87+15 -> 41753 | H87: =D87+17 -> 41755 | I87: =D87+19 -> 41757
A88: MERATUS JAYAPURA | C88: =C84+1 -> 1414 | D88: =D87+7 -> 41745 | E88: =D88+3 -> 41748 | F88: =D88+9 -> 41754 | G88: =D88+15 -> 41760 | H88: =D88+17 -> 41762 | I88: =D88+19 -> 41764
A89: HYUNDAI SPRINTER | C89: =C85+1 -> 327 | D89: =D88+7 -> 41752 | E89: =D89+3 -> 41755 | F89: =D89+9 -> 41761 | G89: =D89+15 -> 41767 | H89: =D89+17 -> 41769 | I89: =D89+19 -> 41771
A90: HYUNDAI STRIDE | C90: =C86+1 -> 328 | D90: =D89+7 -> 41759 | E90: =D90+3 -> 41762 | F90: =D90+9 -> 41768 | G90: =D90+15 -> 41774 | H90: =D90+17 -> 41776 | I90: =D90+19 -> 41778
A91: LOS ANDES BRIDGE | C91: =C87+1 -> 2 | D91: =D90+7 -> 41766 | E91: =D91+3 -> 41769 | F91: =D91+9 -> 41775 | G91: =D91+15 -> 41781 | H91: =D91+17 -> 41783 | I91: =D91+19 -> 41785
A92: MERATUS JAYAPURA | C92: =C88+1 -> 1415 | D92: 41777 | E92: =D92+3 -> 41780 | F92: =D92+12 -> 41789 | G92: =D92+18 -> 41795 | H92: =D92+20 -> 41797 | I92: =D92+22 -> 41799
A93: HYUNDAI SPRINTER | C93: =C89+1 -> 328 | D93: 41787 | E93: =D93+3 -> 41790 | F93: =D93+9 -> 41796 | G93: =D93+15 -> 41802 | H93: =D93+17 -> 41804 | I93: =D93+19 -> 41806
A94: HYUNDAI STRIDE | C94: =C90+1 -> 329 | D94: =D93+7 -> 41794 | E94: =D94+3 -> 41797 | F94: =D94+9 -> 41803 | G94: =D94+15 -> 41809 | H94: =D94+17 -> 41811 | I94: =D94+19 -> 41813
A95: LOS ANDES BRIDGE | C95: =C91+1 -> 3 | D95: =D94+7 -> 41801 | E95: =D95+3 -> 41804 | F95: =D95+9 -> 41810 | G95: =D95+15 -> 41816 | H95: =D95+17 -> 41818 | I95: =D95+19 -> 41820
A96: MERATUS JAYAPURA | C96: =C92+1 -> 1416 | D96: =D95+7 -> 41808 | E96: =D96+3 -> 41811 | F96: =D96+9 -> 41817 | G96: =D96+15 -> 41823 | H96: =D96+17 -> 41825 | I96: =D96+19 -> 41827
A97: SKIP HCM | D97: =D96+7 -> 41815 | E97: =D97+3 -> 41818 | F97: =D97+9 -> 41824 | G97: =D97+15 -> 41830 | H97: =D97+17 -> 41832 | I97: =D97+19 -> 41834
A98: HYUNDAI SPRINTER | C98: 329 | D98: =D97+7 -> 41822 | E98: =D98+3 -> 41825 | F98: =D98+9 -> 41831 | G98: =D98+15 -> 41837 | H98: =D98+17 -> 41839 | I98: =D98+19 -> 41841
A99: HYUNDAI STRIDE | C99: 330 | D99: =D98+7 -> 41829 | E99: =D99+3 -> 41832 | F99: =D99+9 -> 41838 | G99: =D99+15 -> 41844 | H99: =D99+17 -> 41846 | I99: =D99+19 -> 41848
A100: LOS ANDES BRIDGE | C100: 4 | D100: =D99+7 -> 41836 | E100: =D100+3 -> 41839 | F100: =D100+9 -> 41845 | G100: =D100+15 -> 41851 | H100: =D100+17 -> 41853 | I100: =D100+19 -> 41855
A101: MERATUS JAYAPURA | C101: 1417 | D101: =D100+7 -> 41843 | E101: =D101+3 -> 41846 | F101: =D101+9 -> 41852 | G101: =D101+15 -> 41858 | H101: =D101+17 -> 41860 | I101: =D101+19 -> 41862
A102: HYUNDAI SPRINTER | C102: =C98+1 -> 330 | D102: =D101+7 -> 41850 | E102: =D102+3 -> 41853 | F102: =D102+9 -> 41859 | G102: =D102+22 -> 41872 | H102: SKIP | I102: SKIP
A103: HYUNDAI STRIDE | C103: =C99+1 -> 331 | D103: =D102+7 -> 41857 | E103: =D103+3 -> 41860 | F103: SKIP | G103: =D103+22 -> 41879 | H103: SKIP | I103: SKIP
A105: TERMINAL:
A106: Laem Chabang: C3 or B5 (depend on occupancy)--LHIT: Laem Chabang International Terminal
A107: Lat Krabang and BMTP via Laem Chabang: transit by barge
A108: Hong Kong: | B108: HongKong International Terminal - HIT
A109: Shekou: | B109: Shekou Container Terminal - SCT
A110: Inchon: | B110: SUN KWANG INCHEON CONTAINER TERMINAL - SKT
A111: NSE DIRECT SERVICE : | D111: Ho Chi Minh-Laem Chabang (2) -Hong Kong (8) -Shekou (9) -Inchon (16)
A112: VESSEL | C112: VOY | D112: ETD HCM Wednesday | E112: LAEM CHABANG | F112: HONG KONG | G112: SHEKOU | H112: INCHON
E113: FRIDAY | F113: THURSDAY | G113: FRIDAY | H113: TUESDAY
E114: 2 days | F114: 8 days | G114: 9 days | H114: 16 days
A115: SPIRIT OF MANILA | C115: 1402 | D115: 41878 | E115: =D115+2 -> 41880 | F115: =D115+8 -> 41886 | G115: =D115+9 -> 41887 | H115: =D115+13 -> 41891
A116: Westerburg | C116: 1402 | D116: 41892 | E116: =D116+2 -> 41894 | F116: =D116+8 -> 41900 | G116: =D116+9 -> 41901 | H116: =D116+13 -> 41905
A117: MERATUS JAVA | C117: 1420 | D117: =D116+7 -> 41899 | E117: =D117+2 -> 41901 | F117: =D117+8 -> 41907 | G117: =D117+9 -> 41908 | H117: =D117+13 -> 41912
...

Sheet CONTACT LIST
C1: New SITC Container Lines Vietnam Co. Ltd
C2: The METT Building - Floor 16 - 15 Tran Bach Dang Street, Quarter 3, An Khanh Ward, Ho Chi Minh City
C3: Tel: +84-28-54047415 Fax: +84-28-54047420 Website: www.sitc.com
A6: For further information & booking inquiries, please contact :
A7: Name | B7: EXT | C7: Phone | D7: Email
A8: SALES AND MARKETING TEAM
A9: Mr. Quốc Bình | B9: 108 | C9: 0903.824.676 | D9: binh@sitc.vn
A10: Ms. Thuy Kieu - Lyna | B10: 112 | C10: 0974.272.499 | D10: lyna@sitc.vn
A11: Mr. Anh Khoa | B11: 109 | C11: 0906.434.738 | D11: sales.hcm@sitc.vn
A12: Mr. Đức Vinh | B12: 117 | C12: 0938.529.748 | D12: sales.hcm@sitc.vn
A13: Ms. Thanh Tiền - Dolly | B13: 149 | C13: 0984.546.268 | D13: mkt.hcm@sitc.vn | E13: Import sales
A14: BOOKING TEAM
A15: Ms. Tuyet - Suri | B15: 115 | C15: 0932.592.562 | D15: export2.hcm@sitc.vn
A16: Mr. Hoàng - Leo | B16: 181 | C16: 0868859316 | D16: export1.hcm@sitc.vn
A17: Ms. Quế Anh | B17: 155 | C17: 0765633378 | D17: export1.hcm@sitc.vn
A18: Ms. Tuyển - Tina | B18: 156 | C18: 0935.859.408 | D18: export1.hcm@sitc.vn
A19: Ms. Hiên - Sunmy | B19: 144 | C19: 0934.279.527 | D19: export2.hcm@sitc.vn
A20: DOCUMENT TEAM
A21: Ms. Thảo - Amber | B21: 154 | C21: 0934.363.382 | D21: export1.hcm@sitc.vn
A22: Phạm Tuyển – Ms. Tina | B22: 156 | C22: 0935859408 | D22: export1.hcm@sitc.vn
A23: Ms. Huyền - Iris | B23: 158 | C23: 0932.046.594 | D23: export1.hcm@sitc.vn
A24: Le Nhat Linh – Ms. Kylie | B24: 137 | C24: 0916.661.765 | D24: export2.hcm@sitc.vn
A25: Mr Thăng - Win | B25: 177 | C25: 0909.01.3900 | D25: export2.hcm@sitc.vn
A26: Mr Minh - STEVE | B26: 114 | C26: 0981698045 | D26: export2.hcm@sitc.vn
A27: Urgent case of Booking & Document
A28: Ms Xuyến - Emerald | C28: 0907.522.272 | D28: xuyenvk@sitc.vn
A29: Ms Phương - Kate | C29: 0978.168.828 | D29: phuongdtd@sitc.vn

Sheet TERMINAL
D1: New SITC Container Lines Vietnam Co. Ltd
D2: 20 FLOOR-Lim Tower 3- 29A Nguyen Dinh Chieu street, Dist. 1, Hochiminh City, Vietnam
D3: Tel: +84-28-54047415 Fax: +84-28-54047420 Website: www.sitc.com
B5: 1. JTV1 DIRECT SERVICE: HO CHI MINH(TCTT (VNCMP) - Tokyo-Shimizu- Yokohama- Tokyo- Pusan
B6: PORT | C6: TERMINAL
B7: VUNGTAU | C7: VUNG TAU/TCTT (VNCMP)
B8: TOKYO | D8: OHI NO.3-4 TERMINAL (TICT MOL)
B9: SHIMIZU | D9: Shimizu terminal
B10: YOKOHAMA | D10: MINAMI HONMOKU MC-1 2 3
B13: 2. JTV2 DIRECT SERVICE: HO CHI MINH(CATLAI) - Osaka-Kobe- Yokkaichi- Nagoya
B14: PORT | C14: TERMINAL
B15: HOCHIMINH | C15: CATLAI PORT
B16: OSAKA | D16: NANKO No.8 C-8
B17: KOBE | D17: KICT PORT ISLAND (C-15 16 17)
B18: YOKKAICHI | D18: Yokkaichi terminal
B19: NAGOYA | D19: NAGOYA CONTAINER BERTH
B22: 3. VTX1N DIRECT SERVICE: HOCHIMINH- NINGBO -SHANGHAI- SAKAISENBOKU -OSAKA-KOBE-PUSAN
B23: PORT | C23: TERMINAL
B24: HOCHIMINH | C24: CATLAI PORT
B25: NINGBO | C25: NCM | D25: NCM (daxie terminal)
B26: SHANGHAI | C26: WGQ # 1 | D26: WAIGAO QIAO 1
B27: SAKAISENBOKU | D27: SUKEMATSU NO.8
B28: OSAKA | D28: YUMESHIMA C 10-12
B29: KOBE | D29: PC 14 TERMINAL
B30: PUSAN | D30: DONGPU CONTAINER TERMINAL
B33: 4. VTX2N DIRECT SERVICE: HOCHIMINH-NINGBO-SHANGHAI-NAGOYA-TOKYO-YOKOHAMA
B34: PORT | C34: TERMINAL
B35: HOCHIMINH | C35: CATLAI PORT
B36: NINGBO | C36: NB3 | D36: NB3(NINGBO BEILUN INTERNATIONAL CONTAINER TERMINAL PH3)
B37: SHANGHAI | C37: WGQ # 4 | D37: SHANGHAI WAIGAO QIAO #4 (SHANGHAI EAST CONTAINER TERMINAL)
B38: NAGOYA | D38: TOBISHIMA FUTO KITA CONTAINER TERMINAL
B39: TOKYO | D39: AOMI A-3 TERMINAL
B40: YOKOHAMA | D40: HOMOKU A-5
B43: 5. VTX3N DIRECT SERVICE: HOCHIMINH- XIAMEN - NAGOYA -TOKYO- KAWASAKI -YOKOHAMA
B44: PORT | C44: TERMINAL
B45: HOCHIMINH | C45: CATLAI PORT
B46: XIAMEN | D46: HCT - HAITIAN TERMINAL
B47: NAGOYA | D47: Nabeta Container terminal
B48: TOKYO | D48: Aomi A-3
B49: KAWASAKI | D49: Kawasaki Port Container Terminal
B50: YOKOHAMA | D50: Minami Honomoku Terminal MC 1/2
B53: 7. CKI DIRECT SERVICE: HO CHI MINH - SHANGHAI - PUSAN - KWANGYANG
B54: PORT | C54: TERMINAL
B55: HOCHIMINH | C55: CATLAI PORT
B56: SHANGHAI | C56: WGQ # 5 | D56: Wai Gao Qiao phase 5
B57: PUSAN | C57: HBT | D57: HUTCHISON BUSAN CONTAINER TERMINAL
B58: KWANGYANG | D58: SMGT(SM line terminal)
B61: 9. CMI DIRECT SERVICE: HOCHIMINH- JAKARTA - SEMARANG- MAKASSAR - BATANGAS
B62: PORT | C62: TERMINAL
B63: HOCHIMINH | C63: CATLAI PORT
B64: JAKARTA | C64: JICT | D64: JIC Terminal
B65: SEMARANG | C65: TPKS | D65: Terminal Petikemas Semarang
B66: MAKASSAR | C66: TPM | D66: Terminal Petikemas Makassar
B67: BATANGAS | D67: BATANGAS CONTAINER TERMINAL
B70: 10. VTX1S/VTX2S/CKV2 DIRECT SERVICE: HOCHIMINH-SIHANOUKVILLE-BANGKOK-LAEM CHABANG
B71: PORT | C71: TERMINAL
B72: HOCHIMINH | C72: CATLAI PORT
B73: SIHANOUKVILLE | D73: SIHANOUKVILLE TERNINAL
B74: BANGKOK | D74: PAT
B75: LAEM CHABANG | C75: LCIT | D75: Laem Chabang International Terminal (C3 or C5 occupancy)
B76: LAEM CHABANG | D76: Kerry (CKV2 only)
B79: 11. VTX3S DIRECT SERVICE: HO CHI MINH - BANGKOK - LAEM CHABANG
B80: PORT | C80: TERMINAL
B81: HOCHIMINH | C81: CATLAI PORT
B82: BANGKOK | D82: SAHATHAI TERMINAL
B83: LAEM CHABANG | C83: LCIT | D83: Laem Chabang International Terminal

Sheet Transship Service (Shanghai)
A1: SITC Conatiner Lines Co., Ltd Branch Tariff for CRD Import and Outport | L1: Latest update
A2: Port Name | C2: Terminal operator (Company Name) | D2: Terminal Address | E2: ETD Shanghai | L2: Frequency (per week) | M2: Transit Time (Day) Subject to Custom clearance | N2: Crane Capacity (Ton)
E3: Mon | F3: Tue | G3: Wed | H3: Thu | I3: Fri | J3: Sat | K3: Sun
A4: Taicang | B4: 太倉 | C4: Suzhou Modern Terminals Co.Ltd 苏州现代货箱码头有限公司 | D4: No.1, East Tonggang Road, Fuqiao Town, Taicang 太仓市浮桥镇通港东路1号 | G4: Yes | J4: Yes | L4: 2 | M4: 1~2 | N4: 40T
A5: Nantong | B5: 南通 | C5: Nantong Port Container Terminal Co.Ltd 南通集装箱码头 | D5: No.259, Mid Yangtze River Road, Nantong 江苏省南通市长江中路259号 | E5: Yes | F5: Yes | G5: Yes | H5: Yes | I5: Yes | L5: 5 | M5: 2~3 | N5: 40T
A6: Zhangjiagang | B6: 張家港 | C6: Win Hanverky Container Terminal Co.Ltd 永嘉码头 | D6: Bottom Jianghai Road, Jingang Town 金港镇江海北路底 | E6: Yes | F6: Yes | G6: Yes | H6: Yes | I6: Yes | L6: 5 | M6: 2~3 | N6: 40T
A7: Changshu | B7: 常熟 | C7: Grand China Container Terminal Co.Ltd 新华码头 | D7: No.1, Road No.1 of Port District, Changshu 常熟港区一路1号 | G7: Yes | I7: Yes | L7: 2 | M7: 2~3 | N7: 40T
A8: Jiangyin | B8: 江陰 | C8: Jiangyin Sunan Container Terminal Co.Ltd 江阴苏南国际集装箱码头 | D8: Lingang Avenue, Lingang New City, Jiangyin 江阴临港新城新港大道 | F8: Yes | H8: Yes | I8: Yes | L8: 3 | M8: 2~3 | N8: 40T
A9: Zhenjiang | B9: 鎮江 | C9: Dagang Terminal Co.Ltd 大港码头 | D9: Dagang New District, Zhenjiang 镇江大港新区 | F9: Yes | H9: Yes | I9: Yes | J9: Yes | L9: 4 | M9: 3~4 | N9: 40T
A10: Changzhou | B10: 常州 | C10: Changzhou Lu'anzhou Terminal Co.Ltd 常州录安州码头 | D10: Lu'anzhou Avenue, Changzhou 常州市录安州大道 | F10: Yes | G10: Yes | I10: Yes | L10: 3 | M10: 2~3 | N10: 40T
A11: Yangzhou | B11: 揚州 | C11: Yangzhou Ocean Terminal Co.Ltd 扬州远洋码头 | D11: No.10, South Yangtze Jiang Road, Yangzhou 扬州市扬子江南路10号 | E11: Yes | F11: Yes | G11: Yes | H11: Yes | I11: Yes | L11: 5 | M11: 3~4 | N11: 40T
A12: Nanjing | B12: 南京 | C12: Longtan Terminal Co.Ltd 龙潭码头 | D12: No.1-2, Longtan Logistics Park, Qixia District, Nanjing 南京市栖霞区龙潭物流园区1-2号 | E12: Yes | F12: Yes | G12: Yes | H12: Yes | I12: Yes | L12: 5 | M12: 3~4 | N12: 40T
A13: Hefei | B13: 合肥 | C13: Anhui Hefei International Container Terminal Co.Ltd 安徽合肥港国际集装箱码头有限公司 | D13: No.1888, East Fanhua Avenue, Baohe Industrial Zone, Hefei 合肥市包河工业区繁华大道东段1888号 | F13: Yes | I13: Yes | L13: 2 | M13: 5~6 | N13: 40T
A14: Maanshan | B14: 馬鞍山 | C14: Tianshun Terminal Co.Ltd 天顺码头 | D14: No.1299, Middel Yanjiang Avenue, Jinjiazhuang District, Ma'anshan 马鞍山市金家庄区延江大道中段1299号 | E14: yes | G14: yes | I14: Yes | L14: 3 | M14: 3~4 | N14: 30T
A15: Wuhu | B15: 蕪湖 | C15: Zhu Jia Qiao Terminal Co.Ltd 朱家桥码头 | D15: Zhu Jia Qiao Trading Termina, Gangyi Road, Wuhu 芜湖市港一路朱家桥外贸码头 | E15: Yes | H15: yes | J15: yes | L15: 3 | M15: 4 | N15: 40T
A16: Anqing | B16: 安慶 | C16: Anqing Sailing Terminal Co.Ltd 安庆远航码头 | D16: No.11, Guangjiyu Road, Anqing 安庆市广济圩路11号 | G16: Yes | I16: Yes | L16: 2 | M16: 3~4 | N16: 40T
A17: Chizhou | B17: 池州 | C17: Chizhou Yuanhang Terminal Co.Ltd 池州远航码头 | D17: No.8, Yanjiang Avenue, Chizhou Economic Development Zone 池州经济开发区沿江大道8号 | G17: Yes | I17: Yes | L17: 2 | M17: 3~4 | N17: 40T
A18: Tongling | B18: 銅陵 | C18: Tonglin Changjiang Trading Terminal Co.Ltd 铜陵长江外贸码头 | D18: Henggang, Tongling 铜陵市横港 | G18: Yes | I18: Yes | L18: 2 | M18: 3~4 | N18: 40T
A19: Jiujiang | B19: 九江 | C19: Jiujiang Terminal Co.Ltd 九江港 | D19: No.1, Bingang Road, Gangcheng Avenue, Xigang District, Jiujiang 九江市城西港区港城大道68号滨港路1号 | G19: Yes | J19: Yes | L19: 1~2 | M19: 4 | N19: 40T
A20: Huangshi | B20: 黄石 | C20: Huangshi Terminal Co.Ltd 黄石港 | D20: No.7, Jiaotong Road, Huangshi, Hubei 湖北省黄石市交通路7号 | I20: Yes | L20: 1 | M20: 6 | N20: 25T
A21: Nanchang | B21: 南昌 | C21: Nanchang Terminal Co.Ltd 南昌港 | D21: Baishuihu Industrial Park, Nanchang Economic Development Zone 南昌市经济技术开发区白水湖工业园 | F21: Yes | G21: Yes | L21: 1~2 | M21: 10~11 | N21: 32T
A22: Wuhan | B22: 武漢 | C22: First/Second Phase of Yangluo Terminal Co.Ltd 阳逻港Ⅰ期/Ⅱ期 | D22: No.8 & No.9, Pingjiang Road, Yangluo Development Zone, Wuhan 武汉阳逻开发区平江路特8号/9号 | G22: Yes | H22: Yes | I22: Yes | J22: Yes | L22: 4~6 | M22: 6 | N22: 45T
A23: Changsha | B23: 長沙 | C23: Changsha Terminal Co.Ltd 长沙港 | D23: No.80, Xingang Road, Kaifu District, Changsha 长沙市开福区新港路80号 | H23: Yes | I23: Yes | J23: Yes | K23: Yes | L23: 4~6 | M23: 6~7 | N23: 35T
A24: Yueyang | B24: 岳陽 | C24: Yueyang New Terminal Co.Ltd 岳阳新港 | D24: Chenglingji New Port, Yongji Township, Yunxi District, Yueyang, Hunan 湖南省岳阳市云溪区永济乡城陵矶新港 | H24: Yes | I24: Yes | J24: Yes | K24: Yes | L24: 4~6 | M24: 7 | N24: 35T
A25: Yichang | B25: 宜昌 | C25: Yichang Terminal Co.Ltd 宜昌港 | D25: No.162, Yanjiang Avenue, Yichang 宜昌市沿江大道162号 | I25: Yes | L25: 1~2 | M25: 10 | N25: 40T
A26: Jingzhou | B26: 荆州 | C26: Jinzhou Terminal Co.Ltd 荆州港 | D26: No.6, Linjiang Road, Shashi District, Jinzhou 荆州市沙市区临江路6号 | I26: Yes | L26: 1~2 | M26: 7~8 | N26: 45T
A27: Chongqing | B27: 重慶 | C27: Cuntan Terminal Co.Ltd 寸滩码头 | D27: No.306, Haier Road, Jiangbei District, Chongqing 重庆江北区海尔路306号 | E27: yes | F27: yes | G27: yes | H27: Yes | I27: yes | J27: yes | K27: Yes | L27: 20 | M27: 10~12 | N27: 35T
A28: Luzhou | B28: 濾州 | C28: Luzhou Terminal Co.Ltd 泸州码头 | D28: Gaoba Industrial Park, Luzhou, Sichuan 四川省泸州市高坝工业园 | F28: yse | J28: yse | L28: 5 | M28: 11~13 | N28: 35T
A29: * It is necessary about 2.5days for Custom clearnace in Shanghai.
A31: ICD Name | C31: ICD Operator | D31: ICD Address | E31: ETD 2nd Transship port | L31: Frequency (per week) | M31: Transit Time (Day) Subject to Custom clearance | N31: Crane Capacity (Ton)
E32: Mon | F32: Tue | G32: Wed | H32: Thu | I32: Fri | J32: Sat | K32: Sun
A33: Chengdu By Train via SHA | B33: 成都 | C33: Szechwan Decheng Logistics Yard 四川德成物流堆场 | D33: Xiuchuan Road, Qingbaijiang Logistics Yard（inside Szechwan Logistics Yard, in front of Residences Station） 青白江物流园区绣川路（四川物流堆场内，城厢车站正对面） | E33: yes | G33: yes | I33: yes | L33: 3 | M33: 6 | N33: 30T
C34: Modern Logistics Co.Ltd, of China Railway No.8 Engineering Group 成都中铁八局现代物流 | D34: Modern Logistics Yard of China Railway No.8 Engineering Group（beside Residences Station） 中铁八局现代物流堆场（城厢车站旁） | E34: yes | G34: yes | I34: yes
A35: *The all kind of dangerous cargo are not acceptable to transport to Chengdu.
A36: REMARK:
A37: * The all dangerous cargo needs the approval of SITC Container Lines for loading it on the vessel.

Sheet DIRECT JAPAN
B2: DIRECT SERVICE TO JAPAN
A5: 1. VTV2 DIRECT SERVICE: HO CHI MINH(CAT LAI) - Nagoya- Tokyo- Yokohama
A6: VESSEL | B6: VOY | C6: ETD HCM Tuesday | D6: NAGOYA | E6: TOKYO | F6: YOKOHAMA
D7: =CHOOSE(WEEKDAY(D12, 2), "MON", "TUE", "WED", "THU", "FRI", "SAT", "SUN") -> MON | E7: =CHOOSE(WEEKDAY(E12, 2), "MON", "TUE", "WED", "THU", "FRI", "SAT", "SUN") -> TUE | F7: =CHOOSE(WEEKDAY(F12, 2), "MON", "TUE", "WED", "THU", "FRI", "SAT", "SUN") -> WED
C8: =CHOOSE(WEEKDAY(C9, 2), "MON", "TUE", "WED", "THU", "FRI", "SAT", "SUN") -> SAT | D8: 10 DAYS | E8: 12 DAYS | F8: 13 DAYS
A9: ='VTX2.N (SAT)'!A10 -> SITC MINGDE | B9: ='VTX2.N (SAT)'!B10 -> 2623 | C9: ='VTX2.N (SAT)'!C9 -> 46333 | D9: ='VTX2.N (SAT)'!G9 -> 46342 | E9: ='VTX2.N (SAT)'!H9 -> 46343 | F9: ='VTX2.N (SAT)'!I9 -> 46344
A10: ='VTX2.N (SAT)'!A11 -> SUNRISE DRAGON | B10: ='VTX2.N (SAT)'!B11 -> 2627 | C10: ='VTX2.N (SAT)'!C10 -> 46340 | D10: ='VTX2.N (SAT)'!G10 -> 46349 | E10: ='VTX2.N (SAT)'!H10 -> 46350 | F10: ='VTX2.N (SAT)'!I10 -> 46351
A11: ='VTX2.N (SAT)'!A12 -> SITC WENDE | B11: ='VTX2.N (SAT)'!B12 -> 2625 | C11: ='VTX2.N (SAT)'!C11 -> 46347 | D11: ='VTX2.N (SAT)'!G11 -> 46356 | E11: ='VTX2.N (SAT)'!H11 -> 46357 | F11: ='VTX2.N (SAT)'!I11 -> 46358
A12: ='VTX2.N (SAT)'!A13 -> SITC RUIDE | B12: ='VTX2.N (SAT)'!B13 -> 2625 | C12: ='VTX2.N (SAT)'!C12 -> 46354 | D12: ='VTX2.N (SAT)'!G12 -> 46363 | E12: ='VTX2.N (SAT)'!H12 -> 46364 | F12: ='VTX2.N (SAT)'!I12 -> 46365
A13: ='VTX2.N (SAT)'!A14 -> 0 | B13: ='VTX2.N (SAT)'!B14 -> 0 | C13: ='VTX2.N (SAT)'!C13 -> 46361 | D13: ='VTX2.N (SAT)'!G13 -> 46370 | E13: ='VTX2.N (SAT)'!H13 -> 46371 | F13: ='VTX2.N (SAT)'!I13 -> 46372
C14: ='VTX2.N (SAT)'!C14 -> 46368 | D14: ='VTX2.N (SAT)'!G14 -> 46377 | E14: ='VTX2.N (SAT)'!H14 -> 46378 | F14: ='VTX2.N (SAT)'!I14 -> 46379
A16: 2. VTV3 DIRECT SERVICE: HO CHI MINH(CATLAI) - Nagoya- Tokyo- Kawasaki- Yokohama
A17: VESSEL | B17: VOY | C17: ETD HCM Sunday | D17: NAGOYA | E17: TOKYO | F17: KAWASAKI | G17: YOKOHAMA
D18: =CHOOSE(WEEKDAY(D22, 2), "MON", "TUE", "WED", "THU", "FRI", "SAT", "SUN") -> MON | E18: =CHOOSE(WEEKDAY(E20, 2), "MON", "TUE", "WED", "THU", "FRI", "SAT", "SUN") -> TUE | F18: - | G18: =CHOOSE(WEEKDAY(G20, 2), "MON", "TUE", "WED", "THU", "FRI", "SAT", "SUN") -> WED
C19: =CHOOSE(WEEKDAY(C20, 2), "MON", "TUE", "WED", "THU", "FRI", "SAT", "SUN") -> SUN | D19: 8 days | E19: 9 days | F19: - | G19: 10 days
A20: ='VTX3.N (SUN) & CVS2 (SAT)'!A9 -> SITC RENDE | B20: ='VTX3.N (SUN) & CVS2 (SAT)'!B9 -> 2623N | C20: ='VTX3.N (SUN) & CVS2 (SAT)'!C9 -> 46327 | D20: ='VTX3.N (SUN) & CVS2 (SAT)'!E9 -> SKIP | E20: ='VTX3.N (SUN) & CVS2 (SAT)'!F9 -> 46336 | F20: - | G20: ='VTX3.N (SUN) & CVS2 (SAT)'!G9 -> 46337
A21: ='VTX3.N (SUN) & CVS2 (SAT)'!A10 -> SITC CHANGDE | B21: ='VTX3.N (SUN) & CVS2 (SAT)'!B10 -> 2623N | C21: ='VTX3.N (SUN) & CVS2 (SAT)'!C10 -> 46334 | D21: ='VTX3.N (SUN) & CVS2 (SAT)'!E10 -> 46342 | E21: ='VTX3.N (SUN) & CVS2 (SAT)'!F10 -> 46343 | F21: - | G21: ='VTX3.N (SUN) & CVS2 (SAT)'!G10 -> 46344
A22: ='VTX3.N (SUN) & CVS2 (SAT)'!A11 -> SITC FUJIAN | B22: ='VTX3.N (SUN) & CVS2 (SAT)'!B11 -> 2627 | C22: ='VTX3.N (SUN) & CVS2 (SAT)'!C11 -> 46341 | D22: ='VTX3.N (SUN) & CVS2 (SAT)'!E11 -> 46349 | E22: ='VTX3.N (SUN) & CVS2 (SAT)'!F11 -> 46350 | F22: - | G22: ='VTX3.N (SUN) & CVS2 (SAT)'!G11 -> 46351
A23: ='VTX3.N (SUN) & CVS2 (SAT)'!A12 -> SITC SHENGDE | B23: ='VTX3.N (SUN) & CVS2 (SAT)'!B12 -> 2625 | C23: ='VTX3.N (SUN) & CVS2 (SAT)'!C12 -> 46348 | D23: ='VTX3.N (SUN) & CVS2 (SAT)'!E12 -> 46356 | E23: ='VTX3.N (SUN) & CVS2 (SAT)'!F12 -> 46357 | F23: - | G23: ='VTX3.N (SUN) & CVS2 (SAT)'!G12 -> 46358
A24: ='VTX3.N (SUN) & CVS2 (SAT)'!A13 -> SITC RENDE | B24: ='VTX3.N (SUN) & CVS2 (SAT)'!B13 -> 2625 | C24: ='VTX3.N (SUN) & CVS2 (SAT)'!C13 -> 46355 | D24: ='VTX3.N (SUN) & CVS2 (SAT)'!E13 -> 46363 | E24: ='VTX3.N (SUN) & CVS2 (SAT)'!F13 -> 46364 | F24: - | G24: ='VTX3.N (SUN) & CVS2 (SAT)'!G13 -> 46365
A25: ='VTX3.N (SUN) & CVS2 (SAT)'!A14 -> SITC CHANGDE | B25: ='VTX3.N (SUN) & CVS2 (SAT)'!B14 -> 2625 | C25: ='VTX3.N (SUN) & CVS2 (SAT)'!C14 -> 46362 | D25: ='VTX3.N (SUN) & CVS2 (SAT)'!E14 -> 46370 | E25: ='VTX3.N (SUN) & CVS2 (SAT)'!F14 -> 46371 | F25: - | G25: ='VTX3.N (SUN) & CVS2 (SAT)'!G14 -> 46372
A27: 3. VTV5 DIRECT SERVICE: HO CHI MINH(CATLAI) - Hakata - Osaka - Kobe
A28: VESSEL | B28: VOY | C28: ETD HCM | D28: HAKATA | E28: OSAKA | F28: KOBE
D29: =CHOOSE(WEEKDAY(D31, 2), "MON", "TUE", "WED", "THU", "FRI", "SAT", "SUN") -> WED | E29: =CHOOSE(WEEKDAY(E31, 2), "MON", "TUE", "WED", "THU", "FRI", "SAT", "SUN") -> THU | F29: =CHOOSE(WEEKDAY(F31, 2), "MON", "TUE", "WED", "THU", "FRI", "SAT", "SUN") -> FRI
C30: =CHOOSE(WEEKDAY(C31, 2), "MON", "TUE", "WED", "THU", "FRI", "SAT", "SUN") -> WED | D30: 7 days | E30: 8 days | F30: 9 days
A31: ='VTX5.N (WED)'!A9 -> SITC JIADE | B31: ='VTX5.N (WED)'!B9 -> 2623N | C31: ='VTX5.N (WED)'!C9 -> 46330 | D31: ='VTX5.N (WED)'!E9 -> 46337 | E31: ='VTX5.N (WED)'!F9 -> 46338 | F31: ='VTX5.N (WED)'!G9 -> 46339
A32: ='VTX5.N (WED)'!A10 -> ZHONG GU NAN HAI | B32: ='VTX5.N (WED)'!B10 -> 2643 | C32: ='VTX5.N (WED)'!C10 -> 46337 | D32: ='VTX5.N (WED)'!E10 -> 46344 | E32: ='VTX5.N (WED)'!F10 -> 46345 | F32: ='VTX5.N (WED)'!G10 -> 46346
A33: ='VTX5.N (WED)'!A11 -> SITC HAINAN | B33: ='VTX5.N (WED)'!B11 -> 2627 | C33: ='VTX5.N (WED)'!C11 -> 46344 | D33: ='VTX5.N (WED)'!E11 -> 46351 | E33: ='VTX5.N (WED)'!F11 -> 46352 | F33: ='VTX5.N (WED)'!G11 -> 46353
A34: ='VTX5.N (WED)'!A12 -> ASL TAIPEI | B34: ='VTX5.N (WED)'!B12 -> 2645 | C34: ='VTX5.N (WED)'!C12 -> 46351 | D34: ='VTX5.N (WED)'!E12 -> 46358 | E34: ='VTX5.N (WED)'!F12 -> 46359 | F34: ='VTX5.N (WED)'!G12 -> 46360
A35: ='VTX5.N (WED)'!A13 -> SITC JIADE | B35: ='VTX5.N (WED)'!B13 -> 2625 | C35: ='VTX5.N (WED)'!C13 -> 46358 | D35: ='VTX5.N (WED)'!E13 -> 46365 | E35: ='VTX5.N (WED)'!F13 -> 46366 | F35: ='VTX5.N (WED)'!G13 -> 46367
C36: ='VTX5.N (WED)'!C14 -> 46365 | D36: ='VTX5.N (WED)'!E14 -> 46372 | E36: ='VTX5.N (WED)'!F14 -> 46373 | F36: ='VTX5.N (WED)'!G14 -> 46374
A38: 4. CVS2 DIRECT SERVICE: HO CHI MINH(CATLAI) - OSAKA - KOBE
A39: VESSEL | B39: VOY | C39: ETD HCM | D39: OSAKA | E39: KOBE
D40: =CHOOSE(WEEKDAY(D42, 2), "MON", "TUE", "WED", "THU", "FRI", "SAT", "SUN") -> MON | E40: =CHOOSE(WEEKDAY(E42, 2), "MON", "TUE", "WED", "THU", "FRI", "SAT", "SUN") -> TUE
C41: =CHOOSE(WEEKDAY(C42, 2), "MON", "TUE", "WED", "THU", "FRI", "SAT", "SUN") -> SAT | D41: 10 days | E41: 10 days
A42: ='VTX3.N (SUN) & CVS2 (SAT)'!I9 -> HONG AN | B42: ='VTX3.N (SUN) & CVS2 (SAT)'!J9 -> 2626 | C42: ='VTX3.N (SUN) & CVS2 (SAT)'!K9 -> 46333 | D42: ='VTX3.N (SUN) & CVS2 (SAT)'!N9 -> 46342 | E42: ='VTX3.N (SUN) & CVS2 (SAT)'!O9 -> 46343
A43: ='VTX3.N (SUN) & CVS2 (SAT)'!I11 -> KOTA NAZAR | B43: ='VTX3.N (SUN) & CVS2 (SAT)'!J11 -> 2646 | C43: ='VTX3.N (SUN) & CVS2 (SAT)'!K10 -> 46340 | D43: ='VTX3.N (SUN) & CVS2 (SAT)'!N10 -> 46349 | E43: ='VTX3.N (SUN) & CVS2 (SAT)'!O10 -> 46350
A44: ='VTX3.N (SUN) & CVS2 (SAT)'!I12 -> HONG AN | B44: ='VTX3.N (SUN) & CVS2 (SAT)'!J12 -> 2628 | C44: ='VTX3.N (SUN) & CVS2 (SAT)'!K11 -> 46347 | D44: ='VTX3.N (SUN) & CVS2 (SAT)'!N11 -> 46356 | E44: ='VTX3.N (SUN) & CVS2 (SAT)'!O11 -> 46357
A45: ='VTX3.N (SUN) & CVS2 (SAT)'!I13 -> SITC MACAO | B45: ='VTX3.N (SUN) & CVS2 (SAT)'!J13 -> 2627 | C45: ='VTX3.N (SUN) & CVS2 (SAT)'!K12 -> 46354 | D45: ='VTX3.N (SUN) & CVS2 (SAT)'!N12 -> 46363 | E45: ='VTX3.N (SUN) & CVS2 (SAT)'!O12 -> 46364
C46: ='VTX3.N (SUN) & CVS2 (SAT)'!K13 -> 46361 | D46: ='VTX3.N (SUN) & CVS2 (SAT)'!N13 -> 46370 | E46: ='VTX3.N (SUN) & CVS2 (SAT)'!O13 -> 46371
A48: 5. VTV6 DIRECT SERVICE: HO CHI MINH(CATLAI) - Tokyo- Yokohama- Nagoya
A49: VESSEL | B49: VOY | C49: ETD HCM | D49: TOKYO | E49: YOKOHAMA | F49: KAWASAKI | G49: NAGOYA
D50: =CHOOSE(WEEKDAY(D52, 2), "MON", "TUE", "WED", "THU", "FRI", "SAT", "SUN") -> THU | E50: =CHOOSE(WEEKDAY(E52, 2), "MON", "TUE", "WED", "THU", "FRI", "SAT", "SUN") -> FRI | F50: =CHOOSE(WEEKDAY(F52, 2), "MON", "TUE", "WED", "THU", "FRI", "SAT", "SUN") -> #VALUE! | G50: =CHOOSE(WEEKDAY(G52, 2), "MON", "TUE", "WED", "THU", "FRI", "SAT", "SUN") -> SUN
C51: =CHOOSE(WEEKDAY(C52, 2), "MON", "TUE", "WED", "THU", "FRI", "SAT", "SUN") -> WED | D51: 8 days | E51: 9 days | F51: 9 days | G51: 10 days
A52: ='VTX6.N (WED) & VTX8.N (TUE)'!A9 -> SITC XIN | B52: ='VTX6.N (WED) & VTX8.N (TUE)'!B9 -> 2625N | C52: ='VTX6.N (WED) & VTX8.N (TUE)'!C9 -> 46330 | D52: ='VTX6.N (WED) & VTX8.N (TUE)'!E9 -> 46338 | E52: ='VTX6.N (WED) & VTX8.N (TUE)'!F9 -> 46339 | F52: ='VTX6.N (WED) & VTX8.N (TUE)'!G9 -> SKIP | G52: ='VTX6.N (WED) & VTX8.N (TUE)'!H9 -> 46341
A53: ='VTX6.N (WED) & VTX8.N (TUE)'!A10 -> SITC KEELUNG | B53: ='VTX6.N (WED) & VTX8.N (TUE)'!B10 -> 2625N | C53: ='VTX6.N (WED) & VTX8.N (TUE)'!C10 -> 46337 | D53: ='VTX6.N (WED) & VTX8.N (TUE)'!E10 -> 46345 | E53: ='VTX6.N (WED) & VTX8.N (TUE)'!F10 -> 46346 | F53: ='VTX6.N (WED) & VTX8.N (TUE)'!G10 -> 46347 | G53: ='VTX6.N (WED) & VTX8.N (TUE)'!H10 -> 46348
A54: ='VTX6.N (WED) & VTX8.N (TUE)'!A11 -> SITC KANTO | B54: ='VTX6.N (WED) & VTX8.N (TUE)'!B11 -> 2627N | C54: ='VTX6.N (WED) & VTX8.N (TUE)'!C11 -> 46344 | D54: ='VTX6.N (WED) & VTX8.N (TUE)'!E11 -> 46352 | E54: ='VTX6.N (WED) & VTX8.N (TUE)'!F11 -> 46353 | F54: ='VTX6.N (WED) & VTX8.N (TUE)'!G11 -> 46354 | G54: ='VTX6.N (WED) & VTX8.N (TUE)'!H11 -> 46355
A55: ='VTX6.N (WED) & VTX8.N (TUE)'!A12 -> SITC RUNDE | B55: ='VTX6.N (WED) & VTX8.N (TUE)'!B12 -> 2625N | C55: ='VTX6.N (WED) & VTX8.N (TUE)'!C12 -> 46351 | D55: ='VTX6.N (WED) & VTX8.N (TUE)'!E12 -> 46359 | E55: ='VTX6.N (WED) & VTX8.N (TUE)'!F12 -> 46360 | F55: ='VTX6.N (WED) & VTX8.N (TUE)'!G12 -> 46361 | G55: ='VTX6.N (WED) & VTX8.N (TUE)'!H12 -> 46362
A56: ='VTX6.N (WED) & VTX8.N (TUE)'!A13 -> SITC XIN | B56: ='VTX6.N (WED) & VTX8.N (TUE)'!B13 -> 2627N | C56: ='VTX6.N (WED) & VTX8.N (TUE)'!C13 -> 46358 | D56: ='VTX6.N (WED) & VTX8.N (TUE)'!E13 -> 46366 | E56: ='VTX6.N (WED) & VTX8.N (TUE)'!F13 -> 46367 | F56: ='VTX6.N (WED) & VTX8.N (TUE)'!G13 -> 46368 | G56: ='VTX6.N (WED) & VTX8.N (TUE)'!H13 -> 46369
C57: ='VTX6.N (WED) & VTX8.N (TUE)'!C14 -> 46365 | D57: ='VTX6.N (WED) & VTX8.N (TUE)'!E14 -> 46373 | E57: ='VTX6.N (WED) & VTX8.N (TUE)'!F14 -> 46374 | F57: ='VTX6.N (WED) & VTX8.N (TUE)'!G14 -> 46375 | G57: ='VTX6.N (WED) & VTX8.N (TUE)'!H14 -> 46376

Sheet DIRECT CHINA
B3: DIRECT SERVICE TO CHINA
A6: 1. VTX2 DIRECT SERVICE: HO CHI MINH (CAT LAI) - Ningbo - Shanghai
A7: VESSEL | B7: VOY | C7: ETD HCM | D7: NINGBO | E7: SHANGHAI
D8: =CHOOSE(WEEKDAY(D10, 2), "MON", "TUE", "WED", "THU", "FRI", "SAT", "SUN") -> THU | E8: =CHOOSE(WEEKDAY(E10, 2), "MON", "TUE", "WED", "THU", "FRI", "SAT", "SUN") -> SAT
C9: =CHOOSE(WEEKDAY(C10, 2), "MON", "TUE", "WED", "THU", "FRI", "SAT", "SUN") -> SAT | D9: 5 DAYS | E9: 7 DAYS
A10: ='VTX2.N (SAT)'!A9 -> SITC RUIDE | B10: ='VTX2.N (SAT)'!B9 -> 2623 | C10: ='VTX2.N (SAT)'!C9 -> 46333 | D10: =C10+5 -> 46338 | E10: =C10+7 -> 46340
A11: ='VTX2.N (SAT)'!A10 -> SITC MINGDE | B11: ='VTX2.N (SAT)'!B10 -> 2623 | C11: ='VTX2.N (SAT)'!C10 -> 46340 | D11: =C11+5 -> 46345 | E11: =C11+7 -> 46347
A12: ='VTX2.N (SAT)'!A11 -> SUNRISE DRAGON | B12: ='VTX2.N (SAT)'!B11 -> 2627 | C12: ='VTX2.N (SAT)'!C11 -> 46347 | D12: =C12+5 -> 46352 | E12: =C12+7 -> 46354
A13: ='VTX2.N (SAT)'!A12 -> SITC WENDE | B13: ='VTX2.N (SAT)'!B12 -> 2625 | C13: ='VTX2.N (SAT)'!C12 -> 46354 | D13: =C13+5 -> 46359 | E13: =C13+7 -> 46361
A14: ='VTX2.N (SAT)'!A13 -> SITC RUIDE | B14: ='VTX2.N (SAT)'!B13 -> 2625 | C14: ='VTX2.N (SAT)'!C13 -> 46361 | D14: =C14+5 -> 46366 | E14: =C14+7 -> 46368
A16: 2. CVS2 DIRECT SERVICE: HO CHI MINH (CAT LAI) - Taicang - Shanghai
A17: VESSEL | B17: VOY | C17: ETD HCM | D17: TAICANG | E17: SHANGHAI
D18: =CHOOSE(WEEKDAY(D20, 2), "MON", "TUE", "WED", "THU", "FRI", "SAT", "SUN") -> FRI | E18: =CHOOSE(WEEKDAY(E20, 2), "MON", "TUE", "WED", "THU", "FRI", "SAT", "SUN") -> SAT
C19: =CHOOSE(WEEKDAY(C20, 2), "MON", "TUE", "WED", "THU", "FRI", "SAT", "SUN") -> SAT | D19: 6 days | E19: 7 days
A20: ='VTX3.N (SUN) & CVS2 (SAT)'!I9 -> HONG AN | B20: ='VTX3.N (SUN) & CVS2 (SAT)'!J9 -> 2626 | C20: ='VTX3.N (SUN) & CVS2 (SAT)'!K9 -> 46333 | D20: =C20+6 -> 46339 | E20: =C20+7 -> 46340
A21: ='VTX3.N (SUN) & CVS2 (SAT)'!I10 -> SITC MACAO | B21: ='VTX3.N (SUN) & CVS2 (SAT)'!J10 -> 2625 | C21: ='VTX3.N (SUN) & CVS2 (SAT)'!K10 -> 46340 | D21: =C21+6 -> 46346 | E21: =C21+7 -> 46347
A22: ='VTX3.N (SUN) & CVS2 (SAT)'!I11 -> KOTA NAZAR | B22: ='VTX3.N (SUN) & CVS2 (SAT)'!J11 -> 2646 | C22: ='VTX3.N (SUN) & CVS2 (SAT)'!K11 -> 46347 | D22: =C22+6 -> 46353 | E22: =C22+7 -> 46354
A23: ='VTX3.N (SUN) & CVS2 (SAT)'!I12 -> HONG AN | B23: ='VTX3.N (SUN) & CVS2 (SAT)'!J12 -> 2628 | C23: ='VTX3.N (SUN) & CVS2 (SAT)'!K12 -> 46354 | D23: =C23+6 -> 46360 | E23: =C23+7 -> 46361
A24: ='VTX3.N (SUN) & CVS2 (SAT)'!I13 -> SITC MACAO | B24: ='VTX3.N (SUN) & CVS2 (SAT)'!J13 -> 2627 | C24: ='VTX3.N (SUN) & CVS2 (SAT)'!K13 -> 46361 | D24: =C24+6 -> 46367 | E24: =C24+7 -> 46368
C25: ='VTX3.N (SUN) & CVS2 (SAT)'!K14 -> 46368 | D25: =C25+6 -> 46374 | E25: =C25+7 -> 46375
A27: 3. CBX2 DIRECT SERVICE: HO CHI MINH(CAT LAI) Nansha-Xiamen- Tianjin- Qingdao
A28: VESSEL | B28: VOY | C28: ETD HCM Thu | D28: Nansha | E28: Xiamen | F28: Tianjin | G28: Qingdao
D29: SUN | E29: TUE | F29: SUN | G29: TUE
D30: 3 DAYS | E30: 5 DAYS | F30: 10 DAYS | G30: 12 DAYS
A31: ='CBX2.S (WED) & CBX2.N (THU)'!A9 -> SITC YUANMING | B31: ='CBX2.S (WED) & CBX2.N (THU)'!B9 -> 2616 | C31: ='CBX2.S (WED) & CBX2.N (THU)'!C9 -> 46330 | D31: =C31+3 -> 46333 | E31: =C31+5 -> 46335 | F31: =C31+10 -> 46340 | G31: =C31+12 -> 46342
A32: ='CBX2.S (WED) & CBX2.N (THU)'!A10 -> SITC HUIMING | B32: ='CBX2.S (WED) & CBX2.N (THU)'!B10 -> 2614 | C32: ='CBX2.S (WED) & CBX2.N (THU)'!C10 -> 46337 | D32: =C32+3 -> 46340 | E32: =C32+5 -> 46342 | F32: =C32+10 -> 46347 | G32: =C32+12 -> 46349
A33: ='CBX2.S (WED) & CBX2.N (THU)'!A11 -> SITC CHANGMING | B33: ='CBX2.S (WED) & CBX2.N (THU)'!B11 -> 2616 | C33: ='CBX2.S (WED) & CBX2.N (THU)'!C11 -> 46344 | D33: =C33+3 -> 46347 | E33: =C33+5 -> 46349 | F33: =C33+10 -> 46354 | G33: =C33+12 -> 46356
A34: ='CBX2.S (WED) & CBX2.N (THU)'!A12 -> SITC RUIMING | B34: ='CBX2.S (WED) & CBX2.N (THU)'!B12 -> 2618 | C34: ='CBX2.S (WED) & CBX2.N (THU)'!C12 -> 46351 | D34: =C34+3 -> 46354 | E34: =C34+5 -> 46356 | F34: =C34+10 -> 46361 | G34: =C34+12 -> 46363
A35: ='CBX2.S (WED) & CBX2.N (THU)'!A13 -> SITC SHENGMING | B35: ='CBX2.S (WED) & CBX2.N (THU)'!B13 -> 2616 | C35: ='CBX2.S (WED) & CBX2.N (THU)'!C13 -> 46358 | D35: =C35+3 -> 46361 | E35: =C35+5 -> 46363 | F35: =C35+10 -> 46368 | G35: =C35+12 -> 46370
A37: 4. VTX3N DIRECT SERVICE: HO CHI MINH(CATLAI) - Shekou
A38: VESSEL | B38: VOY | C38: ETD HCM SUN | D38: SHEKOU
D39: WED
D40: 3 days
A41: ='VTX3.N (SUN) & CVS2 (SAT)'!A9 -> SITC RENDE | B41: ='VTX3.N (SUN) & CVS2 (SAT)'!B9 -> 2623N | C41: ='VTX3.N (SUN) & CVS2 (SAT)'!C9 -> 46327 | D41: =C41+3 -> 46330
A42: ='VTX3.N (SUN) & CVS2 (SAT)'!A10 -> SITC CHANGDE | B42: ='VTX3.N (SUN) & CVS2 (SAT)'!B10 -> 2623N | C42: ='VTX3.N (SUN) & CVS2 (SAT)'!C10 -> 46334 | D42: =C42+3 -> 46337
A43: ='VTX3.N (SUN) & CVS2 (SAT)'!A11 -> SITC FUJIAN | B43: ='VTX3.N (SUN) & CVS2 (SAT)'!B11 -> 2627 | C43: ='VTX3.N (SUN) & CVS2 (SAT)'!C11 -> 46341 | D43: =C43+3 -> 46344
A44: ='VTX3.N (SUN) & CVS2 (SAT)'!A12 -> SITC SHENGDE | B44: ='VTX3.N (SUN) & CVS2 (SAT)'!B12 -> 2625 | C44: ='VTX3.N (SUN) & CVS2 (SAT)'!C12 -> 46348 | D44: =C44+3 -> 46351
A45: ='VTX3.N (SUN) & CVS2 (SAT)'!A13 -> SITC RENDE | B45: ='VTX3.N (SUN) & CVS2 (SAT)'!B13 -> 2625 | C45: ='VTX3.N (SUN) & CVS2 (SAT)'!C13 -> 46355 | D45: =C45+3 -> 46358
A47: 5. VTX6 DIRECT SERVICE: HO CHI MINH(CAT LAI) Shekou
A48: VESSEL | B48: VOY | C48: ETD HCM WED | D48: Shekou
D49: SAT
D50: 3 DAYS
A51: ='VTX6.N (WED) & VTX8.N (TUE)'!A9 -> SITC XIN | B51: ='VTX6.N (WED) & VTX8.N (TUE)'!B9 -> 2625N | C51: ='VTX6.N (WED) & VTX8.N (TUE)'!C9 -> 46330 | D51: =C51+3 -> 46333
A52: ='VTX6.N (WED) & VTX8.N (TUE)'!A10 -> SITC KEELUNG | B52: ='VTX6.N (WED) & VTX8.N (TUE)'!B10 -> 2625N | C52: ='VTX6.N (WED) & VTX8.N (TUE)'!C10 -> 46337 | D52: =C52+3 -> 46340
A53: ='VTX6.N (WED) & VTX8.N (TUE)'!A11 -> SITC KANTO | B53: ='VTX6.N (WED) & VTX8.N (TUE)'!B11 -> 2627N | C53: ='VTX6.N (WED) & VTX8.N (TUE)'!C11 -> 46344 | D53: =C53+3 -> 46347
A54: ='VTX6.N (WED) & VTX8.N (TUE)'!A12 -> SITC RUNDE | B54: ='VTX6.N (WED) & VTX8.N (TUE)'!B12 -> 2625N | C54: ='VTX6.N (WED) & VTX8.N (TUE)'!C12 -> 46351 | D54: =C54+3 -> 46354
A55: ='VTX6.N (WED) & VTX8.N (TUE)'!A13 -> SITC XIN | B55: ='VTX6.N (WED) & VTX8.N (TUE)'!B13 -> 2627N | C55: ='VTX6.N (WED) & VTX8.N (TUE)'!C13 -> 46358 | D55: =C55+3 -> 46361
A57: 6. VTX5 DIRECT SERVICE: HO CHI MINH(CAT LAI) Nansha-Lianyungang- Qingdao
A58: VESSEL | B58: VOY | C58: ETD HCM WED | D58: Nansha | E58: Lianyungang | F58: Qingdao
D59: SAT | E59: TUE | F59: WED
D60: 3 DAYS | E60: 12 DAYS | F60: 14 DAYS
A61: ='VTX5.N (WED)'!A9 -> SITC JIADE | B61: ='VTX5.N (WED)'!B9 -> 2623N | C61: ='VTX5.N (WED)'!C9 -> 46330 | D61: =C61+3 -> 46333 | E61: =C61+12 -> 46342 | F61: =C61+14 -> 46344
A62: ='VTX5.N (WED)'!A10 -> ZHONG GU NAN HAI | B62: ='VTX5.N (WED)'!B10 -> 2643 | C62: ='VTX5.N (WED)'!C10 -> 46337 | D62: =C62+3 -> 46340 | E62: =C62+12 -> 46349 | F62: =C62+14 -> 46351
A63: ='VTX5.N (WED)'!A11 -> SITC HAINAN | B63: ='VTX5.N (WED)'!B11 -> 2627 | C63: ='VTX5.N (WED)'!C11 -> 46344 | D63: =C63+3 -> 46347 | E63: =C63+12 -> 46356 | F63: =C63+14 -> 46358
A64: ='VTX5.N (WED)'!A12 -> ASL TAIPEI | B64: ='VTX5.N (WED)'!B12 -> 2645 | C64: ='VTX5.N (WED)'!C12 -> 46351 | D64: =C64+3 -> 46354 | E64: =C64+12 -> 46363 | F64: =C64+14 -> 46365
A65: ='VTX5.N (WED)'!A13 -> SITC JIADE | B65: ='VTX5.N (WED)'!B13 -> 2625 | C65: ='VTX5.N (WED)'!C13 -> 46358 | D65: =C65+3 -> 46361 | E65: =C65+12 -> 46370 | F65: =C65+14 -> 46372
A67: 7. VTX4 DIRECT SERVICE: HOCHIMINH -NANSHA- SHEKOU
A68: VESSEL | B68: VOY | C68: ETD HCM WED | D68: NANSHA | E68: SHEKOU
D69: FRI | E69: SAT
D70: 9 days | E70: 10 days
A71: SITC KEELUNG | B71: 2507N | C71: 45721 | D71: 45730 | E71: 45731
A72: SITC JIADE | B72: 2507N | C72: 45728 | D72: 45737 | E72: 45738
A73: PIYA BHUM | B73: 047N | C73: 45735 | D73: 45744 | E73: 45745
A74: SITC KEELUNG | B74: 2509N | C74: 45742 | D74: 45751 | E74: 45752
A75: SITC JIADE | B75: 2509N | C75: 45749 | D75: 45758 | E75: 45759
A77: 8. CVM2.N DIRECT SERVICE: HOCHIMINH (HIEP PHUOC) - QINZHOU - NANSHA - SHEKOU
A78: VESSEL | B78: VOY | C78: ETD HCM SAT | D78: QINZHOU | E78: NANSHA | F78: SHEKOU
D79: TUE | E79: FRI | F79: SUN
D80: 3 days | E80: 6 days | F80: 8 days
A81: GREEN PACIFIC | B81: 2517N | C81: 45815 | D81: SKIP | E81: =C81+6 -> 45821 | F81: =C81+8 -> 45823
A82: ORIENTAL BRIGHT | B82: 2522N | C82: =C81+7 -> 45822 | D82: =C82+3 -> 45825 | E82: =C82+6 -> 45828 | F82: =C82+8 -> 45830
A83: SITC INCHON | B83: 2516N | C83: =C82+7 -> 45829 | D83: =C83+3 -> 45832 | E83: =C83+6 -> 45835 | F83: =C83+8 -> 45837
A84: GREEN PACIFIC | B84: 2520N | C84: =C83+7 -> 45836 | D84: =C84+3 -> 45839 | E84: =C84+6 -> 45842 | F84: =C84+8 -> 45844
A85: ORIENTAL BRIGHT | B85: 2524N | C85: =C84+7 -> 45843 | D85: =C85+3 -> 45846 | E85: =C85+6 -> 45849 | F85: =C85+8 -> 45851

Sheet CAMBODIA & THAILAND
B1: New SITC Container Lines Vietnam Co. Ltd
B2: The METT Building - Floor 16 - 15 Tran Bach Dang Street, Quarter 3, An Khanh Ward, Ho Chi Minh City
B3: Tel: +84-28-54047415 Fax: +84-28-54047420 Website: www.sitc.com
A5: VTX1 (SAT): HOCHIMINH - SIHANOUKVILLE - LAEM CHABANG | I5: CKV2 (SUN): HOCHIMINH - SIHANOUKVILLE - LAEM CHABANG
A6: VESSEL | B6: VOY | C6: ETD HCM VTX1 | D6: SHV | E6: LCB | F6: LATKRABANG VIA LAEM CHABANG | G6: BMTP VIA LAEM CHABANG | I6: VESSEL | J6: VOY | K6: ETD HCM CKV2 | L6: SHV | M6: LCB | N6: LATKRABANG VIA LAEM CHABANG | O6: BMTP VIA LAEM CHABANG
C7: =CHOOSE(WEEKDAY(C8, 2), "MON", "TUE", "WED", "THU", "FRI", "SAT", "SUN") -> SAT | D7: 1-2 days | E7: 4-5 days | F7: 5-6 days | G7: 5-6 days | K7: =CHOOSE(WEEKDAY(K8, 2), "MON", "TUE", "WED", "THU", "FRI", "SAT", "SUN") -> SUN | L7: 1-2 days | M7: 4-5 days | N7: 5-6 days | O7: 5-6 days
A8: SITC SHANGHAI | B8: 2622S | C8: 46333 | D8: =C8+2 -> 46335 | E8: =C8+5 -> 46338 | F8: =E8+1 -> 46339 | G8: =F8 -> 46339 | I8: SITC ZHI | J8: 2622S | K8: 46327 | L8: =K8+2 -> 46329 | M8: =K8+5 -> 46332 | N8: =K8+6 -> 46333 | O8: =K8+6 -> 46333
A9: SITC SHANDONG | B9: 2624 | C9: =C8+7 -> 46340 | D9: =C9+2 -> 46342 | E9: =C9+5 -> 46345 | F9: =E9+1 -> 46346 | G9: =F9 -> 46346 | I9: SITC ZHEJIANG | J9: 2628 | K9: =K8+7 -> 46334 | L9: =K9+2 -> 46336 | M9: =K9+5 -> 46339 | N9: =K9+6 -> 46340 | O9: =K9+6 -> 46340
A10: SITC XINGDE | B10: 2624S | C10: =C9+7 -> 46347 | D10: =C10+2 -> 46349 | E10: =C10+5 -> 46352 | F10: =E10+1 -> 46353 | G10: =F10 -> 46353 | I10: SITC ZHENGDE | J10: 2622S | K10: =K9+7 -> 46341 | L10: =K10+2 -> 46343 | M10: =K10+5 -> 46346 | N10: =K10+6 -> 46347 | O10: =K10+6 -> 46347
A11: SITC SHUNDE | B11: 2626 | C11: =C10+7 -> 46354 | D11: =C11+2 -> 46356 | E11: =C11+5 -> 46359 | F11: =E11+1 -> 46360 | G11: =F11 -> 46360 | I11: SITC JIANGSU | J11: 2628 | K11: =K10+7 -> 46348 | L11: =K11+2 -> 46350 | M11: =K11+5 -> 46353 | N11: =K11+6 -> 46354 | O11: =K11+6 -> 46354
A12: SITC SHANGHAI | B12: 2624S | C12: =C11+7 -> 46361 | D12: =C12+2 -> 46363 | E12: =C12+5 -> 46366 | F12: =E12+1 -> 46367 | G12: =F12 -> 46367 | I12: SITC ZHI | J12: 2624S | K12: =K11+7 -> 46355 | L12: =K12+2 -> 46357 | M12: =K12+5 -> 46360 | N12: =K12+6 -> 46361 | O12: =K12+6 -> 46361
A13: SITC SHANDONG | B13: 2626 | C13: =C12+7 -> 46368 | D13: =C13+2 -> 46370 | E13: =C13+5 -> 46373 | F13: =E13+1 -> 46374 | G13: =F13 -> 46374 | I13: SITC ZHEJIANG | J13: 2630 | K13: =K12+7 -> 46362 | L13: =K13+2 -> 46364 | M13: =K13+5 -> 46367 | N13: =K13+6 -> 46368 | O13: =K13+6 -> 46368
A15: The closing time of VTX 1: (Sat) | I15: The closing time of CKV 2: (Sunday)
A16: ICD TANAMEXCO, ICD TRANSIMEX, NEW PORT: 17h00 on Thursday | I16: At New Port, ICD Tanamexco, ICD Transimex: 16h00 on Friday
A17: CAT LAI: 17h00 on Friday for Dry and Reefer | I17: At Cat Lai: 16h00 on Saturday.
A18: LIST OF TERMINALs: | I18: LIST OF TERMINALs:
A19: Sihanouk: SIHANOUKVILLE AUTONOMOUS PORT | I19: Sihanouk: SIHANOUKVILLE AUTONOMOUS PORT
A20: Laem Chabang: C3 or B5 (depend on occupancy)--LCIT: Laem Chabang International Terminal | I20: Laem Chabang: C3 or B5 (depend on occupancy)--LCIT: Laem Chabang International Terminal
A21: Laem Chabang: LCT - Laem Chabang International Terminal | I21: Laem Chabang: LCT - Laem Chabang International Terminal

Sheet JTI (THU)
C1: New SITC Container Lines Vietnam Co. Ltd
C2: The METT Building - Floor 16 - 15 Tran Bach Dang Street, Quarter 3, An Khanh Ward, Ho Chi Minh City
C3: Tel: +84-28-54047415 Fax: +84-28-54047420 Website: www.sitc.com
A5: JTI DIRECT SERVICE: HO CHI MINH (CAIMEP)-Tokyo- Yokohama-Shimizu- Nagoya -Osaka- Kobe
A6: VESSEL | B6: VOY | C6: CAI MEP (TCTT) | D6: TOKYO | E6: YOKOHAMA | F6: SHIMIZU | G6: NAGOYA | H6: OSAKA | I6: KOBE
D7: =CHOOSE(WEEKDAY(D9, 2), "MON", "TUE", "WED", "THU", "FRI", "SAT", "SUN") -> SAT | E7: =CHOOSE(WEEKDAY(E9, 2), "MON", "TUE", "WED", "THU", "FRI", "SAT", "SUN") -> SUN | F7: =CHOOSE(WEEKDAY(F10, 2), "MON", "TUE", "WED", "THU", "FRI", "SAT", "SUN") -> MON | G7: =CHOOSE(WEEKDAY(G9, 2), "MON", "TUE", "WED", "THU", "FRI", "SAT", "SUN") -> WED | H7: =CHOOSE(WEEKDAY(H9, 2), "MON", "TUE", "WED", "THU", "FRI", "SAT", "SUN") -> THU | I7: =CHOOSE(WEEKDAY(I9, 2), "MON", "TUE", "WED", "THU", "FRI", "SAT", "SUN") -> FRI
C8: =CHOOSE(WEEKDAY(C9, 2), "MON", "TUE", "WED", "THU", "FRI", "SAT", "SUN") -> THU | D8: 9 days | E8: 10 days | F8: 11 days | G8: 13 days | H8: 14 days | I8: 15 days
A9: NYK FUTAGO | B9: 0109E | C9: 46331 | D9: =C9+9 -> 46340 | E9: =C9+10 -> 46341 | F9: SKIP | G9: =C9+13 -> 46344 | H9: =C9+14 -> 46345 | I9: =C9+15 -> 46346
A10: NYK CONSTELLATION | B10: 0113E | C10: =C9+7 -> 46338 | D10: =C10+9 -> 46347 | E10: =C10+10 -> 46348 | F10: =C10+11 -> 46349 | G10: =C10+13 -> 46351 | H10: =C10+14 -> 46352 | I10: =C10+15 -> 46353
A11: TBA | C11: =C10+7 -> 46345 | D11: =C11+9 -> 46354 | E11: =C11+10 -> 46355 | F11: =C11+11 -> 46356 | G11: =C11+13 -> 46358 | H11: =C11+14 -> 46359 | I11: =C11+15 -> 46360
A12: TBA | C12: =C11+7 -> 46352 | D12: =C12+9 -> 46361 | E12: =C12+10 -> 46362 | F12: =C12+11 -> 46363 | G12: =C12+13 -> 46365 | H12: =C12+14 -> 46366 | I12: =C12+15 -> 46367
A13: TBA | C13: =C12+7 -> 46359 | D13: =C13+9 -> 46368 | E13: =C13+10 -> 46369 | F13: =C13+11 -> 46370 | G13: =C13+13 -> 46372 | H13: =C13+14 -> 46373 | I13: =C13+15 -> 46374
A14: TBA | C14: =C13+7 -> 46366 | D14: =C14+9 -> 46375 | E14: =C14+10 -> 46376 | F14: =C14+11 -> 46377 | G14: =C14+13 -> 46379 | H14: =C14+14 -> 46380 | I14: =C14+15 -> 46381
A15: * The schedule is subject to change with or without prior notice.
A16: *** Closing time ***
A17: At ICDs: 12h00 on Tuesday.
A18: At Cai Mep TCTT: 12h00 on Wednesday (for Dry and RF)
A19: <JTI> List of terminals:
A20: TYO: OHI CONTAINER TERMINAL NO.3/4
A21: YOK : MINAMI HONMOKU MC-1 2 3 4
A22: SMZ : SHIMIZU CONTAINER TERMINAL
A23: NGO: NCB CONTAINER TERMINAL
A24: OSA: NANKO NO.2 TERMINAL (OICT MOL)
A25: UKB: ROKKO ISLAND (C-4 5)

Sheet CBX2.S (WED) & CBX2.N (THU)
C1: New SITC Container Lines Vietnam Co. Ltd
C2: The METT Building - Floor 16 - 15 Tran Bach Dang Street, Quarter 3, An Khanh Ward, Ho Chi Minh City
C3: Tel: +84-28-54047415 Fax: +84-28-54047420 Website: www.sitc.com
A5: CBX2.S DIRECT SERVICE: | C5: HOCHIMINH (PHUOC AN) - PORT KLANG - CHATTOGRAM - PORT KLANG | H5: CBX2.N - DIRECT SERVICE: | J5: HOCHIMINH (PHUOC AN) -XIAMEN- INCHON - TIANJIN - QINGDAO
A6: VESSEL | B6: VOY | C6: ETD HCM | D6: PORT KLANG(N) | E6: CHATTOGRAM | F6: YANGON | H6: VESSEL | I6: VOY | J6: ETD HCM | K6: XIAMEN | L6: INCHON | M6: TIANJIN | N6: QINDAO
D7: =CHOOSE(WEEKDAY(D9, 2), "MON", "TUE", "WED", "THU", "FRI", "SAT", "SUN") -> SAT | E7: =CHOOSE(WEEKDAY(E9, 2), "MON", "TUE", "WED", "THU", "FRI", "SAT", "SUN") -> WED | F7: =CHOOSE(WEEKDAY(F9, 2), "MON", "TUE", "WED", "THU", "FRI", "SAT", "SUN") -> SUN | K7: =CHOOSE(WEEKDAY(K9, 2), "MON", "TUE", "WED", "THU", "FRI", "SAT", "SUN") -> MON | L7: =CHOOSE(WEEKDAY(L9, 2), "MON", "TUE", "WED", "THU", "FRI", "SAT", "SUN") -> THU | M7: =CHOOSE(WEEKDAY(M9, 2), "MON", "TUE", "WED", "THU", "FRI", "SAT", "SUN") -> SAT | N7: =CHOOSE(WEEKDAY(N9, 2), "MON", "TUE", "WED", "THU", "FRI", "SAT", "SUN") -> MON
C8: =CHOOSE(WEEKDAY(C9, 2), "MON", "TUE", "WED", "THU", "FRI", "SAT", "SUN") -> WED | D8: 3 days | E8: 7 days | F8: 11 days | J8: =CHOOSE(WEEKDAY(J9, 2), "MON", "TUE", "WED", "THU", "FRI", "SAT", "SUN") -> THU | K8: 4 days | L8: 7 days | M8: 09 days | N8: 11 days
A9: SITC YUANMING | B9: 2616 | C9: 46330 | D9: =C9+3 -> 46333 | E9: =C9+7 -> 46337 | F9: =C9+11 -> 46341 | H9: SITC RUIMING | I9: 2617 | J9: 46331 | K9: =J9+4 -> 46335 | L9: =J9+7 -> 46338 | M9: =J9+9 -> 46340 | N9: =J9+11 -> 46342
A10: SITC HUIMING | B10: 2614 | C10: =C9+7 -> 46337 | D10: =C10+3 -> 46340 | E10: =C10+7 -> 46344 | F10: =C10+11 -> 46348 | H10: SITC SHENGMING | I10: 2615 | J10: =J9+7 -> 46338 | K10: =J10+4 -> 46342 | L10: =J10+7 -> 46345 | M10: =J10+9 -> 46347 | N10: =J10+11 -> 46349
A11: SITC CHANGMING | B11: 2616 | C11: =C10+7 -> 46344 | D11: =C11+3 -> 46347 | E11: =C11+7 -> 46351 | F11: =C11+11 -> 46355 | H11: SITC QIUMING | I11: 2615 | J11: =J10+7 -> 46345 | K11: =J11+4 -> 46349 | L11: =J11+7 -> 46352 | M11: =J11+9 -> 46354 | N11: =J11+11 -> 46356
A12: SITC RUIMING | B12: 2618 | C12: =C11+7 -> 46351 | D12: =C12+3 -> 46354 | E12: =C12+7 -> 46358 | F12: =C12+11 -> 46362 | H12: SITC YUANMING | I12: 2617 | J12: =J11+7 -> 46352 | K12: =J12+4 -> 46356 | L12: =J12+7 -> 46359 | M12: =J12+9 -> 46361 | N12: =J12+11 -> 46363
A13: SITC SHENGMING | B13: 2616 | C13: =C12+7 -> 46358 | D13: =C13+3 -> 46361 | E13: =C13+7 -> 46365 | F13: =C13+11 -> 46369 | H13: SITC HUIMING | I13: 2615 | J13: =J12+7 -> 46359 | K13: =J13+4 -> 46363 | L13: =J13+7 -> 46366 | M13: =J13+9 -> 46368 | N13: =J13+11 -> 46370
A14: SITC QIUMING | B14: 2616 | C14: =C13+7 -> 46365 | D14: =C14+3 -> 46368 | E14: =C14+7 -> 46372 | F14: =C14+11 -> 46376 | H14: SITC CHANGMING | I14: 2617 | J14: =J13+7 -> 46366 | K14: =J14+4 -> 46370 | L14: =J14+7 -> 46373 | M14: =J14+9 -> 46375 | N14: =J14+11 -> 46377
A15: *** Closing time *** | H15: *** Closing time ***
A16: At Cat Lai / ICDs: 05h00 on Monday | H16: At Cat Lai / ICDs: 02h00 on Tuesday
A17: At ICD Tân Cảng Nhơn Trạch (RF): 12h00 on Monday | H17: At Phuoc An: 13h00 on Wednesday (for Dry and RF)
A18: At Phuoc An: 11h00 on Tuesday (for Dry and RF)
A19: TERMINAL'S NAME: | H19: TERMINAL'S NAME:
A20: PORT KLANG: KPM | H20: INCHON: SUNKWANG NEWPORT CONTAINER TERMINAL(SNT)
A21: CHATTOGRAM: CHITTAGONG PORT AUTHORITY | H21: TIANJIN: TIANJIN PORT CONTAINER TERMINAL CO., LTD (TPC)
A22: YANGON: MYANMAR INTERNATIONAL THILAWA TERMINAL (MITT) | H22: QINGDAO: QQCTU
H23: XIAMEN: HAITIAN CONTAINER TERMINAL

Sheet VTX2.N (SAT)
A1: 152693 | C1: New SITC Container Lines Vietnam Co. Ltd
C2: The METT Building - Floor 16 - 15 Tran Bach Dang Street, Quarter 3, An Khanh Ward, Ho Chi Minh City
C3: Tel: +84-28-54047415 Fax: +84-28-54047420 Website: www.sitc.com
A5: VTX2 DIRECT SERVICE: HOCHIMINH-NINGBO-SHANGHAI-NAGOYA-TOKYO-YOKOHAMA
A6: VESSEL | B6: VOY | C6: ETD HCM | D6: XIAMEN | E6: NINGBO | F6: SHANGHAI | G6: NAGOYA | H6: TOKYO | I6: YOKOHAMA
D7: SUNDAY | E7: =CHOOSE(WEEKDAY(E12, 2), "MON", "TUE", "WED", "THU", "FRI", "SAT", "SUN") -> THU | F7: =CHOOSE(WEEKDAY(F10, 2), "MON", "TUE", "WED", "THU", "FRI", "SAT", "SUN") -> SAT | G7: =CHOOSE(WEEKDAY(G11, 2), "MON", "TUE", "WED", "THU", "FRI", "SAT", "SUN") -> MON | H7: =CHOOSE(WEEKDAY(H11, 2), "MON", "TUE", "WED", "THU", "FRI", "SAT", "SUN") -> TUE | I7: =CHOOSE(WEEKDAY(I11, 2), "MON", "TUE", "WED", "THU", "FRI", "SAT", "SUN") -> WED
C8: =CHOOSE(WEEKDAY(K10, 2), "MON", "TUE", "WED", "THU", "FRI", "SAT", "SUN") -> SAT | D8: 5 DAYS | E8: 5 DAYS | F8: 7 DAYS | G8: 9 DAYS | H8: 10 DAYS | I8: 11 DAYS
A9: SITC RUIDE | B9: 2623 | C9: 46333 | D9: =C9+5 -> 46338 | E9: =C9+5 -> 46338 | F9: =C9+7 -> 46340 | G9: =C9+9 -> 46342 | H9: =C9+10 -> 46343 | I9: =C9+11 -> 46344 | J9: SKIP DA NANG
A10: SITC MINGDE | B10: 2623 | C10: =C9+7 -> 46340 | E10: =C10+5 -> 46345 | F10: =C10+7 -> 46347 | G10: =C10+9 -> 46349 | H10: =C10+10 -> 46350 | I10: =C10+11 -> 46351 | J10: SKIP DA NANG
A11: SUNRISE DRAGON | B11: 2627 | C11: =C10+7 -> 46347 | E11: =C11+5 -> 46352 | F11: =C11+7 -> 46354 | G11: =C11+9 -> 46356 | H11: =C11+10 -> 46357 | I11: =C11+11 -> 46358 | J11: SKIP DA NANG
A12: SITC WENDE | B12: 2625 | C12: =C11+7 -> 46354 | E12: =C12+5 -> 46359 | F12: =C12+7 -> 46361 | G12: =C12+9 -> 46363 | H12: =C12+10 -> 46364 | I12: =C12+11 -> 46365 | J12: SKIP DA NANG
A13: SITC RUIDE | B13: 2625 | C13: =C12+7 -> 46361 | E13: =C13+5 -> 46366 | F13: =C13+7 -> 46368 | G13: =C13+9 -> 46370 | H13: =C13+10 -> 46371 | I13: =C13+11 -> 46372 | J13: SKIP DA NANG
C14: =C13+7 -> 46368 | E14: =C14+5 -> 46373 | F14: =C14+7 -> 46375 | G14: =C14+9 -> 46377 | H14: =C14+10 -> 46378 | I14: =C14+11 -> 46379 | J14: SKIP DA NANG
A15: *** Closing time ***
A16: At ICDs: 17h00 on Thursday
A17: At ICD Tân Cảng Nhơn Trạch (REEFER): 20h00 on Thursday
A18: At Cat Lai: 17h00 on Friday for Dry and Reefer
A19: TERMINAL'S NAME:
A20: Ningbo: NINGBO DAXIE CONTAINER TERMINAL CO., LTD.(NCM)
A21: Shanghai: WAIGAO QIAO 4
A22: Nagoya: NAGOYA UNITED CONTAINER TERMINAL
A23: Tokyo: Y2 CONTAINER TERMINAL
A24: Yokohama: MINAMI HONMOKU CONTAINER TERMINAL

Sheet VTX3.N (SUN) & CVS2 (SAT)
C1: New SITC Container Lines Vietnam Co. Ltd
C2: The METT Building - Floor 16 - 15 Tran Bach Dang Street, Quarter 3, An Khanh Ward, Ho Chi Minh City
C3: Tel: +84-28-54047415 Fax: +84-28-54047420 Website: www.sitc.com
A5: VTX3.N DIRECT SERVICE: | C5: HOCHIMINH - SHEKOU - NAGOYA - TOKYO - YOKOHAMA | I5: CVS2 DIRECT SERVICE: | K5: HOCHIMINH - TAICANG - SHANGHAI - OSAKA - KOBE
A6: VESSEL | B6: VOY | C6: ETD HCM | D6: SHEKOU | E6: NAGOYA | F6: TOKYO | G6: YOKOHAMA | I6: VESSEL | J6: VOY | K6: ETD HCM | L6: TAICANG | M6: SHANGHAI | N6: OSAKA | O6: KOBE
D7: =CHOOSE(WEEKDAY(D10, 2), "MON", "TUE", "WED", "THU", "FRI", "SAT", "SUN") -> WED | E7: =CHOOSE(WEEKDAY(E11, 2), "MON", "TUE", "WED", "THU", "FRI", "SAT", "SUN") -> MON | F7: =CHOOSE(WEEKDAY(F9, 2), "MON", "TUE", "WED", "THU", "FRI", "SAT", "SUN") -> TUE | G7: =CHOOSE(WEEKDAY(G9, 2), "MON", "TUE", "WED", "THU", "FRI", "SAT", "SUN") -> WED | L7: =CHOOSE(WEEKDAY(L9, 2), "MON", "TUE", "WED", "THU", "FRI", "SAT", "SUN") -> FRI | M7: =CHOOSE(WEEKDAY(M9, 2), "MON", "TUE", "WED", "THU", "FRI", "SAT", "SUN") -> SAT | N7: =CHOOSE(WEEKDAY(N9, 2), "MON", "TUE", "WED", "THU", "FRI", "SAT", "SUN") -> MON | O7: =CHOOSE(WEEKDAY(O9, 2), "MON", "TUE", "WED", "THU", "FRI", "SAT", "SUN") -> TUE
C8: =CHOOSE(WEEKDAY(C9, 2), "MON", "TUE", "WED", "THU", "FRI", "SAT", "SUN") -> SUN | D8: 3 days | E8: 8 days | F8: 9 days | G8: 10 days | K8: =CHOOSE(WEEKDAY(K9, 2), "MON", "TUE", "WED", "THU", "FRI", "SAT", "SUN") -> SAT | L8: 6 days | M8: 7 days | N8: 9 days | O8: 10 days
A9: SITC RENDE | B9: 2623N | C9: 46327 | D9: =C9+3 -> 46330 | E9: SKIP | F9: =C9+9 -> 46336 | G9: =C9+10 -> 46337 | I9: HONG AN | J9: 2626 | K9: 46333 | L9: =K9+6 -> 46339 | M9: =K9+7 -> 46340 | N9: =K9+9 -> 46342 | O9: =K9+10 -> 46343
A10: SITC CHANGDE | B10: 2623N | C10: =C9+7 -> 46334 | D10: =C10+3 -> 46337 | E10: =C10+8 -> 46342 | F10: =C10+9 -> 46343 | G10: =C10+10 -> 46344 | I10: SITC MACAO | J10: 2625 | K10: =K9+7 -> 46340 | L10: =K10+6 -> 46346 | M10: =K10+7 -> 46347 | N10: =K10+9 -> 46349 | O10: =K10+10 -> 46350
A11: SITC FUJIAN | B11: 2627 | C11: =C10+7 -> 46341 | D11: =C11+3 -> 46344 | E11: =C11+8 -> 46349 | F11: =C11+9 -> 46350 | G11: =C11+10 -> 46351 | I11: KOTA NAZAR | J11: 2646 | K11: =K10+7 -> 46347 | L11: =K11+6 -> 46353 | M11: =K11+7 -> 46354 | N11: =K11+9 -> 46356 | O11: =K11+10 -> 46357
A12: SITC SHENGDE | B12: 2625 | C12: =C11+7 -> 46348 | D12: =C12+3 -> 46351 | E12: =C12+8 -> 46356 | F12: =C12+9 -> 46357 | G12: =C12+10 -> 46358 | I12: HONG AN | J12: 2628 | K12: =K11+7 -> 46354 | L12: =K12+6 -> 46360 | M12: =K12+7 -> 46361 | N12: =K12+9 -> 46363 | O12: =K12+10 -> 46364
A13: SITC RENDE | B13: 2625 | C13: =C12+7 -> 46355 | D13: =C13+3 -> 46358 | E13: =C13+8 -> 46363 | F13: =C13+9 -> 46364 | G13: =C13+10 -> 46365 | I13: SITC MACAO | J13: 2627 | K13: =K12+7 -> 46361 | L13: =K13+6 -> 46367 | M13: =K13+7 -> 46368 | N13: =K13+9 -> 46370 | O13: =K13+10 -> 46371
A14: SITC CHANGDE | B14: 2625 | C14: =C13+7 -> 46362 | D14: =C14+3 -> 46365 | E14: =C14+8 -> 46370 | F14: =C14+9 -> 46371 | G14: =C14+10 -> 46372 | I14: KOTA NAZAR | J14: 2649 | K14: =K13+7 -> 46368 | L14: =K14+6 -> 46374 | M14: =K14+7 -> 46375 | N14: =K14+9 -> 46377 | O14: =K14+10 -> 46378
A15: * The schedule is subject to change with or without prior notice. | I15: * The schedule is subject to change with or without prior notice.
A16: *** Closing time *** | I16: *** Closing time ***
A17: At ICDs: 17h00 on Friday | I17: At ICDs: 03h00 on Thursday
A18: At ICD Tân Cảng Nhơn Trạch (REEFER): 02h00 on Saturday | I18: At ICD Tân Cảng Nhơn Trạch (REEFER): 17h00 on Thursday
A19: At Cat Lai: 17h00 on Saturday for Dry and Reefer | I19: At Cat Lai: 03h00 on Friday (for Dry and RF)
A20: TERMINAL'S NAME: | I20: TERMINAL'S NAME:
A21: Nagoya: NAGOYA UNITED CONTAINER TERMINAL | I21: TAICANG: Taicang Port SP Zhenghe Container Terminal
A22: Tokyo: Y2 CONTAINER TERMINAL | I22: SHANGHAI: Wai Gao Qiao #1 Terminal
A23: Kawasaki: Kawasaki Port Container Terminal | I23: OSAKA: DICT (SJJ & SITC vessel)/Nanco 1/2 (SNL vessel)
A24: Yokohama: Minami Honomoku Terminal MC 1/2 | I24: KOBE: PC-13 (SITC vessel)/ PC-16~17 (SJJ vessel)/ PC-14(SNL vessel)
A25: SHEKOU: SHENZHEN MAWAN CONTAINER TERMINAL

Sheet VTX5.N (WED)
C1: New SITC Container Lines Vietnam Co. Ltd
C2: The METT Building - Floor 16 - 15 Tran Bach Dang Street, Quarter 3, An Khanh Ward, Ho Chi Minh City
C3: Tel: +84-28-54047415 Fax: +84-28-54047420 Website: www.sitc.com
A5: VTX5 DIRECT SERVICE : | C5: HOCHIMINH - NANSHA - HAKATA - OSAKA - KOBE - BUSAN - LIANYUNGANG - QINGDAO | L5: FEM3 DIRECT SERVICE : | N5: HOCHIMINH- SHEKOU -INCHON- QINGDAO
A6: VESSEL | B6: VOY | C6: ETD HCM | D6: NANSHA | E6: HAKATA | F6: OSAKA | G6: KOBE | H6: BUSAN | I6: LIANYUNGANG | J6: QINGDAO | L6: VESSEL | M6: VOY | N6: ETD HCM SUN | O6: SHEKOU | P6: INCHON | Q6: QINGDAO
D7: =CHOOSE(WEEKDAY(D10, 2), "MON", "TUE", "WED", "THU", "FRI", "SAT", "SUN") -> SAT | E7: =CHOOSE(WEEKDAY(E9, 2), "MON", "TUE", "WED", "THU", "FRI", "SAT", "SUN") -> WED | F7: =CHOOSE(WEEKDAY(F9, 2), "MON", "TUE", "WED", "THU", "FRI", "SAT", "SUN") -> THU | G7: =CHOOSE(WEEKDAY(G9, 2), "MON", "TUE", "WED", "THU", "FRI", "SAT", "SUN") -> FRI | H7: =CHOOSE(WEEKDAY(H9, 2), "MON", "TUE", "WED", "THU", "FRI", "SAT", "SUN") -> #VALUE! | I7: =CHOOSE(WEEKDAY(I9, 2), "MON", "TUE", "WED", "THU", "FRI", "SAT", "SUN") -> MON | J7: =CHOOSE(WEEKDAY(J9, 2), "MON", "TUE", "WED", "THU", "FRI", "SAT", "SUN") -> WED | O7: TUESDAY | P7: FRIDAY | Q7: FRIDAY
C8: =CHOOSE(WEEKDAY(C9, 2), "MON", "TUE", "WED", "THU", "FRI", "SAT", "SUN") -> WED | D8: 3 days | E8: 7 days | F8: 8 days | G8: 9 days | H8: 10days | I8: 12 days | J8: 14 days | O8: 4 days | P8: 8 days | Q8: 10 days
A9: SITC JIADE | B9: 2623N | C9: 46330 | D9: =C9+3 -> 46333 | E9: =C9+7 -> 46337 | F9: =C9+8 -> 46338 | G9: =C9+9 -> 46339 | H9: SKIP | I9: =C9+12 -> 46342 | J9: =C9+14 -> 46344 | N9: 45480 | O9: =N9+4 -> 45484 | P9: =N9+8 -> 45488 | Q9: =N9+10 -> 45490
A10: ZHONG GU NAN HAI | B10: 2643 | C10: =C9+7 -> 46337 | D10: =C10+3 -> 46340 | E10: =C10+7 -> 46344 | F10: =C10+8 -> 46345 | G10: =C10+9 -> 46346 | H10: SKIP | I10: =C10+12 -> 46349 | J10: =C10+14 -> 46351 | N10: =N9+7 -> 45487 | O10: =N10+4 -> 45491 | P10: =N10+8 -> 45495 | Q10: =N10+10 -> 45497
A11: SITC HAINAN | B11: 2627 | C11: =C10+7 -> 46344 | D11: =C11+3 -> 46347 | E11: =C11+7 -> 46351 | F11: =C11+8 -> 46352 | G11: =C11+9 -> 46353 | H11: SKIP | I11: =C11+12 -> 46356 | J11: =C11+14 -> 46358 | N11: =N10+7 -> 45494 | O11: =N11+4 -> 45498 | P11: =N11+8 -> 45502 | Q11: =N11+10 -> 45504
A12: ASL TAIPEI | B12: 2645 | C12: =C11+7 -> 46351 | D12: =C12+3 -> 46354 | E12: =C12+7 -> 46358 | F12: =C12+8 -> 46359 | G12: =C12+9 -> 46360 | H12: SKIP | I12: =C12+12 -> 46363 | J12: =C12+14 -> 46365 | N12: =N11+7 -> 45501 | O12: =N12+4 -> 45505 | P12: =N12+8 -> 45509 | Q12: =N12+10 -> 45511
A13: SITC JIADE | B13: 2625 | C13: =C12+7 -> 46358 | D13: =C13+3 -> 46361 | E13: =C13+7 -> 46365 | F13: =C13+8 -> 46366 | G13: =C13+9 -> 46367 | H13: SKIP | I13: =C13+12 -> 46370 | J13: =C13+14 -> 46372 | N13: =N12+7 -> 45508 | O13: =N13+4 -> 45512 | P13: =N13+8 -> 45516 | Q13: =N13+10 -> 45518
A14: ZHONG GU NAN HAI | B14: 2647 | C14: =C13+7 -> 46365 | D14: =C14+3 -> 46368 | E14: =C14+7 -> 46372 | F14: =C14+8 -> 46373 | G14: =C14+9 -> 46374 | H14: SKIP | I14: =C14+12 -> 46377 | J14: =C14+14 -> 46379
A15: *** Closing time *** | L15: ***Closing time of FEM3***
A16: At ICDs: 12h00 on Monday | L16: At ICDs: 15h00 on FRI.
A17: At ICD Tân Cảng Nhơn Trạch (RF): 02h00 on Tuesday | L17: At Cat Lai: 09h00 on SAT (for Dry and RF)
A18: At Cat Lai: 12h00 on Tuesday for Dry and RF | L18: At ICD Tân Cảng Nhơn Trạch (RF): 21h:00 on FRI
A19: TERMINAL'S NAME: | L19: TERMINAL:
A20: Nansha: NANSHA STEVEDORING CO., LTD OF GUANGZHOU PORT (NTT) | L20: SHEKOU: CHIWAN CONTAINER TERMINAL
A21: Hakata: ISLAND CITY CONTAINER TERMINAL | L21: INCHON: HANJIN NEW CONTAINER TERMINAL
A22: Osaka: DREAM ISLAND CONTAINER TERMINAL (DICT) | L22: QINGDAO: QQCTU
A23: Kobe: ROKKO C-3/4
A24: Lianyungang: PSA CONTAINER TERMINAL
A25: Qingdao: QQCTU

Sheet VTX6.N (WED) & VTX8.N (TUE)
C1: New SITC Container Lines Vietnam Co. Ltd
C2: The METT Building - Floor 16 - 15 Tran Bach Dang Street, Quarter 3, An Khanh Ward, Ho Chi Minh City
C3: Tel: +84-28-54047415 Fax: +84-28-54047420 Website: www.sitc.com
A5: VTX6 - DIRECT SERVICE: | C5: HOCHIMINH - SHEKOU - TOKYO - YOKOHAMA - KAWASAKI - NAGOYA | J5: VTX8 - DIRECT SERVICE: | L5: HOCHIMINH - XIAMEN - MOJI - OSAKA - KOBE - SHANGHAI
A6: VESSEL | B6: VOY | C6: ETD HCM | D6: SHEKOU | E6: TOKYO | F6: YOKOHAMA | G6: KAWASAKI | H6: NAGOYA | J6: VESSEL | K6: VOY | L6: ETD HCM | M6: XIAMEN | N6: MOJI | O6: OSAKA | P6: KOBE | Q6: SHANGHAI
D7: =CHOOSE(WEEKDAY(D13, 2), "MON", "TUE", "WED", "THU", "FRI", "SAT", "SUN") -> SAT | E7: =CHOOSE(WEEKDAY(E9, 2), "MON", "TUE", "WED", "THU", "FRI", "SAT", "SUN") -> THU | F7: =CHOOSE(WEEKDAY(F9, 2), "MON", "TUE", "WED", "THU", "FRI", "SAT", "SUN") -> FRI | G7: =CHOOSE(WEEKDAY(G10, 2), "MON", "TUE", "WED", "THU", "FRI", "SAT", "SUN") -> SAT | H7: =CHOOSE(WEEKDAY(H9, 2), "MON", "TUE", "WED", "THU", "FRI", "SAT", "SUN") -> SUN | M7: =CHOOSE(WEEKDAY(M9, 2), "MON", "TUE", "WED", "THU", "FRI", "SAT", "SUN") -> SAT | N7: =CHOOSE(WEEKDAY(N9, 2), "MON", "TUE", "WED", "THU", "FRI", "SAT", "SUN") -> WED | O7: =CHOOSE(WEEKDAY(O9, 2), "MON", "TUE", "WED", "THU", "FRI", "SAT", "SUN") -> THU | P7: =CHOOSE(WEEKDAY(P9, 2), "MON", "TUE", "WED", "THU", "FRI", "SAT", "SUN") -> FRI | Q7: =CHOOSE(WEEKDAY(Q9, 2), "MON", "TUE", "WED", "THU", "FRI", "SAT", "SUN") -> MON
C8: =CHOOSE(WEEKDAY(C9, 2), "MON", "TUE", "WED", "THU", "FRI", "SAT", "SUN") -> WED | D8: 3 days | E8: 8 days | F8: 9 days | G8: 10 days | H8: 11 days | L8: =CHOOSE(WEEKDAY(L9, 2), "MON", "TUE", "WED", "THU", "FRI", "SAT", "SUN") -> TUE | M8: 4 days | N8: 8 days | O8: 9 days | P8: 10 days | Q8: 13 days
A9: SITC XIN | B9: 2625N | C9: 46330 | D9: =C9+3 -> 46333 | E9: =C9+8 -> 46338 | F9: =C9+9 -> 46339 | G9: SKIP | H9: =C9+11 -> 46341 | J9: SKIP HCM | K9: 2621N | L9: 46329 | M9: =L9+4 -> 46333 | N9: =L9+8 -> 46337 | O9: =L9+9 -> 46338 | P9: =L9+10 -> 46339 | Q9: =L9+13 -> 46342
A10: SITC KEELUNG | B10: 2625N | C10: =C9+7 -> 46337 | D10: =C10+3 -> 46340 | E10: =C10+8 -> 46345 | F10: =C10+9 -> 46346 | G10: =C10+10 -> 46347 | H10: =C10+11 -> 46348 | J10: SITC HOCHIMINH | K10: 2623N | L10: =L9+7 -> 46336 | M10: =L10+4 -> 46340 | N10: =L10+8 -> 46344 | O10: =L10+9 -> 46345 | P10: =L10+10 -> 46346 | Q10: =L10+13 -> 46349
A11: SITC KANTO | B11: 2627N | C11: =C10+7 -> 46344 | D11: =C11+3 -> 46347 | E11: =C11+8 -> 46352 | F11: =C11+9 -> 46353 | G11: =C11+10 -> 46354 | H11: =C11+11 -> 46355 | J11: SITC DALIAN | K11: 2635N | L11: =L10+7 -> 46343 | M11: =L11+4 -> 46347 | N11: =L11+8 -> 46351 | O11: =L11+9 -> 46352 | P11: =L11+10 -> 46353 | Q11: =L11+13 -> 46356
A12: SITC RUNDE | B12: 2625N | C12: =C11+7 -> 46351 | D12: =C12+3 -> 46354 | E12: =C12+8 -> 46359 | F12: =C12+9 -> 46360 | G12: =C12+10 -> 46361 | H12: =C12+11 -> 46362 | J12: RENOWN | K12: 2639N | L12: =L11+7 -> 46350 | M12: =L12+4 -> 46354 | N12: =L12+8 -> 46358 | O12: =L12+9 -> 46359 | P12: =L12+10 -> 46360 | Q12: =L12+13 -> 46363
A13: SITC XIN | B13: 2627N | C13: =C12+7 -> 46358 | D13: =C13+3 -> 46361 | E13: =C13+8 -> 46366 | F13: =C13+9 -> 46367 | G13: =C13+10 -> 46368 | H13: =C13+11 -> 46369 | J13: RESURGENCE | K13: 2623N | L13: =L12+7 -> 46357 | M13: =L13+4 -> 46361 | N13: =L13+8 -> 46365 | O13: =L13+9 -> 46366 | P13: =L13+10 -> 46367 | Q13: =L13+13 -> 46370
A14: SITC KEELUNG | B14: 2627N | C14: =C13+7 -> 46365 | D14: =C14+3 -> 46368 | E14: =C14+8 -> 46373 | F14: =C14+9 -> 46374 | G14: =C14+10 -> 46375 | H14: =C14+11 -> 46376 | J14: SITC HOCHIMINH | K14: 2625N | L14: =L13+7 -> 46364 | M14: =L14+4 -> 46368 | N14: =L14+8 -> 46372 | O14: =L14+9 -> 46373 | P14: =L14+10 -> 46374 | Q14: =L14+13 -> 46377
A15: *** Closing time *** | J15: *** Closing time ***
A16: At ICDs: 13h00 on Monday | J16: At ICDs: 12h00 on Monday
A17: At CatLai: 13h00 on Tuesday (for Dry and RF) | J17: At CatLai: 12h00 on Tuesday (for Dry and RF)
A18: TERMINAL'S NAME: | J18: TERMINAL'S NAME:
A19: Shekou: SHENZHEN MAWAN CONTAINER TERMINAL | J19: Xiamen: HAITIAN CONTAINER TERMINAL (HCT)
A20: Tokyo: OHI CONTAINER TERMINAL NO.1/2 | J20: Moji: TACHINOURA CONTAINER CENTER NO.2
A21: Yokohama: MINAMI HONMOKU CONTAINER TERMINAL | J21: Osaka: NANKO C - 2/4 CONTAINER TERMINAL
A22: Kawasaki: KAWASAKI PORT CONTAINER TERMINAL | J22: Kobe: PID PC-13
A23: Nagoya: NAGOYA UNITED CONTAINER TERMINAL | J23: Shanghai: WGQ4

Sheet VTX4.N (SUN)
C1: New SITC Container Lines Vietnam Co. Ltd
C2: The METT Building - Floor 16 - 15 Tran Bach Dang Street, Quarter 3, An Khanh Ward, Ho Chi Minh City
C3: Tel: +84-28-54047415 Fax: +84-28-54047420 Website: www.sitc.com
A5: VTX4 - DIRECT SERVICE: | C5: HOCHIMINH (PHUOC AN) - BATANGAS - MANILA NORTH - NANSHA - SHEKOU
A6: VESSEL | B6: VOY | C6: ETD HCM | D6: BATANGAS | E6: NORTH MANILA | F6: NANSHA | G6: SHEKOU
D7: =CHOOSE(WEEKDAY(D9, 2), "MON", "TUE", "WED", "THU", "FRI", "SAT", "SUN") -> WED | E7: =CHOOSE(WEEKDAY(E9, 2), "MON", "TUE", "WED", "THU", "FRI", "SAT", "SUN") -> FRI | F7: =CHOOSE(WEEKDAY(F9, 2), "MON", "TUE", "WED", "THU", "FRI", "SAT", "SUN") -> TUE | G7: =CHOOSE(WEEKDAY(G9, 2), "MON", "TUE", "WED", "THU", "FRI", "SAT", "SUN") -> WED
C8: =CHOOSE(WEEKDAY(C9, 2), "MON", "TUE", "WED", "THU", "FRI", "SAT", "SUN") -> SUN | D8: 3 days | E8: 5 days | F8: 9 days | G8: 10 days
A9: SITC PYEONGTAEK | B9: 2639 | C9: 46327 | D9: =C9+3 -> 46330 | E9: =C9+5 -> 46332 | F9: =C9+9 -> 46336 | G9: =C9+10 -> 46337
A10: HF SPIRIT | B10: 2631 | C10: =C9+7 -> 46334 | D10: =C10+3 -> 46337 | E10: =C10+5 -> 46339 | F10: =C10+9 -> 46343 | G10: =C10+10 -> 46344
A11: HF WEALTH | B11: 2637 | C11: =C10+7 -> 46341 | D11: =C11+3 -> 46344 | E11: =C11+5 -> 46346 | F11: =C11+9 -> 46350 | G11: =C11+10 -> 46351
A12: SITC PYEONGTAEK | B12: 2641 | C12: =C11+7 -> 46348 | D12: =C12+3 -> 46351 | E12: =C12+5 -> 46353 | F12: =C12+9 -> 46357 | G12: =C12+10 -> 46358
A13: HF SPIRIT | B13: 2633 | C13: =C12+7 -> 46355 | D13: =C13+3 -> 46358 | E13: =C13+5 -> 46360 | F13: =C13+9 -> 46364 | G13: =C13+10 -> 46365
A14: HF WEALTH | B14: 2639 | C14: =C13+7 -> 46362 | D14: =C14+3 -> 46365 | E14: =C14+5 -> 46367 | F14: =C14+9 -> 46371 | G14: =C14+10 -> 46372
A15: *** Closing time ***
A16: At ICDs / Cat Lai: 06h00 on Friday
A17: At Phuoc An: 12h00 on Saturday (for Dry and RF)
A18: TERMINAL'S NAME
A19: Batangas: BATANGAS CONTAINER TERMINAL
A20: Manila North Harbour: MANILA INTERNATIONAL CONTAINER TERMIAL
A21: Nansha: NANSHA INTERNATIONAL CONTAINER TERMINAL
A22: Shekou: CHIWAN CONTAINER TERMINAL

Sheet CVM.S (THU) & CVM.N (SUN)
C1: New SITC Container Lines Vietnam Co. Ltd
C2: The METT Building - Floor 16 - 15 Tran Bach Dang Street, Quarter 3, An Khanh Ward, Ho Chi Minh City
C3: Tel: +84-28-54047415 Fax: +84-28-54047420 Website: www.sitc.com
A5: CVM.S - DIRECT SERVICE: | C5: HOCHIMINH (CAT LAI) - BATAM - KUCHING | G5: CVM.N - DIRECT SERVICE: | I5: HOCHIMINH (PHUOC AN) - QINZHOU - NANSHA - SHEKOU
A6: VESSEL | B6: VOY | C6: ETD HCM | D6: BATAM | E6: KUCHING | G6: VESSEL | H6: VOY | I6: ETD HCM | J6: QINZHOU | K6: NANSHA | L6: SHEKOU
D7: =CHOOSE(WEEKDAY(D9, 2), "MON", "TUE", "WED", "THU", "FRI", "SAT", "SUN") -> SUN | E7: =CHOOSE(WEEKDAY(E9, 2), "MON", "TUE", "WED", "THU", "FRI", "SAT", "SUN") -> WED | J7: =CHOOSE(WEEKDAY(J9, 2), "MON", "TUE", "WED", "THU", "FRI", "SAT", "SUN") -> WED | K7: =CHOOSE(WEEKDAY(K9, 2), "MON", "TUE", "WED", "THU", "FRI", "SAT", "SUN") -> FRI | L7: =CHOOSE(WEEKDAY(L9, 2), "MON", "TUE", "WED", "THU", "FRI", "SAT", "SUN") -> SAT
C8: =CHOOSE(WEEKDAY(C9, 2), "MON", "TUE", "WED", "THU", "FRI", "SAT", "SUN") -> THU | D8: 3 days | E8: 6 days | I8: =CHOOSE(WEEKDAY(I9, 2), "MON", "TUE", "WED", "THU", "FRI", "SAT", "SUN") -> SUN | J8: 3 days | K8: 5 days | L8: 6 days
A9: SITC HAKATA | B9: 2628 | C9: 46331 | D9: =C9+3 -> 46334 | E9: =C9+6 -> 46337 | G9: SITC RIZHAO | H9: 2629 | I9: 46327 | J9: =$I9+3 -> 46330 | K9: =$I9+5 -> 46332 | L9: =$I9+6 -> 46333
A10: SITC RIZHAO | B10: 2630 | C10: =C9+7 -> 46338 | D10: =C10+3 -> 46341 | E10: =C10+6 -> 46344 | G10: SKIP HCM | H10: 2631 | I10: =I9+7 -> 46334 | J10: =$I10+3 -> 46337 | K10: =$I10+5 -> 46339 | L10: =$I10+6 -> 46340
A11: ORIENTAL BRIGHT | B11: 2632 | C11: =C10+7 -> 46345 | D11: =C11+3 -> 46348 | E11: =C11+6 -> 46351 | G11: SKIP HCM | H11: 2629 | I11: =I10+7 -> 46341 | J11: =$I11+3 -> 46344 | K11: =$I11+5 -> 46346 | L11: =$I11+6 -> 46347
A12: SITC HAKATA | B12: 2630 | C12: =C11+7 -> 46352 | D12: =C12+3 -> 46355 | E12: =C12+6 -> 46358 | G12: SKIP HCM | H12: 2631 | I12: =I11+7 -> 46348 | J12: =$I12+3 -> 46351 | K12: =$I12+5 -> 46353 | L12: =$I12+6 -> 46354
A13: SITC RIZHAO | B13: 2632 | C13: =C12+7 -> 46359 | D13: =C13+3 -> 46362 | E13: =C13+6 -> 46365 | G13: SKIP HCM | H13: 2633 | I13: =I12+7 -> 46355 | J13: =$I13+3 -> 46358 | K13: =$I13+5 -> 46360 | L13: =$I13+6 -> 46361
A14: ORIENTAL BRIGHT | B14: 2634 | C14: =C13+7 -> 46366 | D14: =C14+3 -> 46369 | E14: =C14+6 -> 46372 | G14: SITC HAKATA | H14: 2631 | I14: =I13+7 -> 46362 | J14: =$I14+3 -> 46365 | K14: =$I14+5 -> 46367 | L14: =$I14+6 -> 46368
A15: *** Closing time *** | G15: *** Closing time ***
A16: At ICDs: 15h00 on Tuesday | G16: At Cat Lai / ICDs: 09h00 on Friday
A17: At Cat Lai: 15h00 on Wednesday (for Dry and RF) | G17: At Phuoc An: 15h00 on Saturday (for Dry and RF)
A18: TERMINAL'S NAME: | G18: TERMINAL'S NAME:
A19: Batam: BATU AMPAR PORT | G19: Qinzhou: QINZHOU SHENGGANG
A20: Kuching: KUCHING SENARI TERMINAL | G20: Nansha: NANSHA STEVEDORING CO., LTD OF GUANGZHOU PORT
G21: Shekou: SHENZHEN MAWAN CONTAINER TERMINAL

Sheet CMI2.S (FRI) & CMI2.N (FRI)
D1: New SITC Container Lines Vietnam Co. Ltd
D2: The METT Building - Floor 16 - 15 Tran Bach Dang Street, Quarter 3, An Khanh Ward, Ho Chi Minh City
D3: Tel: +84-28-54047415 Fax: +84-28-54047420 Website: www.sitc.com
A5: CMI2.S - DIRECT SERVICE: | C5: HOCHIMINH (PHUOC AN) - JAKARTA - BINTULU | G5: CMI2.N - DIRECT SERVICE: | I5: HOCHIMINH (HIEP PHUOC) - YANGPU - QINZHOU
A6: VESSEL | B6: VOY | C6: ETD HCM | D6: JAKARTA | E6: BINTULU | G6: VESSEL | H6: VOY | I6: ETD HCM | J6: YANGPU | K6: QINZHOU
D7: =CHOOSE(WEEKDAY(D9, 2), "MON", "TUE", "WED", "THU", "FRI", "SAT", "SUN") -> MON | E7: =CHOOSE(WEEKDAY(E9, 2), "MON", "TUE", "WED", "THU", "FRI", "SAT", "SUN") -> FRI | J7: =CHOOSE(WEEKDAY(J9, 2), "MON", "TUE", "WED", "THU", "FRI", "SAT", "SUN") -> MON | K7: =CHOOSE(WEEKDAY(K9, 2), "MON", "TUE", "WED", "THU", "FRI", "SAT", "SUN") -> WED
C8: =CHOOSE(WEEKDAY(C9, 2), "MON", "TUE", "WED", "THU", "FRI", "SAT", "SUN") -> FRI | D8: 3 days | E8: 7 days | I8: =CHOOSE(WEEKDAY(I9, 2), "MON", "TUE", "WED", "THU", "FRI", "SAT", "SUN") -> FRI | J8: 3 days | K8: 5 days
A9: GREEN PACIFIC | B9: 2630 | C9: 46332 | D9: =$C9+3 -> 46335 | E9: =$C9+7 -> 46339 | G9: SITC YUHE | H9: 2629 | I9: 46332 | J9: =I9+3 -> 46335 | K9: =I9+5 -> 46337
A10: SITC YUHE | B10: 2630 | C10: =C9+7 -> 46339 | D10: =$C10+3 -> 46342 | E10: =$C10+7 -> 46346 | G10: SINAR BANGKA | H10: 2629 | I10: =I9+7 -> 46339 | J10: =I10+3 -> 46342 | K10: =I10+5 -> 46344
A11: SINAR BANGKA | B11: 2630 | C11: =C10+7 -> 46346 | D11: =$C11+3 -> 46349 | E11: =$C11+7 -> 46353 | G11: GREEN PACIFIC | H11: 2631 | I11: =I10+7 -> 46346 | J11: =I11+3 -> 46349 | K11: =I11+5 -> 46351
A12: GREEN PACIFIC | B12: 2632 | C12: =C11+7 -> 46353 | D12: =$C12+3 -> 46356 | E12: =$C12+7 -> 46360 | G12: SITC YUHE | H12: 2631 | I12: =I11+7 -> 46353 | J12: =I12+3 -> 46356 | K12: =I12+5 -> 46358
A13: SITC YUHE | B13: 2632 | C13: =C12+7 -> 46360 | D13: =$C13+3 -> 46363 | E13: =$C13+7 -> 46367 | G13: SINAR BANGKA | H13: 2631 | I13: =I12+7 -> 46360 | J13: =I13+3 -> 46363 | K13: =I13+5 -> 46365
A14: SINAR BANGKA | B14: 2632 | C14: =C13+7 -> 46367 | D14: =$C14+3 -> 46370 | E14: =$C14+7 -> 46374 | G14: GREEN PACIFIC | H14: 2633 | I14: =I13+7 -> 46367 | J14: =I14+3 -> 46370 | K14: =I14+5 -> 46372
A15: *** Closing time *** | G15: *** Closing time ***
A16: At Cat Lai / ICDs: 22h00 on Wednesday | G16: At Cat Lai / ICDs: 16h00 on Wednesday
A17: At Phuoc An: 04h00 on Fri (for Dry and RF) | G17: At Hiep Phuoc: 16h00 on Thursday (for Dry and RF)
A18: TERMINAL'S NAME: | G18: TERMINAL'S NAME:
A19: Jakarta: NPCT1 (New Priok Container Terminal One) | G19: Yangpu: YANGPU INTERNATIONAL CONTAINER TERMINAL
A20: Bintulu: BINTULU INTERNATIONAL CONTAINER TERMINAL | G20: Qinzhou: QINZHOU SHENGGANG

Sheet HCM-QINZHOU & KUANTAN
B1: New SITC Container Lines Vietnam Co. Ltd
B2: 20 FLOOR-Lim Tower 3- 29A Nguyen Dinh Chieu street, Dist. 1, Hochiminh City, Vietnam
B3: Tel: +84-28-54047415 Fax: +84-28-54047420 Website: www.sitc.com
A5: ***HCM TO KUANTAN & JAKARTA TRANSIT SERVICE VIA LAEM CHABANG***
A6: VESSEL | B6: VOY | C6: ETD HCM Wednesday VTX2 | D6: ETD HCM Friday VTX1 | E6: LCB | F6: CONNECT VESSEL | G6: VOY | H6: ETD LCH(B5) | I6: ETA KUANTAN | J6: ETA JKT(JITC = UTC1)
H7: SUN | I7: TUE/WED | J7: FRI
A8: =#REF! -> #REF! | B8: =#REF! -> #REF! | C8: =#REF! -> #REF! | E8: =C8+3 -> #REF! | G8: 2314S | H8: =E8+1 -> #REF! | I8: =H8+3 -> #REF! | J8: =H8+5 -> #REF!
A9: =#REF! -> #REF! | B9: =#REF! -> #REF! | D9: =#REF! -> #REF! | E9: =D9+5 -> #REF! | G9: 2314S | H9: =E9+4 -> #REF! | I9: =H9+3 -> #REF! | J9: =H9+5 -> #REF!
A10: =#REF! -> #REF! | B10: =#REF! -> #REF! | C10: =#REF! -> #REF! | E10: =C10+3 -> #REF! | G10: 2314S | H10: =E10+1 -> #REF! | I10: =H10+3 -> #REF! | J10: =H10+5 -> #REF!
A11: =#REF! -> #REF! | B11: =#REF! -> #REF! | D11: =#REF! -> #REF! | E11: =D11+5 -> #REF! | G11: 2310S | H11: =E11+4 -> #REF! | I11: =H11+3 -> #REF! | J11: =H11+5 -> #REF!
A12: =#REF! -> #REF! | B12: =#REF! -> #REF! | C12: =#REF! -> #REF! | E12: =C12+3 -> #REF! | G12: 2310S | H12: =E12+1 -> #REF! | I12: =H12+3 -> #REF! | J12: =H12+5 -> #REF!
A13: =#REF! -> #REF! | B13: =#REF! -> #REF! | D13: =#REF! -> #REF! | E13: =D13+5 -> #REF! | G13: 2316S | H13: =E13+4 -> #REF! | I13: =H13+3 -> #REF! | J13: =H13+5 -> #REF!
A14: =#REF! -> #REF! | B14: =#REF! -> #REF! | C14: =#REF! -> #REF! | E14: =C14+3 -> #REF! | G14: 2316S | H14: =E14+1 -> #REF! | I14: =H14+3 -> #REF! | J14: =H14+5 -> #REF!
A15: =#REF! -> #REF! | B15: =#REF! -> #REF! | D15: =#REF! -> #REF! | E15: =D15+5 -> #REF! | G15: 2316S | H15: =E15+4 -> #REF! | I15: =H15+3 -> #REF! | J15: =H15+5 -> #REF!
A16: =#REF! -> #REF! | B16: =#REF! -> #REF! | C16: =#REF! -> #REF! | E16: =C16+3 -> #REF! | G16: 2316S | H16: =E16+1 -> #REF! | I16: =H16+3 -> #REF! | J16: =H16+5 -> #REF!
A17: =#REF! -> #REF! | B17: =#REF! -> #REF! | D17: =#REF! -> #REF! | E17: =D17+5 -> #REF! | G17: 2312S | H17: =E17+4 -> #REF! | I17: =H17+3 -> #REF! | J17: =H17+5 -> #REF!
A21: ***HCM TO QINZHOU***
A22: VESSEL | B22: VOY | C22: ETD HCM Wed CMI2 | D22: ETD HCM Fri VTX1.S | E22: ETA CNQZH
A24: =#REF! -> #REF! | B24: =#REF! -> #REF! | C24: =#REF! -> #REF! | E24: =C24+16 -> #REF!
A25: =#REF! -> #REF! | B25: =#REF! -> #REF! | D25: =#REF! -> #REF! | E25: via LCH
A26: =#REF! -> #REF! | B26: =#REF! -> #REF! | C26: =#REF! -> #REF! | E26: =C26+16 -> #REF!
A27: =#REF! -> #REF! | B27: =#REF! -> #REF! | D27: =#REF! -> #REF! | E27: via LCH
A28: =#REF! -> #REF! | B28: =#REF! -> #REF! | C28: =#REF! -> #REF! | E28: =C28+16 -> #REF!
A29: =#REF! -> #REF! | B29: =#REF! -> #REF! | D29: =#REF! -> #REF! | E29: via LCH
A30: =#REF! -> #REF! | B30: =#REF! -> #REF! | C30: =#REF! -> #REF! | E30: =C30+16 -> #REF!
A31: =#REF! -> #REF! | B31: =#REF! -> #REF! | D31: =#REF! -> #REF! | E31: via LCH
A32: =#REF! -> #REF! | B32: =#REF! -> #REF! | C32: =C30+7 -> #REF! | E32: =C32+16 -> #REF!
A33: =#REF! -> #REF! | B33: =#REF! -> #REF! | D33: =D31+7 -> #REF! | E33: via LCH

Sheet VTX4-NORTH (FRI)
A1: 152693 | D1: SITC Vietnam Co., Ltd. HCM Branch
D2: 193 Dinh Tien Hoang, District 1, Hochiminh City, Vietnam
D3: Tel: 84-8-54047415 Fax: 84-8-54047420 Website: www.sitc.com
A10: VTX4 DIRECT SERVICE: HOCHIMINH-LAEM CHABANG- NINGBO-INCHEON -XINGANG- DALIAN - QINGDAO
A12: VESSEL | C12: VOY | D12: ETD HCM Friday | E12: LAEM CHABANG | F12: NINGBO | G12: INCHEON | H12: XINGANG | I12: YOKKAICHI | J12: DALIAN | K12: QINGDAO
E13: SUNDAY | F13: MONDAY | G13: THURSDAY | H13: SATURDAY | J13: MONDAY | K13: TUESDAY
E14: 2 DAYS | F14: 10 DAYS | G14: 13 DAYS | H14: 15 DAYS | I14: 9 DAYS | J14: 17 DAYS | K14: 18 DAYS
A15: SITC HAIPHONG | C15: 1207N | D15: 41002 | E15: =D15+5 -> 41007 | F15: =D15+7 -> 41009 | H15: =D15+9 -> 41011 | I15: =D15+9 -> 41011 | J15: =D15+10 -> 41012 | K15: =D15+11 -> 41013
A16: CAPE FRASER | C16: 1209N | D16: =D15+7 -> 41009 | E16: =E15+7 -> 41014 | F16: =F15+7 -> 41016 | H16: =H15+7 -> 41018 | I16: =I15+7 -> 41018 | J16: =J15+7 -> 41019 | K16: =K15+7 -> 41020
A17: VAN HARMONY | C17: 1209N | D17: =D16+7 -> 41016 | E17: =E16+7 -> 41021 | F17: =F16+7 -> 41023 | H17: =H16+7 -> 41025 | I17: =I16+7 -> 41025 | J17: =J16+7 -> 41026 | K17: =K16+7 -> 41027
A18: SITC INCHON | C18: 1209N | D18: =D17+7 -> 41023 | E18: =E17+7 -> 41028 | F18: =F17+7 -> 41030 | H18: =H17+7 -> 41032 | I18: =I17+7 -> 41032 | J18: =J17+7 -> 41033 | K18: =K17+7 -> 41034
A19: SITC HAIPHONG | C19: 1209N | D19: =D18+7 -> 41030 | E19: =E18+7 -> 41035 | F19: =F18+7 -> 41037 | H19: =H18+7 -> 41039 | I19: =I18+7 -> 41039 | J19: =J18+7 -> 41040 | K19: =K18+7 -> 41041
A20: CAPE FRASER | C20: 1211N | D20: =D19+7 -> 41037 | E20: =E19+7 -> 41042 | F20: =F19+7 -> 41044 | H20: =H19+7 -> 41046 | I20: =I19+7 -> 41046 | J20: =J19+7 -> 41047 | K20: =K19+7 -> 41048
A21: VAN HARMONY | C21: 1211N | D21: =D20+7 -> 41044 | E21: =E20+7 -> 41049 | F21: =F20+7 -> 41051 | H21: =H20+7 -> 41053 | I21: =I20+7 -> 41053 | J21: =J20+7 -> 41054 | K21: =K20+7 -> 41055
A22: SITC INCHON | C22: 1211N | D22: =D21+7 -> 41051 | E22: =E21+7 -> 41056 | F22: =F21+7 -> 41058 | H22: =H21+7 -> 41060 | I22: =I21+7 -> 41060 | J22: =J21+7 -> 41061 | K22: =K21+7 -> 41062
A23: SITC HAIPHONG | C23: 1211N | D23: =D22+7 -> 41058 | E23: =E22+7 -> 41063 | F23: =F22+7 -> 41065 | H23: =H22+7 -> 41067 | I23: =I22+7 -> 41067 | J23: =J22+7 -> 41068 | K23: =K22+7 -> 41069
A24: CALYPSO | C24: 1213N | D24: =D23+7 -> 41065 | E24: =E23+7 -> 41070 | F24: =F23+7 -> 41072 | H24: =H23+7 -> 41074 | I24: =I23+7 -> 41074 | J24: =J23+7 -> 41075 | K24: =K23+7 -> 41076
A25: VAN HARMONY | C25: 1213N | D25: =D24+7 -> 41072 | E25: =E24+7 -> 41077 | F25: =F24+7 -> 41079 | H25: =H24+7 -> 41081 | I25: =I24+7 -> 41081 | J25: =J24+7 -> 41082 | K25: =K24+7 -> 41083
A26: SITC INCHON | C26: 1213N | D26: =D25+7 -> 41079 | E26: =E25+7 -> 41084 | F26: =F25+7 -> 41086 | H26: =H25+7 -> 41088 | I26: =I25+7 -> 41088 | J26: =J25+7 -> 41089 | K26: =K25+7 -> 41090
A27: SITC HAIPHONG | C27: 1213N | D27: =D26+7 -> 41086 | E27: =E26+7 -> 41091 | F27: =F26+7 -> 41093 | H27: =H26+7 -> 41095 | I27: =I26+7 -> 41095 | J27: =J26+7 -> 41096 | K27: =K26+7 -> 41097
A28: CALYPSO | C28: 1215N | D28: =D27+7 -> 41093 | E28: =E27+7 -> 41098 | F28: =F27+7 -> 41100 | H28: =H27+7 -> 41102 | I28: =I27+7 -> 41102 | J28: =J27+7 -> 41103 | K28: =K27+7 -> 41104
A29: CAPE FRIO | C29: 1215 | D29: =D28+7 -> 41100 | E29: =E28+7 -> 41105 | F29: =F28+7 -> 41107 | H29: =H28+7 -> 41109 | I29: =I28+7 -> 41109 | J29: =J28+7 -> 41110 | K29: =K28+7 -> 41111
A30: ARABIAN EXPRESS | C30: 1219 | D30: =D29+7 -> 41107 | E30: =E29+7 -> 41112 | F30: =F29+7 -> 41114 | H30: =H29+7 -> 41116 | I30: =I29+7 -> 41116 | J30: =J29+7 -> 41117 | K30: =K29+7 -> 41118
A31: MOL GRACE | C31: 1221 | D31: =D30+7 -> 41114 | E31: =E30+7 -> 41119 | F31: =F30+7 -> 41121 | H31: =H30+7 -> 41123 | I31: =I30+7 -> 41123 | J31: =J30+7 -> 41124 | K31: =K30+7 -> 41125
A32: HYUNDAI HARMONY | C32: 1229 | D32: =D31+7 -> 41121 | E32: =E31+7 -> 41126 | F32: =F31+7 -> 41128 | H32: =H31+7 -> 41130 | I32: =I31+7 -> 41130 | J32: =J31+7 -> 41131 | K32: =K31+7 -> 41132
A33: PERTH BRIDGE | C33: 1217 | D33: =D32+7 -> 41128 | E33: =E32+7 -> 41133 | F33: =F32+7 -> 41135 | H33: =H32+7 -> 41137 | I33: =I32+7 -> 41137 | J33: =J32+7 -> 41138 | K33: =K32+7 -> 41139
A34: MACTAN BRIDGE | C34: 1241 | D34: =D33+7 -> 41135 | E34: =E33+7 -> 41140 | F34: =F33+7 -> 41142 | H34: =H33+7 -> 41144 | I34: =I33+7 -> 41144 | J34: =J33+7 -> 41145 | K34: =K33+7 -> 41146
A35: ANITA L. | C35: 1217 | D35: =D34+7 -> 41142 | E35: =E34+7 -> 41147 | F35: =F34+7 -> 41149 | H35: =H34+7 -> 41151 | I35: =I34+7 -> 41151 | J35: =J34+7 -> 41152 | K35: =K34+7 -> 41153
A36: CAPE FALCON | C36: 1219 | D36: =D35+7 -> 41149 | E36: =E35+7 -> 41154 | F36: =F35+7 -> 41156 | H36: =H35+7 -> 41158 | I36: =I35+7 -> 41158 | J36: =J35+7 -> 41159 | K36: =K35+7 -> 41160
A37: PERTH BRIDGE | C37: =C33+2 -> 1219 | D37: =D36+7 -> 41156 | E37: =E36+7 -> 41161 | F37: =F36+7 -> 41163 | H37: =H36+7 -> 41165 | I37: =I36+7 -> 41165 | J37: =J36+7 -> 41166 | K37: =K36+7 -> 41167
A38: MACTAN BRIDGE | C38: =C34+2 -> 1243 | D38: =D37+7 -> 41163 | E38: =E37+7 -> 41168 | F38: =F37+7 -> 41170 | H38: =H37+7 -> 41172 | I38: =I37+7 -> 41172 | J38: =J37+7 -> 41173 | K38: =K37+7 -> 41174
A39: SITC INCHON | C39: =C35+2 -> 1219 | D39: =D38+7 -> 41170 | E39: =E38+7 -> 41175 | F39: =F38+7 -> 41177 | H39: =H38+7 -> 41179 | I39: =I38+7 -> 41179 | J39: =J38+7 -> 41180 | K39: =K38+7 -> 41181
A40: SITC HAIPHONG | C40: 1219 | D40: =D39+7 -> 41177 | E40: =E39+7 -> 41182 | F40: =F39+7 -> 41184 | H40: =H39+7 -> 41186 | I40: =I39+7 -> 41186 | J40: =J39+7 -> 41187 | K40: =K39+7 -> 41188
A41: CALYPSO | C41: =C37+2 -> 1221 | D41: =D40+7 -> 41184 | E41: =E40+7 -> 41189 | F41: =F40+7 -> 41191 | H41: =H40+7 -> 41193 | I41: =I40+7 -> 41193 | J41: =J40+7 -> 41194 | K41: =K40+7 -> 41195
A42: CAPE FRIO | C42: 1221 | D42: =D41+7 -> 41191 | E42: =E41+7 -> 41196 | F42: =F41+7 -> 41198 | H42: =H41+7 -> 41200 | I42: =I41+7 -> 41200 | J42: =J41+7 -> 41201 | K42: =K41+7 -> 41202
A43: CAPE FRASER | C43: 1223 | D43: =D42+7 -> 41198 | E43: =E42+7 -> 41203 | F43: =F42+7 -> 41205 | H43: =H42+7 -> 41207 | I43: =I42+7 -> 41207 | J43: =J42+7 -> 41208 | K43: =K42+7 -> 41209
A44: SITC HAIPHONG | C44: =C40+2 -> 1221 | D44: =D43+7 -> 41205 | E44: =E43+7 -> 41210 | F44: =F43+7 -> 41212 | H44: =H43+7 -> 41214 | I44: =I43+7 -> 41214 | J44: =J43+7 -> 41215 | K44: =K43+7 -> 41216
A45: CALYPSO | C45: =C41+2 -> 1223 | D45: =D44+7 -> 41212 | E45: =E44+7 -> 41217 | F45: =F44+7 -> 41219 | H45: =H44+7 -> 41221 | I45: =I44+7 -> 41221 | J45: =J44+7 -> 41222 | K45: =K44+7 -> 41223
A46: CAPE FRIO | C46: =C42+2 -> 1223 | D46: =D45+7 -> 41219 | E46: =E45+7 -> 41224 | F46: =F45+7 -> 41226 | H46: =H45+7 -> 41228 | I46: =I45+7 -> 41228 | J46: =J45+7 -> 41229 | K46: =K45+7 -> 41230
A47: CAPE FRASER | C47: =C43+2 -> 1225 | D47: =D46+7 -> 41226 | E47: =E46+7 -> 41231 | F47: =F46+7 -> 41233 | H47: =H46+7 -> 41235 | I47: =I46+7 -> 41235 | J47: =J46+7 -> 41236 | K47: =K46+7 -> 41237
A48: ANITA L. | C48: 1223N | D48: =D47+7 -> 41233 | E48: =E47+7 -> 41238 | F48: =F47+7 -> 41240 | H48: =H47+7 -> 41242 | I48: =I47+7 -> 41242 | J48: =J47+7 -> 41243 | K48: =K47+7 -> 41244
A49: ASIAN GYRO | C49: 1245 | D49: =D48+7 -> 41240 | E49: =E48+7 -> 41245 | F49: =F48+7 -> 41247 | H49: =H48+7 -> 41249 | I49: =I48+7 -> 41249 | J49: =J48+7 -> 41250 | K49: =K48+7 -> 41251
A50: VAN HARMONY | C50: 1225N | D50: =D49+7 -> 41247 | E50: =E49+7 -> 41252 | F50: =F49+7 -> 41254 | H50: =H49+7 -> 41256 | I50: =I49+7 -> 41256 | J50: =J49+7 -> 41257 | K50: =K49+7 -> 41258
A51: CAPE FRASER | C51: 1227 | D51: =D50+7 -> 41254 | E51: =E50+7 -> 41259 | F51: =F50+7 -> 41261 | H51: =H50+7 -> 41263 | I51: =I50+7 -> 41263 | J51: =J50+7 -> 41264 | K51: =K50+7 -> 41265
A52: SITC INCHON | C52: 1225N | D52: =D51+7 -> 41261 | E52: =E51+7 -> 41266 | F52: =F51+7 -> 41268 | H52: =H51+7 -> 41270 | I52: =I51+7 -> 41270 | J52: =J51+7 -> 41271 | K52: =K51+7 -> 41272
A53: ASIAN GYRO | C53: 1247 | D53: =D52+7 -> 41268 | E53: =E52+7 -> 41273 | F53: =F52+7 -> 41275 | H53: =H52+7 -> 41277 | I53: =I52+7 -> 41277 | J53: =J52+7 -> 41278 | K53: =K52+7 -> 41279
A54: PERTH BRIDGE | C54: 1301 | D54: =D53+7 -> 41275 | E54: =E53+7 -> 41280 | F54: =F53+7 -> 41282 | H54: =H53+7 -> 41284 | I54: =I53+7 -> 41284 | J54: =J53+7 -> 41285 | K54: =K53+7 -> 41286
A55: SITC HAKATA | C55: 1301 | D55: =D54+7 -> 41282 | E55: =E54+7 -> 41287 | F55: =F54+7 -> 41289 | H55: =H54+7 -> 41291 | I55: =I54+7 -> 41291 | J55: =J54+7 -> 41292 | K55: =K54+7 -> 41293
A56: ASIAN ZEPHYR | C56: 1301 | D56: =D55+7 -> 41289 | E56: =E55+7 -> 41294 | F56: =F55+7 -> 41296 | H56: =H55+7 -> 41298 | I56: =I55+7 -> 41298 | J56: =J55+7 -> 41299 | K56: =K55+7 -> 41300
A57: ASIAN GYRO | C57: 1303 | D57: =D56+7 -> 41296 | E57: =E56+7 -> 41301 | F57: =F56+7 -> 41303 | H57: =H56+7 -> 41305 | I57: =I56+7 -> 41305 | J57: =J56+7 -> 41306 | K57: =K56+7 -> 41307
A58: PERTH BRIDGE | C58: 1303 | D58: =D57+7 -> 41303 | E58: =E57+7 -> 41308 | F58: =F57+7 -> 41310 | H58: =H57+7 -> 41312 | I58: =I57+7 -> 41312 | J58: =J57+7 -> 41313 | K58: =K57+7 -> 41314
A59: SITC HAKATA | C59: 1303 | D59: =D58+7 -> 41310 | E59: =E58+7 -> 41315 | F59: =F58+7 -> 41317 | H59: =H58+7 -> 41319 | I59: =I58+7 -> 41319 | J59: =J58+7 -> 41320 | K59: =K58+7 -> 41321
A60: SKIP | C60: 1303 | D60: =D59+7 -> 41317 | E60: SKIP | F60: SKIP | H60: SKIP | I60: =I59+7 -> 41326 | J60: SKIP | K60: SKIP
A61: SITC INCHON | C61: 1303 | D61: =D60+7 -> 41324 | E61: 41329 | F61: 41331 | H61: 41333 | I61: =I60+7 -> 41333 | J61: 41334 | K61: 41335
A62: BRIGHT LAEM CHABANG | C62: 1305 | D62: =D61+7 -> 41331 | E62: =E61+7 -> 41336 | F62: =F61+7 -> 41338 | H62: =H61+7 -> 41340 | I62: =I61+7 -> 41340 | J62: =J61+7 -> 41341 | K62: =K61+7 -> 41342
A63: PERTH BRIDGE | C63: 1305 | D63: =D62+7 -> 41338 | E63: =E62+7 -> 41343 | F63: =F62+7 -> 41345 | H63: =H62+7 -> 41347 | I63: =I62+7 -> 41347 | J63: =J62+7 -> 41348 | K63: =K62+7 -> 41349
A64: SITC HAKATA | C64: 1305 | D64: =D63+7 -> 41345 | E64: =E63+7 -> 41350 | F64: =F63+7 -> 41352 | H64: =H63+7 -> 41354 | I64: =I63+7 -> 41354 | J64: =J63+7 -> 41355 | K64: =K63+7 -> 41356
A65: SITC INCHON | C65: 1305 | D65: =D64+7 -> 41352 | E65: =E64+7 -> 41357 | F65: =F64+7 -> 41359 | H65: =H64+7 -> 41361 | I65: =I64+7 -> 41361 | J65: =J64+7 -> 41362 | K65: =K64+7 -> 41363
A66: BRIGHT LAEM CHABANG | C66: 1307 | D66: =D65+7 -> 41359 | E66: =E65+7 -> 41364 | F66: =F65+7 -> 41366 | H66: =H65+7 -> 41368 | I66: =I65+7 -> 41368 | J66: =J65+7 -> 41369 | K66: =K65+7 -> 41370
A67: PERTH BRIDGE | C67: 1307 | D67: =D66+7 -> 41366 | E67: =E66+7 -> 41371 | F67: =F66+7 -> 41373 | H67: =H66+7 -> 41375 | I67: =I66+7 -> 41375 | J67: =J66+7 -> 41376 | K67: =K66+7 -> 41377
A68: SITC HAKATA | C68: 1307 | D68: =D67+7 -> 41373 | E68: =E67+7 -> 41378 | F68: =F67+7 -> 41380 | H68: =H67+7 -> 41382 | I68: =I67+7 -> 41382 | J68: =J67+7 -> 41383 | K68: =K67+7 -> 41384
A69: SITC INCHON | C69: 1307 | D69: =D68+7 -> 41380 | E69: 41387 | F69: 41385 | H69: off hire/ transit at Shanghai
A70: SKIP | C70: 1309 | D70: =D69+7 -> 41387 | E70: SKIP | F70: SKIP | H70: SKIP | I70: =I69+7 -> 7 | J70: SKIP | K70: SKIP
A71: CAPE FERRO/ MOL GRACE | C71: 1309N/ 1311N | D71: 30- Apr/ delayed 03 May | E71: 05- May | F71: 07 - May/ 07 - May | H71: SKIP/ 10-May | I71: 41403 | J71: SKIP/ 11-May | K71: SKIP/ 12-May
A72: SITC HAKATA | C72: 1309 | D72: 41401 | E72: 41406 | F72: 41408 | H72: 41410 | I72: 41410 | J72: 41411 | K72: 41412
A73: ASIAN GYRO | C73: 1311 | D73: =D72+7 -> 41408 | E73: =E72+7 -> 41413 | F73: =F72+7 -> 41415 | H73: =H72+7 -> 41417 | I73: =I72+7 -> 41417 | J73: =J72+7 -> 41418 | K73: =K72+7 -> 41419
A74: MARE FRIO | C74: 1311 | D74: =D73+7 -> 41415 | E74: =E73+7 -> 41420 | F74: =F73+7 -> 41422 | H74: =H73+7 -> 41424 | I74: =I73+7 -> 41424 | J74: =J73+7 -> 41425 | K74: =K73+7 -> 41426
A75: MOL GRACE | C75: 1313 | D75: 41426 | E75: =D75+5 -> 41431 | F75: =D75+7 -> 41433 | H75: off hire/ transit at Shanghai
A76: KUO HUNG | C76: 1317 | D76: 41429 | E76: 41434 | F76: 41436 | H76: 41438 | I76: 41438 | J76: 41439 | K76: 41440
A77: CAPE FAWLEY | C77: 1315 | D77: =D76+7 -> 41436 | E77: =E76+7 -> 41441 | F77: =F76+7 -> 41443 | H77: =H76+7 -> 41445 | I77: =I76+7 -> 41445 | J77: =J76+7 -> 41446 | K77: =K76+7 -> 41447
A78: ARABIAN EXPRESS | C78: =C74+2 -> 1313 | D78: =D77+7 -> 41443 | E78: =E77+7 -> 41448 | F78: =F77+7 -> 41450 | H78: =H77+7 -> 41452 | I78: =I77+7 -> 41452 | J78: =J77+7 -> 41453 | K78: =K77+7 -> 41454
A79: MOL GRACE | C79: =C75+2 -> 1315 | D79: =D78+7 -> 41450 | E79: =E78+7 -> 41455 | F79: =F78+7 -> 41457 | H79: =H78+7 -> 41459 | I79: =I78+7 -> 41459 | J79: =J78+7 -> 41460 | K79: =K78+7 -> 41461
A80: CAPE FRASER | C80: 1315 | D80: =D79+7 -> 41457 | E80: =E79+7 -> 41462 | F80: =F79+7 -> 41464 | H80: =H79+7 -> 41466 | I80: =I79+7 -> 41466 | J80: =J79+7 -> 41467 | K80: =K79+7 -> 41468
A81: VAN HARMONY | C81: 1315 | D81: =D80+7 -> 41464 | E81: =E80+7 -> 41469 | F81: =F80+7 -> 41471 | H81: =H80+7 -> 41473 | I81: =I80+7 -> 41473 | J81: =J80+7 -> 41474 | K81: =K80+7 -> 41475
A82: ASIAN ZEPHYR | C82: 1315 | D82: =D81+7 -> 41471 | E82: =E81+7 -> 41476 | F82: =F81+7 -> 41478 | H82: =H81+7 -> 41480 | I82: =I81+7 -> 41480 | J82: =J81+7 -> 41481 | K82: =K81+7 -> 41482
A83: MARE FRIO | C83: 1315 | D83: =D82+7 -> 41478 | E83: =E82+7 -> 41483 | F83: =F82+7 -> 41485 | H83: =H82+7 -> 41487 | I83: =I82+7 -> 41487 | J83: =J82+7 -> 41488 | K83: =K82+7 -> 41489
A84: CAPE FERRO | C84: 1319 | D84: =D83+7 -> 41485 | E84: =E83+7 -> 41490 | F84: =F83+7 -> 41492 | H84: =H83+7 -> 41494 | I84: =I83+7 -> 41494 | J84: =J83+7 -> 41495 | K84: =K83+7 -> 41496
A85: SITC HAKATA | C85: 1315 | D85: =D84+7 -> 41492 | E85: =E84+7 -> 41497 | F85: =F84+7 -> 41499 | H85: =H84+7 -> 41501 | I85: =I84+7 -> 41501 | J85: =J84+7 -> 41502 | K85: =K84+7 -> 41503
A86: ASIAN GYRO | C86: 1317 | D86: =D85+7 -> 41499 | E86: =E85+7 -> 41504 | F86: =F85+7 -> 41506 | H86: =H85+7 -> 41508 | I86: =I85+7 -> 41508 | J86: =J85+7 -> 41509 | K86: =K85+7 -> 41510
A87: ARABIAN EXPRESS | C87: 1317 | D87: =D86+7 -> 41506 | E87: =E86+7 -> 41511 | F87: =F86+7 -> 41513 | H87: =H86+7 -> 41515 | I87: =I86+7 -> 41515 | J87: =J86+7 -> 41516 | K87: =K86+7 -> 41517
A88: SITC HAIPHONG | C88: 1319 | D88: =D87+7 -> 41513 | E88: =E87+7 -> 41518 | F88: =F87+7 -> 41520 | H88: =H87+7 -> 41522 | I88: =I87+7 -> 41522 | J88: =J87+7 -> 41523 | K88: =K87+7 -> 41524
A89: CAPE FORBY | C89: 1323 | D89: =D88+7 -> 41520 | E89: =E88+7 -> 41525 | F89: =F88+7 -> 41527 | H89: =H88+7 -> 41529 | I89: =I88+7 -> 41529 | J89: =J88+7 -> 41530 | K89: =K88+7 -> 41531
A90: CAPE FELTON | C90: 1317 | D90: =D89+7 -> 41527 | E90: =E89+7 -> 41532 | F90: =F89+7 -> 41534 | H90: =H89+7 -> 41536 | I90: =I89+7 -> 41536 | J90: =J89+7 -> 41537 | K90: =K89+7 -> 41538
A91: ASIAN ZEPHYR | C91: 1319 | D91: =D90+7 -> 41534 | E91: =E90+7 -> 41539 | F91: =F90+7 -> 41541 | H91: =H90+7 -> 41543 | I91: =I90+7 -> 41543 | J91: =J90+7 -> 41544 | K91: =K90+7 -> 41545
... A104: ASIAN GYRO | C104: 1325 | D104: =D103+7 -> 41625 | E104: =E103+7 -> 41630 | F104: =F103+7 -> 41632 | H104: =H103+7 -> 41634 | I104: =I103+7 -> 41634 | J104: =J103+7 -> 41635 | K104: =K103+7 -> 41636
A105: SITC HAIPHONG | C105: 1327 | D105: =D104+7 -> 41632 | E105: =E104+7 -> 41637 | F105: =F104+7 -> 41639 | H105: SKIP | I105: =I104+7 -> 41641 | J105: SKIP | K105: SKIP
A106: ASIAN ZEPHYR | C106: 1401 | D106: =D105+7 -> 41639 | E106: =E105+7 -> 41644 | F106: =F105+7 -> 41646 | H106: 41648 | I106: 41648 | J106: 41649 | K106: 41650
A107: HYUNDAI HARMONY | C107: 1401 | D107: =D106+7 -> 41646 | E107: =E106+7 -> 41651 | F107: =F106+7 -> 41653 | H107: =H106+7 -> 41655 | I107: =I106+7 -> 41655 | J107: =J106+7 -> 41656 | K107: =K106+7 -> 41657
A108: CAPE FELTON | C108: 1401 | D108: =D107+7 -> 41653 | E108: =E107+7 -> 41658 | F108: =F107+7 -> 41660 | H108: =H107+7 -> 41662 | I108: =I107+7 -> 41662 | J108: =J107+7 -> 41663 | K108: =K107+7 -> 41664
A109: ARABIAN EXPRESS | C109: 1403 | D109: =D108+7 -> 41660 | E109: =E108+7 -> 41665 | F109: =F108+7 -> 41667 | H109: =H108+7 -> 41669 | I109: =I108+7 -> 41669 | J109: =J108+7 -> 41670 | K109: =K108+7 -> 41671
A110: CAPE FAWLEY | C110: 1403 | D110: =D109+7 -> 41667 | E110: =E109+7 -> 41672 | F110: =F109+7 -> 41674 | H110: =H109+7 -> 41676 | I110: =I109+7 -> 41676 | J110: =J109+7 -> 41677 | K110: =K109+7 -> 41678
A111: SKIP HCM | C111: 1403 | D111: =D110+7 -> 41674 | E111: =E110+7 -> 41679 | F111: =F110+7 -> 41681 | H111: 41683 | I111: 41683 | J111: 41684 | K111: 41685
A112: CAPE FRASER | C112: 1403 | D112: =D111+7 -> 41681 | E112: =E111+7 -> 41686 | F112: =F111+7 -> 41688 | H112: =H111+7 -> 41690 | I112: =I111+7 -> 41690 | J112: =J111+7 -> 41691 | K112: =K111+7 -> 41692
A113: ASIAN GYRO | C113: 1405 | D113: =D112+7 -> 41688 | E113: =E112+7 -> 41693 | F113: =F112+7 -> 41695 | H113: =H112+7 -> 41697 | I113: =I112+7 -> 41697 | J113: =J112+7 -> 41698 | K113: =K112+7 -> 41699
A114: VAN HARMONY | C114: 1405 | D114: =D113+7 -> 41695 | E114: =E113+7 -> 41700 | F114: =F113+7 -> 41702 | H114: =H113+7 -> 41704 | I114: =I113+7 -> 41704 | J114: =J113+7 -> 41705 | K114: =K113+7 -> 41706
A115: SITC INCHON | C115: 1407 | D115: =D114+7 -> 41702 | E115: =E114+7 -> 41707 | F115: =F114+7 -> 41709 | H115: =H114+7 -> 41711 | I115: =I114+7 -> 41711 | J115: =J114+7 -> 41712 | K115: =K114+7 -> 41713
A116: CAPE FRASER | C116: 1405 | D116: =D115+7 -> 41709 | E116: =E115+7 -> 41714 | F116: =F115+7 -> 41716 | H116: =H115+7 -> 41718 | I116: =I115+7 -> 41718 | J116: =J115+7 -> 41719 | K116: =K115+7 -> 41720
A117: ASIAN GYRO | C117: 1407 | D117: =D116+7 -> 41716 | E117: =E116+7 -> 41721 | F117: =F116+7 -> 41723 | H117: =H116+7 -> 41725 | I117: =I116+7 -> 41725 | J117: =J116+7 -> 41726 | K117: =K116+7 -> 41727
A118: VAN HARMONY | C118: 1407 | D118: =D117+7 -> 41723 | E118: =E117+7 -> 41728 | F118: =F117+7 -> 41730 | H118: =H117+7 -> 41732 | I118: =I117+7 -> 41732 | J118: =J117+7 -> 41733 | K118: =K117+7 -> 41734
A119: SITC INCHON | C119: =C115+2 -> 1409 | D119: =D118+7 -> 41730 | E119: =E118+7 -> 41735 | F119: =F118+7 -> 41737 | H119: =H118+7 -> 41739 | I119: =I118+7 -> 41739 | J119: =J118+7 -> 41740 | K119: =K118+7 -> 41741
...

Sheet CSE - (TUE)
C1: SITC Vietnam Co., Ltd. HCM Branch
C2: 193 Dinh Tien Hoang, District 1, Hochiminh City, Vietnam
C3: Tel: 84-8-54047415 Fax: 84-8-54047420 Website: www.sitc.com
A9: CSE DIRECT SERVICE : | D9: HOCHIMINH-XIAMEN - QINGDAO - SHANGHAI-NINGBO
A10: VESSEL | C10: VOY | D10: ETD HCM Tuesday | E10: XIAMEN | F10: XIAMEN | G10: QINGDAO | H10: SHANGHAI | I10: NINGBO | J10: LYG | L10: BUS | M10: TAO | O10: BUS
E11: THURSDAY | F11: FRIDAY | G11: MONDAY | H11: WEDNESDAY | I11: THURSDAY | J11: THURSDAY | L11: WEDNESDAY | O11: WEDNESDAY
E12: 5 days | F12: 3 Days | G12: 6 days | H12: 8 days | I12: 9 days | J12: 13 Days | L12: 12 days | M12: 9 DAYS | O12: 12 days
A13: SITC JIANGSU | C13: 1525N | D13: 42342 | G13: =D13+7 -> 42349 | H13: =D13+10 -> 42352 | I13: =D13+11 -> 42353
A14: SITC KAWASAKI | C14: 1525N | D14: =D13+7 -> 42349 | G14: =D14+7 -> 42356 | H14: =D14+10 -> 42359 | I14: =D14+11 -> 42360
A15: SITC JAKARTA | C15: 1525N | D15: =D14+7 -> 42356 | G15: =D15+7 -> 42363 | H15: =D15+10 -> 42366 | I15: =D15+11 -> 42367
A16: SITC BANGKOK | C16: 1525N | D16: =D15+7 -> 42363 | G16: =D16+7 -> 42370 | H16: =D16+10 -> 42373 | I16: =D16+11 -> 42374
A17: SUNSHINE BANDAMA | C17: 1525N | D17: =D16+7 -> 42370 | G17: =D17+7 -> 42377 | H17: =D17+10 -> 42380 | I17: =D17+11 -> 42381
A18: SKIP HCM | D18: =D17+7 -> 42377
A19: SITC LAEM CHABANG | C19: 1601N | D19: =D18+7 -> 42384 | G19: =D19+7 -> 42391 | H19: SKIP | I19: SKIP
A20: ARABIAN EXPRESS | C20: 1601N | D20: =D19+7 -> 42391 | G20: =D20+7 -> 42398 | H20: =D20+10 -> 42401 | I20: =D20+11 -> 42402
A21: SITC ZHEJIANG | C21: 1601N | D21: =D20+7 -> 42398 | G21: =D21+7 -> 42405 | H21: =D21+10+2 -> 42410 | I21: =D21+11+2 -> 42411
A22: SKIP HCM | D22: =D21+7 -> 42405
A23: SITC KAWASAKI | C23: 1603N | D23: =D22+7 -> 42412 | E23: =D23+6 -> 42418 | G23: =D23+7 -> 42419 | H23: =D23+10 -> 42422 | I23: =D23+11 -> 42423
A24: HANJIN MANZANILLO | C24: 0070E | D24: 42471 | F24: =D24+4 -> 42475 | G24: =D24+7 -> 42478 | H24: =D24+9 -> 42480 | I24: =D24+10 -> 42481
A25: LOS ANDES BRIDGE | C25: 085N | D25: =D24+7 -> 42478 | F25: =D25+4 -> 42482 | G25: =D25+7 -> 42485 | H25: =D25+9 -> 42487 | I25: =D25+10 -> 42488
A26: KOTA PURI | C26: 125N | D26: =D25+7 -> 42485 | F26: =D26+4 -> 42489 | G26: =D26+7 -> 42492 | H26: =D26+9 -> 42494 | I26: =D26+10 -> 42495
A27: ARICA BRIDGE | C27: 058N | D27: =D26+7 -> 42492 | F27: =D27+4 -> 42496 | G27: =D27+7 -> 42499 | H27: =D27+9 -> 42501 | I27: =D27+10 -> 42502
A28: HANJIN MANZANILLO | C28: 0071E | D28: =D27+7 -> 42499 | F28: =D28+4 -> 42503 | G28: =D28+7 -> 42506 | H28: =D28+9 -> 42508 | I28: =D28+10 -> 42509
A29: LOS ANDES BRIDGE | C29: 086N | D29: =D28+7 -> 42506 | F29: =D29+4 -> 42510 | G29: =D29+7 -> 42513 | H29: =D29+9 -> 42515 | I29: =D29+10 -> 42516
A30: KOTA PURI | C30: 126N | D30: =D29+7 -> 42513 | F30: =D30+4 -> 42517 | G30: =D30+7 -> 42520 | H30: =D30+9 -> 42522 | I30: =D30+10 -> 42523
A31: ARICA BRIDGE | C31: 059N | D31: =D30+7 -> 42520 | F31: =D31+4 -> 42524 | G31: =D31+7 -> 42527 | H31: =D31+9 -> 42529 | I31: =D31+10 -> 42530
G32: =D32+7 -> 7 | H32: =D32+10 -> 10 | I32: =D32+11 -> 11
A33: HANJIN MANZANILLO | C33: 0072E | D33: 42528 | F33: =D33+3 -> 42531 | G33: =D33+6 -> 42534 | H33: =D33+8 -> 42536 | I33: =D33+9 -> 42537
A34: LOS ANDES BRIDGE | C34: 087N | D34: =D33+7 -> 42535 | F34: =D34+3 -> 42538 | G34: =D34+6 -> 42541 | H34: =D34+8 -> 42543 | I34: =D34+9 -> 42544
A35: KOTA PURI | C35: 127N | D35: =D34+7 -> 42542 | F35: =D35+3 -> 42545 | G35: =D35+6 -> 42548 | H35: =D35+8 -> 42550 | I35: =D35+9 -> 42551
A36: ARICA BRIDGE | C36: 060N | D36: =D35+7 -> 42549 | F36: =D36+3 -> 42552 | G36: =D36+6 -> 42555 | H36: =D36+8 -> 42557 | I36: =D36+9 -> 42558
A37: HANJIN MANZANILLO | C37: 0073E | D37: =D36+7 -> 42556 | F37: =D37+3 -> 42559 | G37: =D37+6 -> 42562 | H37: =D37+8 -> 42564 | I37: =D37+9 -> 42565
A38: LOS ANDES BRIDGE | C38: 088N | D38: =D37+7 -> 42563 | F38: =D38+3 -> 42566 | G38: =D38+6 -> 42569 | H38: =D38+8 -> 42571 | I38: =D38+9 -> 42572
A39: KOTA PURI | C39: 128N | D39: =D38+7 -> 42570 | F39: =D39+3 -> 42573 | G39: =D39+6 -> 42576 | H39: =D39+8 -> 42578 | I39: =D39+9 -> 42579
A40: ARICA BRIDGE | C40: 061N | D40: =D39+7 -> 42577 | F40: =D40+3 -> 42580 | G40: =D40+6 -> 42583 | H40: =D40+8 -> 42585 | I40: =D40+9 -> 42586
A41: HANJIN MANZANILLO | C41: 074E | D41: =D40+7 -> 42584 | F41: =D41+3 -> 42587 | G41: =D41+6 -> 42590 | H41: =D41+8 -> 42592 | I41: =D41+9 -> 42593
A42: LOS ANDES BRIDGE | C42: 089N | D42: =D41+7 -> 42591 | F42: =D42+3 -> 42594 | G42: =D42+6 -> 42597 | H42: =D42+8 -> 42599 | I42: =D42+9 -> 42600
A43: KOTA PURI | C43: 129N | D43: =D42+7 -> 42598 | F43: =D43+3 -> 42601 | G43: =D43+6 -> 42604 | H43: =D43+8 -> 42606 | I43: =D43+9 -> 42607
A44: ARICA BRIDGE | C44: 062N | D44: =D43+7 -> 42605 | F44: =D44+3 -> 42608 | G44: =D44+6 -> 42611 | H44: =D44+8 -> 42613 | I44: =D44+9 -> 42614
A45: HANJIN MANZANILLO | C45: 0075E | D45: =D44+7 -> 42612 | F45: =D45+3 -> 42615 | G45: =D45+6 -> 42618 | H45: SKIP | I45: SKIP
A46: LOS ANDES BRIDGE | C46: 090N | D46: =D45+7 -> 42619 | F46: =D46+3 -> 42622 | G46: =D46+6 -> 42625 | H46: SKIP | I46: SKIP
A47: CAPE MELVILLE | C47: 200N | D47: =D46+7 -> 42626 | F47: =D47+3 -> 42629 | G47: =D47+6 -> 42632 | H47: SKIP | I47: SKIP
A48: ARICA BRIDGE | C48: 063N | D48: =D47+7 -> 42633 | F48: =D48+3 -> 42636 | G48: =D48+6 -> 42639 | H48: SKIP | I48: SKIP
A49: ***Closing time***
A50: At New Port, ICD Tanamexco, ICD Transimex, Cat Lai: 11h00 (A.M) on Sunday
A51: At Hiep Phuoc Terminal : 11h00 (A.M) on Monday
A54: TERMINAL'S NAME
A55: Nansha: Guangzhou South China Oceangate Terminal Company Limited (GOCT) --- Nansha New Port
A56: Xiamen: | B56: XIAMEN INTERNATIONAL CONTAINER TERMINAL
A57: Qingdao | B57: QINGDAO QIANWAN CONTAINER TERMINAL
A58: Shanghai: | B58: WAI GAO QIAO PHASE 4
A59: Ningbo: | B59: BEILUN CONTAINER TERMINAL PHASE 2
B62: Sales:
A63: Mr Quốc Bình (ext 108) 0903.824.676
A64: Mr Anh Khoa (ext 109) 0906.434.738
A65: Mr Xuân Vũ (ext 111) 0905.597.190
A66: Mr. Đức Vinh ( ext 117) 0168.479.6261
A67: Ms. Hồng Phúc ( ext 110) 0918 758 718
B68: Customer Service:
A70: Ms Thuy Kieu - Lyna (112) 0974272499
A74: Ms Thi Ha-Carlena (148) 0972237920,
A75: Ms Thi Trieu-Sarah (114) 01695198251
A76: Mr. Cong Thanh - James (149) 0938 193 753
A77: Ms. Ngoc Kien ( Kathy) - 84-8 54047415 Ext: 142
A78: Ms. Phuong Quynh (Natalie) - 84-8 54047415 Ext: 141 (Freetime)
A79: Ms. Đỗ Nga ( 154) 0982973936
A80: Ms. Hoàng Mai - Tracy (180) - 01694 222 022
A81: Ms. Thùy Dương - Elsa (181) 0949 795 152
A82: Ms. Tuyết - Suri (112) 0932 592 562
B84: Terminal office
A85: Mr Thomas - 0918.567 489
A86: Mr Thuan - 0908 150 015

Sheet HCM - JP Via SHA
E1: New SITC Container Lines Vietnam Co. Ltd
E2: 20 FLOOR-Lim Tower 3- 29A Nguyen Dinh Chieu street, Dist. 1, Hochiminh City, Vietnam
E3: Tel: 84-8-54047415 Fax: 84-8-54047420 Website: www.sitc.com
A5: SERVICE | B5: VESSEL | C5: VOY | D5: ETD HCM | E5: ETA SHA | F5: CONNECT VSL | G5: VOY | H5: SERVICE | I5: ETD SHA | J5: NAGOYA | K5: TOKYO | L5: YOKOHAMA | M5: HAKATA | N5: MOJI | O5: OSAKA | P5: KOBE | Q5: KAWASAKI | R5: HITACHINAKA | S5: SHIMIZU | T5: YOKKAICHI | U5: SENDAI | V5: TOYOHASHI
A6: VTX1 | B6: =#REF! -> #REF! | C6: =#REF! -> #REF! | D6: =#REF! -> #REF! | E6: =D6+7 -> #REF! | G6: 2107N | H6: CJV3 | I6: =E6+1 -> #REF! | K6: =$I6+3 -> #REF! | L6: =$I6+4 -> #REF! | Q6: =$I6+3 -> #REF! | S6: =$I6+4 -> #REF!
G7: 2063E | H7: SNS | I7: =E6+1 -> #REF! | J7: =$I7+3 -> #REF! | T7: =$I7+3 -> #REF!
G8: 2107E | H8: SKU | I8: =E6+4 -> #REF! | M8: =$I8+2 -> #REF! | N8: =$I8+3 -> #REF! | U8: =I8+5 -> #REF!
G9: 2107E | H9: S7 | I9: =E6+2 -> #REF! | N9: =I9+4 -> #REF! | O9: =I9+3 -> #REF! | P9: =I9+3 -> #REF!
G10: 2107E | H10: PSU | I10: =E6+1 -> #REF! | M10: =$I10+2 -> #REF! | N10: =$I10+3 -> #REF!
A11: VTX2 | B11: =#REF! -> #REF! | C11: =#REF! -> #REF! | D11: =#REF! -> #REF! | E11: =D11+7 -> #REF! | G11: 2107N | H11: CJV3 | I11: =E11+4 -> #REF! | Q11: =$I11+3 -> #REF! | S11: =$I11+4 -> #REF!
G12: 2107E | H12: SKU | I12: =E11+7 -> #REF! | M12: =$I12+2 -> #REF! | N12: =$I12+3 -> #REF! | U12: =I12+5 -> #REF!
G13: 2105N | H13: CJV2 | I13: =E11+2 -> #REF! | J13: =I13+4 -> #REF! | O13: =$I13+2 -> #REF! | P13: =I13+3 -> #REF! | T13: =$I13+4 -> #REF! | V13: =I13+5 -> #REF!
G14: =G10 -> 2107E | H14: PSU | I14: =E11+4 -> #REF! | M14: =$I14+2 -> #REF! | N14: =$I14+3 -> #REF!
A15: VTX1 | B15: =#REF! -> #REF! | C15: =#REF! -> #REF! | D15: =D6+7 -> #REF! | E15: =D15+7 -> #REF! | G15: 2105N | H15: CJV3 | I15: =I6+7 -> #REF! | K15: =$I15+3 -> #REF! | L15: =$I15+4 -> #REF! | Q15: =$I15+3 -> #REF! | S15: =$I15+4 -> #REF!
G16: 2064E | H16: SNS | I16: =I7+7 -> #REF! | J16: =$I16+3 -> #REF! | T16: =$I16+3 -> #REF!
G17: 2109E | H17: SKU | I17: =I8+7 -> #REF! | M17: =$I17+2 -> #REF! | N17: =$I17+3 -> #REF! | U17: =I17+5 -> #REF!
G18: 2108E | H18: S7 | I18: =I9+7 -> #REF!
G19: 2108E | H19: PSU | I19: =I10+7 -> #REF! | M19: =$I19+2 -> #REF! | N19: =$I19+3 -> #REF!
A20: VTX2 | B20: =#REF! -> #REF! | C20: =#REF! -> #REF! | D20: =D11+7 -> #REF! | E20: =D20+7 -> #REF! | G20: 2105N | H20: CJV3 | I20: =I11+7 -> #REF! | Q20: =$I20+3 -> #REF! | S20: =$I20+4 -> #REF!
G21: 2104E | H21: SKU | I21: =I12+7 -> #REF! | M21: =$I21+2 -> #REF! | N21: =$I21+3 -> #REF! | U21: =I21+5 -> #REF!
G22: 2105N | H22: CJV2 | I22: =I13+7 -> #REF! | O22: =$I22+2 -> #REF! | P22: =$I22+2 -> #REF! | T22: =$I22+4 -> #REF! | V22: =I22+5 -> #REF!
G23: =G19 -> 2108E | H23: PSU | I23: =I14+7 -> #REF! | M23: =$I23+2 -> #REF! | N23: =$I23+3 -> #REF!
A24: VTX1 | B24: =#REF! -> #REF! | C24: =#REF! -> #REF! | D24: =D15+7 -> #REF! | E24: =D24+7 -> #REF! | G24: 2105N | H24: CJV3 | I24: =I15+7 -> #REF! | K24: =$I24+3 -> #REF! | L24: =$I24+4 -> #REF! | Q24: =$I24+3 -> #REF! | S24: =$I24+4 -> #REF!
G25: 2065E | H25: SNS | I25: =I16+7 -> #REF! | J25: =$I25+3 -> #REF! | T25: =$I25+3 -> #REF!
G26: 2109E | H26: SKU | I26: =I17+7 -> #REF! | M26: =$I26+2 -> #REF! | N26: =$I26+3 -> #REF! | U26: =I26+5 -> #REF!
G27: 2109E | H27: S7 | I27: =I18+7 -> #REF!
G28: 2109E | H28: PSU | I28: =I19+7 -> #REF! | M28: =$I28+2 -> #REF! | N28: =$I28+3 -> #REF!
A29: VTX2 | B29: =#REF! -> #REF! | C29: =#REF! -> #REF! | D29: =D20+7 -> #REF! | E29: =D29+7 -> #REF! | G29: =G24 -> 2105N | H29: CJV3 | I29: =I20+7 -> #REF! | Q29: =$I29+3 -> #REF! | S29: =$I29+4 -> #REF!
G30: =G26 -> 2109E | H30: SKU | I30: =I21+7 -> #REF! | M30: =$I30+2 -> #REF! | N30: =$I30+3 -> #REF! | U30: =I30+5 -> #REF!
G31: 2105N | H31: CJV2 | I31: =I22+7 -> #REF! | O31: =$I31+2 -> #REF! | P31: =$I31+2 -> #REF! | T31: =$I31+4 -> #REF! | V31: =I31+5 -> #REF!
G32: 2109E | H32: PSU | I32: =I23+7 -> #REF! | M32: =$I32+2 -> #REF! | N32: =$I32+3 -> #REF!
A33: VTX1 | B33: =#REF! -> #REF! | C33: =#REF! -> #REF! | D33: =D24+7 -> #REF! | E33: =D33+7 -> #REF! | G33: 2109N | H33: CJV3 | I33: =I24+7 -> #REF! | K33: =$I33+3 -> #REF! | L33: =$I33+4 -> #REF! | Q33: =$I33+3 -> #REF! | S33: =$I33+4 -> #REF!
G34: 2066E | H34: SNS | I34: =I25+7 -> #REF! | J34: =$I34+3 -> #REF! | T34: =$I34+3 -> #REF!
G35: 1604E | H35: SKU | I35: =I26+7 -> #REF! | M35: =$I35+2 -> #REF! | N35: =$I35+3 -> #REF! | U35: =I35+5 -> #REF!
G36: 2110E | H36: S7 | I36: =I27+7 -> #REF!
G37: 2105E | H37: PSU | I37: =I28+7 -> #REF! | M37: =$I37+2 -> #REF! | N37: =$I37+3 -> #REF!
A38: VTX2 | B38: =#REF! -> #REF! | C38: =#REF! -> #REF! | D38: =D29+7 -> #REF! | E38: =D38+7 -> #REF! | G38: =G33 -> 2109N | H38: CJV3 | I38: =I29+7 -> #REF! | Q38: =$I38+3 -> #REF! | S38: =$I38+4 -> #REF!
G39: 1604E | H39: SKU | I39: =I30+7 -> #REF! | M39: =$I39+2 -> #REF! | N39: =$I39+3 -> #REF! | U39: =I39+5 -> #REF!
G40: 2107N | H40: CJV2 | I40: =I31+7 -> #REF! | O40: =$I40+2 -> #REF! | P40: =$I40+2 -> #REF! | T40: =$I40+4 -> #REF! | V40: =I40+5 -> #REF!
G41: =G37 -> 2105E | H41: PSU | I41: =I32+7 -> #REF! | M41: =$I41+2 -> #REF! | N41: =$I41+3 -> #REF!

Sheet CKV-NORTH 
A1: 152693 | D1: SITC Vietnam Co., Ltd. HCM Branch
D2: 193 Dinh Tien Hoang, District 1, Hochiminh City, Vietnam
D3: Tel: 84-8-54047415 Fax: 84-8-54047420 Website: www.sitc.com
A5: TERMINAL:
A7: Qinzhou: | B7: Qinzhou Baoshui Terminal
A8: Shekou: | B8: Shekou Container Terminal
A9: Xiamen: | B9: Xiamen New World Xiangyu Terminals Company
A10: Inchon: | B10: ICT
A11: Pyeongtaek: | B11: PCTC
A12: Shidao: | B12: Shidao New Port
A13: Qingdao: | B13: QQCTU
A15: CKV DIRECT SERVICE : | D15: Ho Chi Minh-Qinzhou- Shekou-Xiamen- Incheon - Pyeongtaek - Daesan - Qingdao
A16: VESSEL | C16: VOY | D16: ETD HCM Saturday | E16: FANGCHENG | F16: FANGCHENG | G16: QINZHOU | H16: FANGCHENG | I16: FANGCHENG | J16: SHEKOU | K16: XIAMEN | L16: INCHEON | M16: QINGDAO | N16: PYEONGTAEK | O16: DAESAN | Q16: QINGDAO
E17: MONDAY | F17: MONDAY | G17: TUESDAY | H17: MONDAY | I17: THURSDAY | J17: SATURDAY | K17: MONDAY | L17: THURSDAY | M17: SATURDAY | N17: FRIDAY | O17: SATURDAY | Q17: MONDAY
E18: 2 days | G18: 3 days | I18: 5 days | J18: 7 days | K18: 9 days | L18: 12 days | M18: 14 days | N18: 13 days | O18: 14 days | Q18: 16 days
A19: PERTH BRIDGE | C19: 1421N | D19: 42007 | G19: =D19+3 -> 42010 | J19: =D19+8 -> 42015 | K19: =D19+9 -> 42016 | L19: =D19+12 -> 42019 | N19: =D19+13 -> 42020 | O19: =D19+14 -> 42021 | Q19: =D19+17 -> 42024
A20: FSL SANTOS | C20: 1501N | D20: =D19+7 -> 42014 | G20: =D20+3 -> 42017 | J20: =D20+8 -> 42022 | K20: =D20+9 -> 42023 | L20: =D20+12 -> 42026 | N20: =D20+13 -> 42027 | O20: =D20+14 -> 42028 | Q20: =D20+17 -> 42031
A21: SITC HAIPHONG | C21: 1501N | D21: =D20+7 -> 42021 | G21: =D21+3 -> 42024 | J21: =D21+8 -> 42029 | K21: =D21+9 -> 42030 | L21: =D21+12 -> 42033 | N21: =D21+13 -> 42034 | O21: =D21+14 -> 42035 | Q21: =D21+17 -> 42038
A22: SITC HAKATA | C22: 1501N | D22: =D21+7 -> 42028 | G22: =D22+3 -> 42031 | J22: =D22+8 -> 42036 | K22: =D22+9 -> 42037 | L22: =D22+12 -> 42040 | N22: =D22+13 -> 42041 | O22: =D22+14 -> 42042 | Q22: =D22+17 -> 42045
A23: ANITA L. | C23: 1503N | D23: =D22+7 -> 42035 | G23: =D23+3 -> 42038 | J23: =D23+8 -> 42043 | K23: =D23+9 -> 42044 | L23: =D23+12 -> 42047 | N23: =D23+13 -> 42048 | O23: =D23+14 -> 42049 | Q23: =D23+17 -> 42052
A24: VAN HARMONY | C24: 1503N | D24: =D23+7 -> 42042 | G24: =D24+3 -> 42045 | J24: =D24+8 -> 42050 | K24: =D24+9 -> 42051 | L24: =D24+12 -> 42054 | N24: =D24+13 -> 42055 | O24: =D24+14 -> 42056 | Q24: =D24+17 -> 42059
A25: PERTH BRIDGE | C25: 1503N | D25: =D24+8 -> 42050 | G25: SKIP | J25: =D25+8 -> 42058 | K25: =D25+9 -> 42059 | L25: =D25+12 -> 42062 | N25: =D25+13 -> 42063 | O25: =D25+14 -> 42064 | Q25: =D25+17 -> 42067
A26: SKIP HCM | D26: =D24+14 -> 42056 | G26: =D26+3 -> 42059 | J26: =D26+8 -> 42064 | K26: =D26+9 -> 42065 | L26: =D26+12 -> 42068 | N26: =D26+13 -> 42069 | O26: =D26+14 -> 42070 | Q26: =D26+17 -> 42073
A27: SITC HAIPHONG | C27: 1503N | D27: =D26+7 -> 42063 | G27: =D27+3 -> 42066 | J27: =D27+8 -> 42071 | K27: =D27+9 -> 42072 | L27: =D27+12 -> 42075 | N27: =D27+13 -> 42076 | O27: =D27+14 -> 42077 | Q27: =D27+17 -> 42080
A28: SITC HAKATA | C28: 1503N | D28: =D27+7 -> 42070 | G28: =D28+3 -> 42073 | J28: =D28+8 -> 42078 | K28: =D28+9 -> 42079 | L28: =D28+12 -> 42082 | N28: =D28+13 -> 42083 | O28: =D28+14 -> 42084 | Q28: =D28+17 -> 42087
A29: ANITA L. | C29: 1505N | D29: =D28+7 -> 42077 | G29: =D29+3 -> 42080 | J29: =D29+8 -> 42085 | K29: =D29+9 -> 42086 | L29: =D29+12 -> 42089 | N29: =D29+13 -> 42090 | O29: =D29+14 -> 42091 | Q29: =D29+17 -> 42094
A30: SITC INCHON | C30: 1505N | D30: =D29+7 -> 42084 | G30: =D30+3 -> 42087 | J30: =D30+8 -> 42092 | K30: =D30+9 -> 42093 | L30: =D30+12 -> 42096 | N30: =D30+13 -> 42097 | O30: =D30+14 -> 42098 | Q30: =D30+17 -> 42101
A31: PERTH BRIDGE | C31: 1505N | D31: =D30+7 -> 42091 | G31: =D31+3 -> 42094 | J31: =D31+8 -> 42099 | K31: =D31+9 -> 42100 | L31: =D31+12 -> 42103 | N31: =D31+13 -> 42104 | O31: =D31+14 -> 42105 | Q31: =D31+17 -> 42108
A32: VAN HARMONY | C32: 1507N | D32: =D31+7 -> 42098 | G32: =D32+3 -> 42101 | J32: =D32+8 -> 42106 | K32: =D32+9 -> 42107 | L32: =D32+12 -> 42110 | N32: =D32+13 -> 42111 | O32: =D32+14 -> 42112 | Q32: =D32+17 -> 42115
A33: SITC HAIPHONG | C33: 1505N | D33: =D32+7 -> 42105 | G33: =D33+3 -> 42108 | J33: =D33+8 -> 42113 | K33: =D33+9 -> 42114 | L33: =D33+12 -> 42117 | N33: =D33+13 -> 42118 | O33: =D33+14 -> 42119 | Q33: =D33+17 -> 42122
A34: SITC HAKATA | C34: 1505N | D34: =D33+7 -> 42112 | G34: =D34+3 -> 42115 | J34: =D34+8 -> 42120 | K34: =D34+9 -> 42121 | L34: =D34+12 -> 42124 | N34: =D34+13 -> 42125 | O34: =D34+14 -> 42126 | Q34: =D34+17 -> 42129
A35: ANITA L. | C35: 1507N | D35: =D34+7 -> 42119 | G35: =D35+3 -> 42122 | J35: =D35+8 -> 42127 | K35: =D35+9 -> 42128 | L35: =D35+12 -> 42131 | N35: =D35+13 -> 42132 | O35: =D35+14 -> 42133 | Q35: =D35+17 -> 42136
A36: SITC INCHON | C36: 1507N | D36: =D35+7 -> 42126 | G36: =D36+3 -> 42129 | J36: =D36+8 -> 42134 | K36: =D36+9 -> 42135 | L36: =D36+12 -> 42138 | N36: =D36+13 -> 42139 | O36: =D36+14 -> 42140 | Q36: =D36+17 -> 42143
A37: PERTH BRIDGE | C37: 1507 | D37: =D36+7 -> 42133 | G37: =D37+3 -> 42136 | J37: =D37+8 -> 42141 | K37: =D37+9 -> 42142 | L37: =D37+12 -> 42145 | N37: =D37+13 -> 42146 | O37: =D37+14 -> 42147 | Q37: =D37+17 -> 42150
A38: VAN HARMONY | C38: 1509 | D38: =D37+7 -> 42140 | G38: =D38+3 -> 42143 | J38: SKIP | K38: 42161 | L38: =D38+18 -> 42158 | N38: 42157 | O38: 42156 | Q38: SKIP
A39: SITC HAIPHONG | C39: 1507 | D39: =D38+7 -> 42147 | G39: =D39+3 -> 42150 | J39: =D39+8 -> 42155 | K39: =D39+9 -> 42156 | L39: =D39+12 -> 42159 | N39: =D39+13 -> 42160 | O39: =D39+14 -> 42161 | Q39: =D39+17 -> 42164
A40: SITC HAKATA | C40: 1507 | D40: =D39+7 -> 42154 | G40: =D40+3 -> 42157 | J40: =D40+8 -> 42162 | K40: =D40+9 -> 42163 | L40: =D40+12 -> 42166 | N40: =D40+13 -> 42167 | O40: =D40+14 -> 42168 | Q40: =D40+17 -> 42171
A41: ASIAN GYRO | C41: 1513 | D41: =D40+7 -> 42161 | G41: =D41+3 -> 42164 | J41: =D41+8 -> 42169 | K41: =D41+9 -> 42170 | L41: =D41+12 -> 42173 | N41: =D41+13 -> 42174 | O41: =D41+14 -> 42175 | Q41: =D41+17 -> 42178
A42: SITC INCHON | C42: 1509 | D42: =D41+7 -> 42168 | G42: =D42+3 -> 42171 | J42: =D42+8 -> 42176 | K42: =D42+9 -> 42177 | L42: =D42+12 -> 42180 | N42: =D42+13 -> 42181 | O42: =D42+14 -> 42182 | Q42: =D42+17 -> 42185
A43: PERTH BRIDGE | C43: 1509 | D43: =D42+7 -> 42175 | G43: =D43+3 -> 42178 | J43: =D43+8 -> 42183 | K43: =D43+9 -> 42184 | L43: =D43+12 -> 42187 | N43: =D43+13 -> 42188 | O43: =D43+14 -> 42189 | Q43: =D43+17 -> 42192
A44: VAN HARMONY | C44: 1511 | D44: =D43+7 -> 42182 | G44: =D44+3 -> 42185 | J44: =D44+8 -> 42190 | K44: =D44+9 -> 42191 | L44: =D44+12 -> 42194 | N44: =D44+13 -> 42195 | O44: =D44+14 -> 42196 | Q44: =D44+17 -> 42199
A45: SITC HAIPHONG | C45: 1511 | D45: =D44+7 -> 42189 | G45: =D45+3 -> 42192 | J45: =D45+8 -> 42197 | K45: =D45+9 -> 42198 | L45: =D45+12 -> 42201 | N45: =D45+13 -> 42202 | O45: =D45+14 -> 42203 | Q45: =D45+17 -> 42206
A46: SITC HAKATA | C46: 1509 | D46: =D45+7 -> 42196 | G46: =D46+3 -> 42199 | J46: =D46+8 -> 42204 | K46: =D46+9 -> 42205 | L46: =D46+12 -> 42208 | N46: =D46+13 -> 42209 | O46: =D46+14 -> 42210 | Q46: =D46+17 -> 42213
A47: ASIAN GYRO | C47: 1515 | D47: =D46+7 -> 42203 | E47: =D47+2 -> 42205 | G47: =D47+3 -> 42206 | J47: =D47+8 -> 42211 | K47: =D47+9 -> 42212 | L47: =D47+12 -> 42215 | N47: =D47+13 -> 42216 | O47: =D47+14 -> 42217 | Q47: =D47+17 -> 42220
A48: SITC INCHON | C48: 1511 | D48: =D47+7 -> 42210 | E48: =D48+2 -> 42212 | G48: =D48+3 -> 42213 | J48: =D48+8 -> 42218 | K48: =D48+9 -> 42219 | L48: =D48+12 -> 42222 | N48: =D48+13 -> 42223 | O48: =D48+14 -> 42224 | Q48: =D48+17 -> 42227
A49: PERTH BRIDGE | C49: 1511 | D49: =D48+7 -> 42217 | E49: =D49+2 -> 42219 | G49: =D49+3 -> 42220 | J49: =D49+8 -> 42225 | K49: =D49+9 -> 42226 | L49: =D49+12 -> 42229 | N49: =D49+13 -> 42230 | O49: =D49+14 -> 42231 | Q49: =D49+17 -> 42234
A50: VAN HARMONY | C50: 1513N | D50: =D49+7 -> 42224 | E50: =D50+2 -> 42226 | G50: =D50+3 -> 42227 | J50: =D50+8 -> 42232 | K50: =D50+9 -> 42233 | L50: =D50+12 -> 42236 | N50: =D50+13 -> 42237 | O50: =D50+14 -> 42238 | Q50: =D50+17 -> 42241
A51: SITC HAIPHONG | C51: 1513 | D51: =D50+7 -> 42231 | E51: =D51+2 -> 42233 | G51: =D51+3 -> 42234 | J51: =D51+8 -> 42239 | K51: =D51+9 -> 42240 | L51: =D51+12 -> 42243 | N51: =D51+13 -> 42244 | O51: =D51+14 -> 42245 | Q51: =D51+17 -> 42248
A52: SITC HAKATA | C52: 1511 | D52: =D51+7 -> 42238 | E52: =D52+2 -> 42240 | G52: =D52+3 -> 42241 | J52: =D52+8 -> 42246 | K52: =D52+9 -> 42247 | L52: =D52+12 -> 42250 | N52: =D52+13 -> 42251 | O52: =D52+14 -> 42252 | Q52: =D52+17 -> 42255
A53: ASIAN GYRO | C53: 1517 | D53: =D52+7 -> 42245 | E53: =D53+2 -> 42247 | G53: =D53+3 -> 42248 | J53: =D53+8 -> 42253 | K53: =D53+9 -> 42254 | L53: =D53+12 -> 42257 | N53: =D53+13 -> 42258 | O53: =D53+14 -> 42259 | Q53: =D53+17 -> 42262
A54: SITC INCHON | C54: 1513 | D54: =D53+7 -> 42252 | E54: =D54+2 -> 42254 | G54: =D54+3 -> 42255 | J54: =D54+8 -> 42260 | K54: =D54+9 -> 42261 | L54: =D54+12 -> 42264 | N54: =D54+13 -> 42265 | O54: =D54+14 -> 42266 | Q54: =D54+17 -> 42269
A55: BRIGHT LAEM CHABANG | C55: 1523 | D55: =D54+7 -> 42259 | E55: =D55+2 -> 42261 | G55: =D55+3 -> 42262 | J55: =D55+8 -> 42267 | K55: =D55+9 -> 42268 | L55: =D55+12 -> 42271 | N55: =D55+13 -> 42272 | O55: =D55+14 -> 42273 | Q55: =D55+17 -> 42276
A56: VAN HARMONY | C56: 1515 | D56: =D55+7 -> 42266 | E56: =D56+2 -> 42268 | G56: =D56+3 -> 42269 | J56: =D56+8 -> 42274 | K56: =D56+9 -> 42275 | L56: =D56+12 -> 42278 | N56: =D56+13 -> 42279 | O56: =D56+14+7 -> 42287 | Q56: =D56+17+7 -> 42290
A57: SITC HAIPHONG | C57: 1515 | D57: =D56+7 -> 42273 | E57: =D57+2 -> 42275 | G57: =D57+3 -> 42276 | J57: SKIP | K57: SKIP | L57: SKIP | M57: SKIP | N57: SKIP | O57: SKIP | P57: SKIP | Q57: SKIP
A58: SITC HAKATA | C58: 1513 | D58: =D57+7 -> 42280 | E58: =D58+2 -> 42282 | G58: SKIP | J58: =D58+8 -> 42288 | K58: =D58+9 -> 42289 | L58: =D58+12 -> 42292 | N58: =D58+13 -> 42293 | O58: =D58+14 -> 42294 | Q58: =D58+17 -> 42297
A59: PERTH BRIDGE | C59: 1517N | D59: =D58+7 -> 42287 | E59: =D59+2 -> 42289 | G59: =D59+3 -> 42290 | J59: =D59+8 -> 42295 | K59: =D59+9 -> 42296 | L59: =D59+12 -> 42299 | N59: =D59+13 -> 42300 | O59: =D59+14 -> 42301 | Q59: =D59+17 -> 42304
A60: SITC INCHON | C60: 1515 | D60: =D59+7 -> 42294 | E60: =D60+2 -> 42296 | G60: =D60+3 -> 42297 | J60: =D60+8 -> 42302 | K60: =D60+9 -> 42303 | L60: =D60+12 -> 42306 | N60: =D60+13 -> 42307 | O60: =D60+14 -> 42308 | Q60: =D60+17 -> 42311
A61: SKIP HCM | D61: =D60+7 -> 42301
A62: SITC HAIPHONG | C62: 1517N | D62: =D61+7 -> 42308 | G62: =D62+3 -> 42311 | J62: =D62+8 -> 42316 | K62: =D62+9 -> 42317 | L62: =D62+12 -> 42320 | N62: =D62+13 -> 42321 | O62: =D62+14 -> 42322 | Q62: =D62+17 -> 42325
A63: SKIP HCM | D63: =D62+7 -> 42315 | G63: =D63+3 -> 42318 | J63: =D63+7 -> 42322 | K63: =D63+9 -> 42324 | L63: =D63+12 -> 42327 | N63: =D63+13 -> 42328 | O63: =D63+14 -> 42329 | Q63: =D63+16 -> 42331
A64: SITC HAKATA | C64: 1515N | D64: =D63+7 -> 42322 | E64: =D64+2 -> 42324 | G64: =D64+3 -> 42325 | J64: =D64+7 -> 42329 | K64: =D64+9 -> 42331 | L64: =D64+12 -> 42334 | N64: =D64+13 -> 42335 | O64: =D64+14 -> 42336 | Q64: =D64+16 -> 42338
A65: PERTH BRIDGE | C65: 1519N | D65: =D64+7 -> 42329 | G65: =D65+3 -> 42332 | J65: =D65+7 -> 42336 | K65: =D65+9 -> 42338 | L65: =D65+12 -> 42341 | N65: =D65+13 -> 42342 | O65: =D65+14 -> 42343 | Q65: =D65+16 -> 42345
A66: SITC INCHON | C66: 1517N | D66: =D65+7 -> 42336 | G66: =D66+3 -> 42339 | J66: =D66+7 -> 42343 | K66: =D66+9 -> 42345 | L66: =D66+12 -> 42348 | N66: =D66+13 -> 42349 | O66: =D66+14 -> 42350 | Q66: =D66+16 -> 42352
A67: BRIGHT LAEM CHABANG | C67: 1527N | D67: =D66+7 -> 42343 | G67: =D67+3 -> 42346 | J67: =D67+7 -> 42350 | K67: =D67+9 -> 42352 | L67: =D67+12 -> 42355 | N67: =D67+13 -> 42356 | O67: =D67+14 -> 42357 | Q67: =D67+16 -> 42359
A68: SITC HAIPHONG | C68: 1519N | D68: =D67+7 -> 42350 | G68: =D68+3 -> 42353 | J68: =D68+7 -> 42357 | K68: =D68+9 -> 42359 | L68: =D68+12 -> 42362 | N68: =D68+13 -> 42363 | O68: =D68+14 -> 42364 | Q68: =D68+16 -> 42366
A69: SKIP HCM | D69: =D68+7 -> 42357
A70: SKIP HCM | D70: =D69+7 -> 42364
A71: PERTH BRIDGE | C71: 1521N | D71: =D70+7 -> 42371 | G71: =D71+3 -> 42374 | J71: =D71+7 -> 42378 | K71: =D71+9 -> 42380 | L71: =D71+12 -> 42383 | N71: =D71+13 -> 42384 | O71: =D71+14 -> 42385 | Q71: =D71+16 -> 42387
A72: SITC INCHON | C72: 1601N | D72: =D71+7 -> 42378 | G72: =D72+3 -> 42381 | J72: =D72+7 -> 42385 | K72: =D72+9 -> 42387 | L72: =D72+12 -> 42390 | N72: =D72+13 -> 42391 | O72: =D72+14 -> 42392 | Q72: =D72+16 -> 42394
A73: BRIGHT LAEM CHABANG | C73: 1601N | D73: =D72+7 -> 42385 | G73: =D73+3 -> 42388 | J73: =D73+7 -> 42392 | K73: =D73+9 -> 42394 | L73: =D73+12 -> 42397 | N73: =D73+13 -> 42398 | O73: =D73+14 -> 42399 | Q73: =D73+16 -> 42401
A74: SITC HAIPHONG | C74: 1601N | D74: =D73+7 -> 42392 | G74: =D74+3 -> 42395 | J74: =D74+7 -> 42399 | K74: =D74+9 -> 42401 | L74: =D74+12 -> 42404 | N74: SKIP | O74: =D74+14 -> 42406 | Q74: =D74+16 -> 42408
A75: HYUNDAI HARMONY | C75: 1603N | D75: =D74+7 -> 42399 | G75: =D75+3 -> 42402 | J75: =D75+7 -> 42406 | K75: =D75+9 -> 42408 | L75: =D75+12 -> 42411 | N75: =D75+13 -> 42412 | O75: =D75+14 -> 42413 | Q75: =D75+16 -> 42415
A76: SKIP HCM | D76: =D75+7 -> 42406
A77: SKIP HCM | D77: =D76+7 -> 42413
A78: SITC INCHON | C78: 1603N | D78: =D77+7 -> 42420 | G78: =D78+3 -> 42423 | J78: =D78+7 -> 42427 | K78: =D78+9 -> 42429 | L78: =D78+12 -> 42432 | N78: =D78+13 -> 42433 | O78: =D78+14 -> 42434 | Q78: =D78+16 -> 42436
A79: BRIGHT LAEM CHABANG | C79: 1603N | D79: =D78+7 -> 42427 | G79: =D79+3 -> 42430 | J79: =D79+7 -> 42434 | K79: =D79+9 -> 42436 | L79: =D79+12 -> 42439 | N79: =D79+13 -> 42440 | O79: =D79+14 -> 42441 | Q79: =D79+16 -> 42443
A80: SITC HAIPHONG | C80: 1603N | D80: =D79+7 -> 42434 | G80: =D80+3 -> 42437 | J80: =D80+7 -> 42441 | K80: =D80+9 -> 42443 | L80: =D80+12 -> 42446 | N80: =D80+13 -> 42447 | O80: =D80+14 -> 42448 | Q80: =D80+16 -> 42450
A81: SKIP HCM | D81: =D80+7 -> 42441 | G81: =D81+3 -> 42444 | J81: =D81+7 -> 42448 | K81: =D81+9 -> 42450 | L81: =D81+12 -> 42453 | N81: =D81+13 -> 42454 | O81: =D81+14 -> 42455 | Q81: =D81+16 -> 42457
A82: SITC HAKATA | C82: 1605N | D82: =D81+7 -> 42448 | F82: 42450 | G82: =D82+3 -> 42451 | H82: 42450 | I82: 42450 | J82: =D82+7 -> 42455 | K82: =D82+9 -> 42457 | L82: =D82+12 -> 42460 | N82: =D82+13 -> 42461 | O82: =D82+14 -> 42462 | Q82: =D82+16 -> 42464
A83: PERTH BRIDGE | C83: 1605N | D83: =D82+7 -> 42455 | G83: =D83+3 -> 42458 | J83: =D83+7 -> 42462 | K83: =D83+9 -> 42464 | L83: =D83+12 -> 42467 | N83: =D83+13 -> 42468 | O83: =D83+14 -> 42469 | Q83: =D83+16 -> 42471
A84: SITC INCHON | C84: 1605N | D84: =D83+7 -> 42462 | G84: =D84+3 -> 42465 | J84: =D84+7 -> 42469 | K84: =D84+9 -> 42471 | L84: =D84+12 -> 42474 | N84: =D84+13 -> 42475 | O84: =D84+14 -> 42476 | Q84: =D84+16 -> 42478
A85: SKIP HCM | D85: =D84+7 -> 42469 | G85: =D85+3 -> 42472 | J85: =D85+7 -> 42476 | K85: =D85+9 -> 42478 | L85: =D85+12 -> 42481 | N85: =D85+13 -> 42482 | O85: =D85+14 -> 42483 | Q85: =D85+16 -> 42485
A86: SITC HAIPHONG | C86: 1605N | D86: =D85+7 -> 42476 | G86: =D86+3 -> 42479 | J86: =D86+7 -> 42483 | K86: =D86+9 -> 42485 | L86: =D86+12 -> 42488 | N86: =D86+13 -> 42489 | O86: =D86+14 -> 42490 | Q86: =D86+16 -> 42492
A87: SKIP HCM | D87: =D86+7 -> 42483 | G87: =D87+3 -> 42486 | J87: =D87+7 -> 42490 | K87: =D87+9 -> 42492 | L87: =D87+12 -> 42495 | N87: =D87+13 -> 42496 | O87: =D87+14 -> 42497 | Q87: =D87+16 -> 42499
A88: SITC HAKATA | C88: 1607N | D88: =D87+7 -> 42490 | G88: =D88+3 -> 42493 | J88: =D88+7 -> 42497 | K88: =D88+9 -> 42499 | L88: =D88+12 -> 42502 | N88: =D88+13 -> 42503 | O88: =D88+14 -> 42504 | Q88: =D88+16 -> 42506
A89: PERTH BRIDGE | C89: 1607N | D89: =D88+7 -> 42497 | G89: =D89+3 -> 42500 | J89: =D89+7 -> 42504 | K89: =D89+9 -> 42506 | L89: =D89+12 -> 42509 | N89: =D89+13 -> 42510 | O89: =D89+14 -> 42511 | Q89: =D89+16 -> 42513
A90: SITC INCHON | C90: 1607N | D90: =D89+7 -> 42504 | G90: =D90+3 -> 42507 | J90: =D90+7 -> 42511 | K90: =D90+9 -> 42513 | L90: =D90+12 -> 42516 | N90: =D90+13 -> 42517 | O90: =D90+14 -> 42518 | Q90: =D90+16 -> 42520
A91: BRIGHT LAEM CHABANG | C91: 1607N | D91: =D90+7 -> 42511 | G91: =D91+3 -> 42514 | J91: =D91+7 -> 42518 | K91: =D91+9 -> 42520 | L91: =D91+12 -> 42523 | N91: =D91+13 -> 42524 | O91: =D91+14 -> 42525 | Q91: =D91+16 -> 42527
A92: SITC HAIPHONG | C92: 1607N | D92: =D91+7 -> 42518 | G92: =D92+3 -> 42521 | J92: =D92+7 -> 42525 | K92: =D92+9 -> 42527 | L92: =D92+12 -> 42530 | N92: =D92+13 -> 42531 | O92: =D92+14 -> 42532 | Q92: =D92+16 -> 42534
A93: HYUNDAI HARMONY | C93: 1609N | D93: =D92+7 -> 42525 | G93: =D93+3 -> 42528 | J93: =D93+7 -> 42532 | K93: =D93+9 -> 42534 | L93: =D93+12 -> 42537 | N93: =D93+13 -> 42538 | O93: =D93+14 -> 42539 | Q93: =D93+16 -> 42541
A94: SITC HAKATA | C94: 1609N | D94: =D93+7 -> 42532 | G94: =D94+3 -> 42535 | J94: =D94+7 -> 42539 | K94: =D94+9 -> 42541 | L94: =D94+12 -> 42544 | N94: =D94+13 -> 42545 | O94: SKIP | Q94: SKIP
A95: PERTH BRIDGE | C95: 1609N | D95: =D94+7 -> 42539 | G95: =D95+3 -> 42542 | J95: =D95+7 -> 42546 | K95: =D95+9 -> 42548 | L95: =D95+12 -> 42551 | N95: =D95+13 -> 42552 | O95: =D95+14 -> 42553 | Q95: =D95+16 -> 42555
A96: SITC INCHON | C96: 1609N | D96: =D95+7 -> 42546 | G96: =D96+3 -> 42549 | J96: =D96+7 -> 42553 | K96: =D96+9 -> 42555 | L96: =D96+12 -> 42558 | N96: =D96+13 -> 42559 | O96: =D96+14 -> 42560 | Q96: =D96+16 -> 42562
A97: BRIGHT LAEM CHABANG | C97: 1609N | D97: =D96+7 -> 42553 | G97: =D97+3 -> 42556 | J97: =D97+7 -> 42560 | K97: =D97+9 -> 42562 | L97: =D97+12 -> 42565 | N97: =D97+13 -> 42566 | O97: =D97+14 -> 42567 | Q97: =D97+16 -> 42569
A98: SITC HAIPHONG | C98: 1609N | D98: =D97+7 -> 42560 | G98: =D98+3 -> 42563 | J98: =D98+7 -> 42567 | K98: =D98+9 -> 42569 | L98: =D98+12 -> 42572 | N98: =D98+13 -> 42573 | O98: =D98+14 -> 42574 | Q98: =D98+16 -> 42576
A99: HYUNDAI HARMONY | C99: 1611N | D99: =D98+7 -> 42567 | G99: =D99+3 -> 42570 | J99: =D99+7 -> 42574 | K99: =D99+9 -> 42576 | L99: =D99+12 -> 42579 | N99: =D99+13 -> 42580 | O99: =D99+14 -> 42581 | Q99: =D99+16 -> 42583
A100: WELLINGTON STRAIT | C100: 1631N | D100: =D99+7 -> 42574 | G100: =D100+3 -> 42577 | J100: SKIP | K100: SKIP | L100: SKIP | M100: SKIP | N100: SKIP | O100: SKIP | P100: SKIP | Q100: SKIP
A101: PERTH BRIDGE | C101: 1611N | D101: =D100+7 -> 42581 | G101: =D101+3 -> 42584 | J101: =D101+7 -> 42588 | K101: =D101+9 -> 42590 | L101: =D101+12 -> 42593 | N101: =D101+13 -> 42594 | O101: =D101+14 -> 42595 | Q101: =D101+16 -> 42597
A102: SITC HAKATA | C102: 1613N | D102: =D101+7 -> 42588 | G102: =D102+3 -> 42591 | J102: =D102+7 -> 42595 | K102: =D102+9 -> 42597 | L102: =D102+12 -> 42600 | N102: =D102+13 -> 42601 | O102: =D102+14 -> 42602 | Q102: =D102+16 -> 42604
A103: BRIGHT LAEM CHABANG | C103: 1611N | D103: =D102+7 -> 42595 | G103: =D103+3 -> 42598 | J103: =D103+7 -> 42602 | K103: =D103+9 -> 42604 | L103: =D103+12 -> 42607 | N103: =D103+13 -> 42608 | O103: =D103+14 -> 42609 | Q103: =D103+16 -> 42611
...

Sheet JAKARTA (SAT)
C1: SITC Vietnam Co., Ltd. HCM Branch
C2: 193 Dinh Tien Hoang, District 1, Hochiminh City, Vietnam
C3: Tel: 84-8-54047415 Fax: 84-8-54047420 Website: www.sitc.com
A7: TERMINAL:
A8: Bangkok: PAT
A9: Laem Chabang: C3 or B5 (depend on occupancy)--LHIT: Laem Chabang International Terminal | M9: 152693
A10: Lat Krabang and BMTP via Laem Chabang: transit by barge
A11: Jakarta: JAKARTA INTERNATIONAL CONTAINER TERMINAL (JICT 1 ) - Port TANJUNG PRIOK
A13: *** NEW CKV ***(SATURDAY): HOCHIMINH - LAEM CHABANG - JAKARTA
A14: VESSEL | C14: VOY | D14: ETD HCM Saturday VTI | E14: LCB | F14: LATKRABANG VIA LEAM CHABANG | G14: BMTP VIA LAEM CHABANG | H14: JAKARTA | I14: NINGBO | K14: SHANGHAI | L14: Bintulu | M14: Xiamen | N14: Inchon | O14: Pyeongtaek | P14: Qingdao
E15: Monday | F15: Wednesday | G15: Wednesday | H15: Friday | I15: Saturday | K15: Sunday | L15: Tuesday | M15: Saturday | N15: Wednesday | O15: Wednesday | P15: Saturday
E16: 3 days | F16: 5 days | G16: 5 days | H16: 7 days | I16: 14 days | K16: 15 days | L16: 10 days | M16: 14 days | N16: 18 days | O16: 18 days | P16: 21 days
A17: HYUNDAI HARMONY | C17: 1534S | D17: 42343 | E17: =D17+3 -> 42346 | F17: =D17+5 -> 42348 | G17: =D17+5 -> 42348 | H17: =D17+7 -> 42350
A18: SITC HAKATA | C18: 1516S | D18: =D17+7 -> 42350 | E18: =D18+3 -> 42353 | F18: =D18+5 -> 42355 | G18: =D18+5 -> 42355 | H18: =D18+7 -> 42357
A19: PERTH BRIDGE | C19: 1520S | D19: =D18+7 -> 42357 | E19: =D19+3 -> 42360 | F19: =D19+5 -> 42362 | G19: =D19+5 -> 42362 | H19: =D19+7 -> 42364
A20: SITC INCHON | C20: 1518S | D20: =D19+7 -> 42364 | E20: =D20+3 -> 42367 | F20: =D20+5 -> 42369 | G20: =D20+5 -> 42369 | H20: =D20+7 -> 42371
A21: BRIGHT LAEM CHABANG | C21: 1528S | D21: =D20+7 -> 42371 | E21: =D21+3 -> 42374 | F21: =D21+5 -> 42376 | G21: =D21+5 -> 42376 | H21: =D21+7 -> 42378
A22: SITC HAIPHONG | C22: 1520S | D22: =D21+7 -> 42378 | E22: =D22+3 -> 42381 | F22: =D22+5 -> 42383 | G22: =D22+5 -> 42383 | H22: =D22+7 -> 42385
A23: HYUNDAI HARMONY | C23: 1602S | D23: =D22+7 -> 42385 | E23: =D23+3 -> 42388 | F23: =D23+5 -> 42390 | G23: =D23+5 -> 42390 | H23: =D23+7 -> 42392
A24: SITC HAKATA | C24: 1602S | D24: =D23+7 -> 42392 | E24: =D24+3 -> 42395 | F24: =D24+5 -> 42397 | G24: =D24+5 -> 42397 | H24: =D24+7 -> 42399
A25: PERTH BRIDGE | C25: 1602S | D25: =D24+7 -> 42399 | E25: =D25+3 -> 42402 | F25: =D25+5 -> 42404 | G25: =D25+5 -> 42404 | H25: =D25+7 -> 42406
A26: SITC INCHON | C26: 1602S | D26: =D25+7 -> 42406 | E26: =D26+3 -> 42409 | F26: =D26+5 -> 42411 | G26: =D26+5 -> 42411 | H26: =D26+7 -> 42413
A27: SKIP HCM | D27: =D26+7 -> 42413
A28: SITC HAIPHONG | C28: 1602S | D28: =D27+7 -> 42420 | E28: =D28+3 -> 42423 | F28: =D28+5 -> 42425 | G28: =D28+5 -> 42425 | H28: =D28+7 -> 42427
A29: HYUNDAI HARMONY | C29: 1604S | D29: =D28+7 -> 42427 | E29: =D29+3 -> 42430 | F29: =D29+5 -> 42432 | G29: =D29+5 -> 42432 | H29: =D29+7 -> 42434
A30: SITC HAKATA | C30: 1604S | D30: =D29+7 -> 42434 | E30: =D30+3 -> 42437 | F30: =D30+5 -> 42439 | G30: =D30+5 -> 42439 | H30: =D30+7 -> 42441
A31: PERTH BRIDGE | C31: 1604S | D31: =D30+7 -> 42441 | E31: =D31+3 -> 42444 | F31: =D31+5 -> 42446 | G31: =D31+5 -> 42446 | H31: =D31+7 -> 42448
A32: SITC INCHON | C32: 1604S | D32: =D31+7 -> 42448 | E32: =D32+3 -> 42451 | F32: =D32+5 -> 42453 | G32: =D32+5 -> 42453 | H32: =D32+7 -> 42455
A33: BRIGHT LAEM CHABANG | C33: 1604S | D33: =D32+7 -> 42455 | E33: =D33+3 -> 42458 | F33: =D33+5 -> 42460 | G33: =D33+5 -> 42460 | H33: =D33+7 -> 42462
A34: SKIP HCM | D34: =D33+7 -> 42462 | E34: =D34+3 -> 42465 | F34: =D34+5 -> 42467 | G34: =D34+5 -> 42467 | H34: =D34+7 -> 42469
A35: HYUNDAI HARMONY | C35: 1606S | D35: =D34+7 -> 42469 | E35: =D35+3 -> 42472 | F35: =D35+5 -> 42474 | G35: =D35+5 -> 42474 | H35: =D35+7 -> 42476
A36: SITC HAKATA | C36: 1606S | D36: =D35+7 -> 42476 | E36: =D36+3 -> 42479 | F36: =D36+5 -> 42481 | G36: =D36+5 -> 42481 | H36: =D36+7 -> 42483
A37: SKIP HCM | C37: 1606S | D37: =D36+7 -> 42483 | E37: =D37+3 -> 42486 | F37: =D37+5 -> 42488 | G37: =D37+5 -> 42488 | H37: =D37+7 -> 42490
A38: SITC INCHON | C38: 1606S | D38: =D37+7 -> 42490 | E38: =D38+3 -> 42493 | F38: =D38+5 -> 42495 | G38: =D38+5 -> 42495 | H38: =D38+7 -> 42497
A39: BRIGHT LAEM CHABANG | C39: 1606S | D39: =D38+7 -> 42497 | E39: =D39+3 -> 42500 | F39: =D39+5 -> 42502 | G39: =D39+5 -> 42502 | H39: =D39+7 -> 42504
A40: SITC HAIPHONG | C40: 1606S | D40: =D39+7 -> 42504 | E40: =D40+3 -> 42507 | F40: =D40+5 -> 42509 | G40: =D40+5 -> 42509 | H40: =D40+7 -> 42511
A41: HYUNDAI HARMONY | C41: 1608S | D41: =D40+7 -> 42511 | E41: =D41+3 -> 42514 | F41: =D41+5 -> 42516 | G41: =D41+5 -> 42516 | H41: =D41+7 -> 42518
A42: SITC HAKATA | C42: 1608S | D42: =D41+7 -> 42518 | E42: =D42+3 -> 42521 | F42: =D42+5 -> 42523 | G42: =D42+5 -> 42523 | H42: =D42+7 -> 42525
A43: PERTH BRIDGE | C43: 1608S | D43: =D42+7 -> 42525 | E43: =D43+3 -> 42528 | F43: =D43+5 -> 42530 | G43: =D43+5 -> 42530 | H43: =D43+7 -> 42532
A44: SITC INCHON | C44: 1608S | D44: =D43+7 -> 42532 | E44: =D44+3 -> 42535 | F44: =D44+5 -> 42537 | G44: =D44+5 -> 42537 | H44: =D44+7 -> 42539
A45: BRIGHT LAEM CHABANG | C45: 1608S | D45: =D44+7 -> 42539 | E45: =D45+3 -> 42542 | F45: =D45+5 -> 42544 | G45: =D45+5 -> 42544 | H45: =D45+7 -> 42546
A46: SITC HAIPHONG | C46: 1608S | D46: =D45+7 -> 42546 | E46: =D46+3 -> 42549 | F46: =D46+5 -> 42551 | G46: =D46+5 -> 42551 | H46: =D46+7 -> 42553
... A51: BRIGHT LAEM CHABANG | C51: 1610S | D51: =D50+7 -> 42581 | E51: =D51+3 -> 42584 | F51: =D51+5 -> 42586 | G51: =D51+5 -> 42586 | H51: =D51+7 -> 42588
A52: SKIP HCM | D52: =D51+7 -> 42588 | E52: =D52+3 -> 42591 | F52: =D52+5 -> 42593 | G52: =D52+5 -> 42593 | H52: =D52+7 -> 42595
A53: SKIP HCM | D53: =D52+7 -> 42595 | E53: =D53+3 -> 42598 | F53: =D53+5 -> 42600 | G53: =D53+5 -> 42600 | H53: =D53+7 -> 42602
A54: SKIP HCM | D54: =D53+7 -> 42602 | E54: =D54+3 -> 42605 | F54: =D54+5 -> 42607 | G54: =D54+5 -> 42607 | H54: =D54+7 -> 42609
A55: SKIP HCM | D55: =D54+7 -> 42609 | E55: =D55+3 -> 42612 | F55: =D55+5 -> 42614 | G55: =D55+5 -> 42614 | H55: =D55+7 -> 42616
A56: SKIP HCM | D56: =D55+7 -> 42616 | E56: =D56+3 -> 42619 | F56: =D56+5 -> 42621 | G56: =D56+5 -> 42621 | H56: =D56+7 -> 42623
A57: SKIP HCM | D57: =D56+7 -> 42623 | E57: =D57+3 -> 42626 | F57: =D57+5 -> 42628 | G57: =D57+5 -> 42628 | H57: =D57+7 -> 42630
A58: SKIP HCM | D58: =D57+7 -> 42630 | E58: =D58+3 -> 42633 | F58: =D58+5 -> 42635 | G58: =D58+5 -> 42635 | H58: =D58+7 -> 42637
A59: SKIP HCM | D59: =D58+7 -> 42637 | E59: =D59+3 -> 42640 | F59: =D59+5 -> 42642 | G59: =D59+5 -> 42642 | H59: =D59+7 -> 42644
A60: SITC INCHON | C60: 1614S | D60: =D59+7 -> 42644 | E60: =D60+3 -> 42647 | F60: =D60+5 -> 42649 | G60: =D60+5 -> 42649 | H60: =D60+7 -> 42651
A61: PERTH BRIDGE | C61: 1614S | D61: =D60+7 -> 42651 | E61: =D61+3 -> 42654 | F61: =D61+5 -> 42656 | G61: =D61+5 -> 42656 | H61: =D61+7 -> 42658
A62: SITC HAKATA | C62: 1616S | D62: =D61+7 -> 42658 | E62: =D62+3 -> 42661 | F62: =D62+5 -> 42663 | G62: =D62+5 -> 42663 | H62: =D62+7 -> 42665
A63: BRIGHT LAEM CHABANG | C63: 1614S | D63: =D62+7 -> 42665 | E63: =D63+3 -> 42668 | F63: =D63+5 -> 42670 | G63: =D63+5 -> 42670 | H63: =D63+7 -> 42672
A64: The closing time of NEW CKV: (Saturday)
A65: CAT LAI: 12H00 (NOON) on Friday.
A66: ICD TANAMEXCO, ICD TRANSIMEX, NEW PORT: 16h00 (P.M) on Thursday.
B69: Sale team
A70: Mr Quốc Bình (ext 108) 0903.824.676
A71: Mr Anh Khoa (ext 109) 0906.434.738 | C71: Mr. Vũ Nguyễn - Luis (147) 0903316612
A72: Mr Xuân Vũ (ext 111) 0905.597.190
A73: Mr. Đức Vinh ( ext 117) 0168.479.6261
A74: Mr Anh Khoa (ext 109) 0906.434.738
A75: Ms. Hồng Phúc ( ext 110) 0918 758 718
B77: Customer service
A78: Ms Thuy Kieu - Lyna (112) 0974272499
A82: Ms Thi Ha-Carlena (148) 0972237920,
A83: Ms Thi Trieu-Sarah (114) 01695198251
A84: Mr. Cong Thanh - James (149) 0938 193 753
A85: Ms. Ngoc Kien ( Kathy) - 84-8 54047415 Ext: 142
A86: Ms. Phuong Quynh (Natalie) - 84-8 54047415 Ext: 141 (Freetime)
A87: Ms. Đỗ Nga ( 154) 0982973936
A88: Ms. Hoàng Mai - Tracy (180) - 01694 222 022
A89: Ms. Thùy Dương - Elsa (181) 0949 795 152
A90: Ms. Tuyết - Suri (112) 0932 592 562
B92: Terminal office
A93: Mr Thomas - 0918.567 489
A94: Mr Thuan - 0908 150 015

Sheet NEW VTX4
A1: 152693 | D1: SITC Vietnam Co., Ltd. HCM Branch
D2: 193 Dinh Tien Hoang, District 1, Hochiminh City, Vietnam
D3: Tel: 84-8-54047415 Fax: 84-8-54047420 Website: www.sitc.com
A5: TERMINAL:
A7: Sihanoukville: | B7: SIHANOUKVILLE AUTONOMOUS PORT (SAP)
A8: Bangkok: | B8: PAT
A9: Laem Chabang: | B9: LAEM CHABANG INTERNATIONAL TERMINAL (LCT)
A10: Bintulu: | B10: BINTULU INTERNATIONAL CONTAINER TERMINAL (BTT)
A11: Batangas: | B11: BATANGAS CONTAINER TERMINAL (BTC)
A12: Manila: | B12: MANILA INTERNATIONAL CONTAINER TERMINAL (MICT)
A13: Xingang: | B13: TIANJIN ORIENT CONTAINER TERMINAL (TACT)
A14: Qingdao: | B14: QINGDAO QIANWAN UNITED CONTAINER TERMINAL (QQT)
A15: Shanghai: | B15: WAIGAO QIAO 4
A16: Ningbo: | B16: NINGBO BEILUN INTERNATIONAL CONTAINER TERMINAL (NB PH3)
A17: Hongkong: | B17: HOI KONG CONTAINER SERVICES - DEPOT 1
A19: Update schedule from 30-Sep
A21: VESSEL | C21: VOY | D21: ETD HCM Wednesday | E21: SIHANOUKVILLE | F21: LAEM CHABANG | G21: BINTULU | H21: BATANGAS | K21: MANILA NORTH | M21: SHANGHAI | N21: XINGANG | O21: QINGDAO
E22: Thursday | F22: Friday | G22: Tuesday | H22: Thursday | K22: Saturday | M22: Monday | N22: Thursday | O22: Saturday
E23: 1 days | F23: 2 days | G23: 6 days | H23: 8 days | M23: 12 days | N23: 15 days | O23: 17 days
A24: HS MASTER | C24: 1523N | D24: 42277 | E24: =D24+1 -> 42278 | F24: =D24+2 -> 42279 | G24: =D24+6 -> 42283 | H24: =D24+8 -> 42285 | M24: =D24+12 -> 42289 | N24: SKIP | O24: SKIP
A25: SITC LIAONING | C25: 1523N | D25: =D24+7 -> 42284 | E25: =D25+1 -> 42285 | F25: =D25+2 -> 42286 | G25: SKIP | H25: =D25+8 -> 42292 | M25: =D25+12 -> 42296 | N25: SKIP | O25: =D25+17 -> 42301
A26: SKIP HCM | D26: =D25+7 -> 42291
A27: SICILIA | C27: 1525N | D27: =D26+7 -> 42298 | E27: =D27+1 -> 42299 | F27: =D27+2 -> 42300 | G27: =D27+6 -> 42304 | H27: =D27+8 -> 42306 | K27: 42308 | M27: =D27+12+7 -> 42317 | N27: =D27+15 -> 42313 | O27: =D27+17 -> 42315
A28: SITC HAINAN | C28: 1531N | D28: =D27+7 -> 42305 | E28: =D28+1 -> 42306 | F28: =D28+2 -> 42307 | G28: =D28+6 -> 42311 | H28: =D28+8 -> 42313 | M28: =D28+12+7 -> 42324 | N28: =D28+15 -> 42320 | O28: =D28+17 -> 42322
A29: SITC FUJIAN | C29: 1523N | D29: =D28+7 -> 42312 | E29: =D29+1 -> 42313 | F29: =D29+2 -> 42314 | G29: SKIP | H29: =D29+8 -> 42320 | M29: =D29+12+7 -> 42331 | N29: =D29+15 -> 42327 | O29: =D29+17 -> 42329
A30: SITC SHANGHAI | C30: 1531N | D30: =D29+7 -> 42319 | E30: =D30+1 -> 42320 | F30: =D30+2 -> 42321 | G30: =D30+6 -> 42325 | H30: =D30+8 -> 42327 | M30: =D30+12+7 -> 42338 | N30: SKIP | O30: =D30+17 -> 42336
A31: CHAMPION | C31: 1526S | D31: =D30+7 -> 42326 | E31: =D31+1 -> 42327 | F31: =D31+2 -> 42328 | G31: SKIP | H31: =D31+8 -> 42334 | M31: SKIP | N31: SKIP | O31: SKIP
A33: BELOW SCHEDULE APPLIED FROM 25.NOV - SITC LIAONING 1527N
A35: VESSEL | C35: VOY | D35: ETD HCM Wednesday | E35: SIHANOUKVILLE | F35: LAEM CHABANG | G35: BATANGAS | H35: MANILA NORTH | K35: XINGANG | M35: QINGDAO | N35: SHANGHAI
E36: Thursday | F36: Friday | G36: Wednesday | H36: Thursday | K36: Wednesday | M36: Friday | N36: Sunday
E37: 1 days | F37: 2 days | G37: 7 days | H37: 8 days | K37: 14 days | M37: 16 days | N37: 18 days
A38: SITC LIAONING | C38: 1527N | D38: =D31+7 -> 42333 | E38: =D38+1 -> 42334 | F38: =D38+2 -> 42335 | G38: =D38+7 -> 42340 | H38: =D38+8 -> 42341 | K38: =D38+14 -> 42347 | M38: =D38+16 -> 42349 | N38: =D38+18 -> 42351
A39: SITC MACAO | C39: 1527N | D39: =D38+7 -> 42340 | E39: =D39+1 -> 42341 | F39: =D39+2 -> 42342 | G39: =D39+8 -> 42348 | H39: =D39+8 -> 42348 | K39: =D39+14 -> 42354 | M39: =D39+16 -> 42356 | N39: =D39+18 -> 42358
A40: SICILIA | C40: 1529N | D40: =D39+7 -> 42347 | E40: =D40+1 -> 42348 | F40: =D40+2 -> 42349 | G40: =D40+8 -> 42355 | H40: SKIP | K40: SKIP | M40: SKIP | N40: SKIP
A41: SITC FUJIAN | C41: 1527N | D41: =D40+7 -> 42354 | E41: =D41+1 -> 42355 | F41: =D41+2 -> 42356 | G41: =D41+8 -> 42362 | H41: SKIP | K41: SKIP | M41: =D41+16 -> 42370 | N41: =D41+18 -> 42372
A42: SITC SHANGHAI | C42: 1535N | D42: =D41+7 -> 42361 | E42: =D42+1 -> 42362 | F42: =D42+2 -> 42363 | G42: =D42+8 -> 42369 | H42: SKIP | K42: =D42+14 -> 42375 | M42: =D42+16 -> 42377 | N42: =D42+18 -> 42379
A43: SITC HAINAN | C43: 1601N | D43: =D42+7 -> 42368 | E43: =D43+1 -> 42369 | F43: =D43+2 -> 42370 | G43: =D43+8 -> 42376 | H43: SKIP | K43: =D43+14 -> 42382 | M43: =D43+16 -> 42384 | N43: =D43+18 -> 42386
A44: SITC LIAONING | C44: 1603N | D44: =D43+7 -> 42375 | E44: =D44+1 -> 42376 | F44: =D44+2 -> 42377 | G44: =D44+8 -> 42383 | H44: SKIP | K44: =D44+14 -> 42389 | M44: =D44+16 -> 42391 | N44: =D44+18 -> 42393
A45: SITC MACAO | C45: 1603N | D45: =D44+7 -> 42382 | E45: =D45+1 -> 42383 | F45: =D45+2 -> 42384 | G45: =D45+8 -> 42390 | H45: =D45+8 -> 42390 | K45: =D45+14 -> 42396 | M45: =D45+16 -> 42398 | N45: =D45+18 -> 42400
A46: SITC GUANGXI | C46: 1603N | D46: =D45+7 -> 42389 | E46: =D46+1 -> 42390 | F46: =D46+2 -> 42391 | G46: =D46+7 -> 42396 | H46: =D46+8 -> 42397 | K46: SKIP | M46: SKIP | N46: =D46+18 -> 42407
A47: SICILIA | C47: 1605N | D47: =D46+7 -> 42396 | E47: =D47+1 -> 42397 | F47: =D47+2 -> 42398 | G47: =D47+7 -> 42403 | H47: =D47+8 -> 42404 | K47: SKIP | M47: SKIP | N47: SKIP
A48: SITC SHANGHAI | C48: 1605N | D48: =D47+7 -> 42403 | E48: =D48+1 -> 42404 | F48: =D48+2 -> 42405 | G48: SKIP | H48: SKIP | K48: SKIP | M48: SKIP | N48: SKIP
A49: SITC HEBEI | C49: 1605N | D49: 42407 | E49: SKIP | F49: SKIP | G49: 42410 | H49: 42411 | K49: 42417 | M49: 42419 | N49: 42421
A51: UPDATE FROM 10 FEB 2016
A53: VESSEL | C53: VOY | D53: ETD HCM Wednesday | E53: SIHANOUKVILLE | F53: LAEM CHABANG | G53: BATANGAS | H53: MANILA NORTH | K53: NINGBO | L53: SHANGHAI
E54: Thursday | F54: Saturday | G54: Thursday | H54: Friday | K54: Tuesday | L54: Wednesday
E55: 1 days | F55: 3 days | G55: 8 days | H55: 9 days | K55: 13 days | L55: 14 days
A56: SITC GUANGXI | C56: 1605N | D56: 42410 | E56: =D56+1 -> 42411 | F56: =D56+3 -> 42413 | G56: =D56+8 -> 42418 | H56: SKIP | K56: SKIP | L56: SKIP
A57: SKIP HCM | D57: =D56+7 -> 42417
A58: SKIP HCM | D58: =D57+7 -> 42424
A59: SKIP HCM | D59: =D58+7 -> 42431
A60: SITC LIAONING | C60: 1609N | D60: =D59+7 -> 42438 | E60: =D60+1 -> 42439 | F60: =D60+3 -> 42441 | G60: =D60+8 -> 42446 | H60: =D60+9 -> 42447 | K60: =D60+13 -> 42451 | L60: =D60+14 -> 42452
A61: SITC JAKARTA | C61: 1606S | D61: =D60+7 -> 42445 | E61: =D61+1 -> 42446 | F61: =D61+3 -> 42448 | G61: SKIP | H61: SKIP | K61: SKIP | L61: SKIP
A62: SITC HANSHIN | C62: 1611N | D62: =D61+7 -> 42452 | E62: =D62+1 -> 42453 | F62: =D62+3 -> 42455 | G62: =D62+8 -> 42460 | H62: =D62+9 -> 42461 | K62: =D62+13 -> 42465 | M62: =D62+14 -> 42466
A63: SITC LIAONING | C63: 1611N | D63: =D62+7 -> 42459 | E63: =D63+1 -> 42460 | F63: =D63+3 -> 42462 | G63: =D63+8 -> 42467 | H63: =D63+9 -> 42468 | K63: =D63+13 -> 42472 | M63: =D63+14 -> 42473
A64: SITC JAKARTA | C64: 1609N | D64: =D63+7 -> 42466 | E64: =D64+1 -> 42467 | F64: =D64+3 -> 42469 | G64: =D64+8 -> 42474 | H64: =D64+9 -> 42475 | K64: =D64+13 -> 42479 | M64: =D64+14 -> 42480
A65: SITC HANSHIN | C65: 1613N | D65: =D64+7 -> 42473 | E65: =D65+1 -> 42474 | F65: =D65+3 -> 42476 | G65: =D65+8 -> 42481 | H65: =D65+9 -> 42482 | K65: =D65+13 -> 42486 | M65: =D65+14 -> 42487
D66: =D65+7 -> 42480 | E66: =D66+1 -> 42481 | F66: =D66+3 -> 42483 | G66: =D66+8 -> 42488 | H66: =D66+9 -> 42489 | K66: =D66+13 -> 42493 | M66: =D66+14 -> 42494
D67: =D66+7 -> 42487 | E67: =D67+1 -> 42488 | F67: =D67+3 -> 42490 | G67: =D67+8 -> 42495 | H67: =D67+9 -> 42496 | K67: =D67+13 -> 42500 | M67: =D67+14 -> 42501
A72: VESSEL | C72: VOY | D72: ETD HCM Wednesday | E72: SIHANOUKVILLE | F72: LAEM CHABANG | G72: BATANGAS | H72: MANILA NORTH | I72: FANGCHENG | J72: MANILA SOUTH | K72: NINGBO | L72: TAICANG | M72: SHANGHAI
E73: Thursday | F73: Saturday | G73: Thursday | H73: Friday | I73: Thursday | J73: Saturday | K73: Tuesday | L73: Wednesday | M73: Thursday
E74: 1 days | F74: 3 days | G74: 8 days | H74: 9 days | I74: 15 days | K74: 13 days | L74: 14 days | M74: 15 days
A75: SITC GUANGXI | C75: 1605N | D75: 42410 | E75: =D75+1 -> 42411 | F75: =D75+3 -> 42413 | G75: =D75+8 -> 42418 | H75: SKIP | J75: SKIP | K75: SKIP | M75: SKIP
A76: SKIP HCM | D76: =D75+7 -> 42417
A77: SKIP HCM | D77: =D76+7 -> 42424
A78: SKIP HCM | D78: =D77+7 -> 42431
A79: SITC LIAONING | C79: 1609N | D79: =D78+7 -> 42438 | E79: =D79+1 -> 42439 | F79: =D79+3 -> 42441 | G79: =D79+8 -> 42446 | H79: =D79+9 -> 42447 | J79: =E79+9 -> 42448 | K79: =D79+13 -> 42451 | M79: =D79+14 -> 42452
A80: SITC JAKARTA | C80: 1607N | D80: =D79+7 -> 42445 | E80: =D80+1 -> 42446 | F80: =D80+3 -> 42448 | G80: =D80+8 -> 42453 | H80: =D80+9 -> 42454 | J80: =E80+9 -> 42455 | K80: =D80+13 -> 42458 | M80: =D80+14 -> 42459
A81: SITC HANSHIN | C81: 1611N | D81: =D80+7 -> 42452 | E81: =D81+1 -> 42453 | F81: =D81+3 -> 42455 | G81: =D81+8 -> 42460 | H81: =D81+9 -> 42461 | K81: SKIP | L81: SKIP | M81: SKIP
A82: SITC LIAONING | C82: 1611N | D82: =D81+7 -> 42459 | E82: =D82+1 -> 42460 | F82: =D82+3 -> 42462 | G82: =D82+8 -> 42467 | H82: SKIP | K82: =D82+13 -> 42472 | L82: =D82+14 -> 42473 | M82: =D82+15 -> 42474
A83: SITC FUJIAN | C83: 1610S | D83: =D82+7 -> 42466 | E83: =D83+1 -> 42467 | F83: =D83+3 -> 42469 | G83: SKIP | H83: SKIP | I83: =D83+15 -> 42481 | K83: SKIP | L83: SKIP | M83: SKIP
A84: KUO TAI | C84: 1608S | D84: =D83+7 -> 42473 | E84: SKIP | F84: SKIP | G84: SKIP | H84: SKIP | J84: 42445 | K84: SKIP | L84: SKIP | M84: SKIP
A85: SITC LIAONING | C85: 1613N | D85: =D84+7 -> 42480 | E85: =D85+1 -> 42481 | F85: =D85+3 -> 42483 | G85: SKIP | H85: SKIP | K85: =D85+13 -> 42493 | L85: =D85+14 -> 42494 | M85: =D85+15 -> 42495
A86: SITC KAWASAKI | C86: 1613N | D86: =D85+7 -> 42487 | E86: =D86+1 -> 42488 | F86: =D86+3 -> 42490 | G86: =D86+8 -> 42495 | H86: =D86+9 -> 42496 | K86: =D86+13 -> 42500 | L86: =D86+14 -> 42501 | M86: =D86+15 -> 42502
A87: SITC KEELUNG | C87: 1609N | D87: =D86+7 -> 42494 | E87: =D87+1 -> 42495 | F87: =D87+3 -> 42497 | G87: =D87+8 -> 42502 | H87: =D87+9 -> 42503 | K87: =D87+13 -> 42507 | L87: =D87+14 -> 42508 | M87: =D87+15 -> 42509
A88: SITC LIAONING | C88: 1615N | D88: =D87+7 -> 42501 | E88: =D88+1 -> 42502 | F88: =D88+3 -> 42504 | G88: =D88+8 -> 42509 | H88: SKIP | K88: =D88+13 -> 42514 | L88: =D88+14 -> 42515 | M88: =D88+15 -> 42516
A89: SITC KAWASAKI | C89: 1615N | D89: =D88+7 -> 42508 | E89: =D89+1 -> 42509 | F89: =D89+3 -> 42511 | G89: =D89+8 -> 42516 | H89: =D89+9 -> 42517 | K89: =D89+13 -> 42521 | L89: =D89+14 -> 42522 | M89: =D89+15 -> 42523
A90: SITC KEELUNG | C90: 1611N | D90: =D89+7 -> 42515 | E90: =D90+1 -> 42516 | F90: =D90+3 -> 42518 | G90: =D90+8 -> 42523 | H90: =D90+9 -> 42524 | K90: =D90+13 -> 42528 | L90: =D90+14 -> 42529 | M90: =D90+15 -> 42530
A91: SITC LIAONING | C91: 1617N | D91: =D90+7 -> 42522 | E91: =D91+1 -> 42523 | F91: =D91+3 -> 42525 | G91: =D91+8 -> 42530 | H91: =D91+9 -> 42531 | K91: =D91+13 -> 42535 | L91: =D91+14 -> 42536 | M91: =D91+15 -> 42537
A92: SITC FUJIAN | C92: 1615N | D92: =D91+7 -> 42529 | E92: =D92+1 -> 42530 | F92: =D92+3 -> 42532 | G92: =D92+8 -> 42537 | H92: =D92+9 -> 42538 | K92: =D92+13 -> 42542 | L92: =D92+14 -> 42543 | M92: =D92+15 -> 42544
A93: SITC KEELUNG | C93: 1613N | D93: =D92+7 -> 42536 | E93: =D93+1 -> 42537 | F93: =D93+3 -> 42539 | G93: =D93+8 -> 42544 | H93: SKIP | K93: =D93+13 -> 42549 | L93: =D93+14 -> 42550 | M93: =D93+15 -> 42551
A94: SITC LIAONING | C94: 1619N | D94: =D93+7 -> 42543 | E94: =D94+1 -> 42544 | F94: =D94+3 -> 42546 | G94: =D94+8 -> 42551 | H94: SKIP | K94: =D94+13 -> 42556 | L94: =D94+14 -> 42557 | M94: =D94+15 -> 42558
A95: SITC FUJIAN | C95: 1617N | D95: =D94+7 -> 42550 | E95: =D95+1 -> 42551 | F95: =D95+3 -> 42553 | G95: =D95+8 -> 42558 | H95: SKIP | K95: =D95+13 -> 42563 | L95: =D95+14 -> 42564 | M95: =D95+15 -> 42565
A96: SITC KEELUNG | C96: 1615N | D96: =D95+7 -> 42557 | E96: =D96+1 -> 42558 | F96: =D96+3 -> 42560 | G96: =D96+8 -> 42565 | H96: SKIP | K96: =D96+13 -> 42570 | L96: =D96+14 -> 42571 | M96: =D96+15 -> 42572
A97: SITC LIAONING | C97: 1621N | D97: =D96+7 -> 42564 | E97: =D97+1 -> 42565 | F97: =D97+3 -> 42567 | G97: =D97+8 -> 42572 | H97: SKIP | K97: =D97+13 -> 42577 | L97: =D97+14 -> 42578 | M97: =D97+15 -> 42579
A98: SITC FUJIAN | C98: 1619N | D98: =D97+7 -> 42571 | E98: =D98+1 -> 42572 | F98: =D98+3 -> 42574 | G98: =D98+8 -> 42579 | H98: SKIP | K98: SKIP | L98: =D98+14 -> 42585 | M98: =D98+15 -> 42586
A99: SITC KEELUNG | C99: 1617N | D99: =D98+7 -> 42578 | E99: =D99+1 -> 42579 | F99: =D99+3 -> 42581 | G99: =D99+8 -> 42586 | H99: =D99+9 -> 42587 | K99: =D99+13 -> 42591 | L99: =D99+14 -> 42592 | M99: =D99+15 -> 42593
A100: SITC LIAONING | C100: 1622S | D100: =D99+7 -> 42585 | E100: =D100+1 -> 42586 | F100: =D100+3 -> 42588 | G100: =D100+8 -> 42593 | H100: =D100+9 -> 42594 | K100: =D100+13 -> 42598 | L100: =D100+14 -> 42599 | M100: =D100+15 -> 42600
A101: WELLINGTON STRAIT | C101: 1632S | D101: =D100+7 -> 42592 | E101: =D101+1 -> 42593 | F101: =D101+3 -> 42595 | G101: =D101+8 -> 42600 | H101: =D101+9 -> 42601 | K101: SKIP | L101: SKIP | M101: SKIP
A102: SITC KEELUNG | C102: 1618S | D102: =D101+7 -> 42599 | E102: =D102+1 -> 42600 | F102: =D102+3 -> 42602 | G102: =D102+8 -> 42607 | H102: =D102+9 -> 42608 | K102: =D102+13 -> 42612 | L102: =D102+14 -> 42613 | M102: =D102+15 -> 42614
A103: SITC LIAONING | C103: 1624S | D103: =D102+7 -> 42606 | E103: =D103+1 -> 42607 | F103: =D103+3 -> 42609 | G103: =D103+8 -> 42614 | H103: =D103+9 -> 42615 | K103: =D103+13 -> 42619 | L103: =D103+14 -> 42620 | M103: =D103+15 -> 42621
A104: WELLINGTON STRAIT | C104: 1634S | D104: =D103+7 -> 42613 | E104: =D104+1 -> 42614 | F104: =D104+3 -> 42616 | G104: =D104+8 -> 42621 | H104: =D104+9 -> 42622 | K104: =D104+13 -> 42626 | L104: =D104+14 -> 42627 | M104: =D104+15 -> 42628
A105: SITC KEELUNG | C105: 1620S | D105: =D104+7 -> 42620 | E105: =D105+1 -> 42621 | F105: =D105+3 -> 42623 | G105: =D105+8 -> 42628 | H105: =D105+9 -> 42629 | K105: =D105+13 -> 42633 | L105: =D105+14 -> 42634 | M105: =D105+15 -> 42635
A106: SITC LIAONING | C106: 1626S | D106: =D105+7 -> 42627 | E106: =D106+1 -> 42628 | F106: =D106+3 -> 42630 | G106: =D106+8 -> 42635 | H106: =D106+9 -> 42636 | K106: =D106+13 -> 42640 | L106: =D106+14 -> 42641 | M106: =D106+15 -> 42642
A108: The closing time of VTX4: (Wednesday)
A109: At New Port, ICD Tanamexco, ICD Transimex: 21h00 (P.M) on Monday
A110: At Cat Lai: 17h00 (P.M) on Tuesday
A111: UPDATE FROM 16 AUG 2016
A113: VESSEL | C113: VOY | D113: ETD HCM Tuesday | E113: BANGKOK | F113: LAEM CHABANG | G113: BATANGAS | H113: MANILA NORTH | I113: NINGBO | J113: NINGBO | K113: SHANGHAI
E114: Thursday | F114: Saturday | G114: Wednesday | H114: Thursday | I114: Monday | K114: Wednesday
...

Sheet MVP
D1: SITC Vietnam Co., Ltd. HCM Branch
D2: 193 Dinh Tien Hoang, District 1, Hochiminh City, Vietnam
D3: Tel: 84-8-54047415 Fax: 84-8-54047420 Website: www.sitc.com
A5: TERMINAL:
A6: Batangas | B6: BATANGAS CONTAINER TERMINAL
A7: Bintulu | B7: BINTULU INTERNATIONAL CONTAINER TERMINAL
A9: MVP DIRECT SERVICE : | D9: Ho Chi Minh- Batangas - Kota Kinabalu - Bintulu - Kuching
A10: VESSEL | C10: VOY | D10: ETD | E10: HKG | G10: SHE | H10: NBO | I10: SHA | J10: OSA | K10: KOBE | L10: BUS
E11: 2 days | G11: 3 days | H11: 5 days | I11: 6 days | J11: 09 days | K11: 09 days | L11: 11 days
A12: SITC DALIAN | C12: 911N | D12: 39834 | G12: =D12+3 -> 39837 | I12: =D12+8 -> 39842 | J12: =D12+11 -> 39845 | K12: =J12 -> 39845 | L12: =D12+13 -> 39847
A13: SITC KOBE | C13: 479N | D13: =D12+7 -> 39841 | G13: =D13+3 -> 39844 | I13: =D13+8 -> 39849 | J13: =D13+11 -> 39852 | K13: =D13+11 -> 39852 | L13: =D13+13 -> 39854
A14: SITC QINGDAO | C14: 799N | D14: =D13+7 -> 39848 | G14: =D14+3 -> 39851 | I14: =D14+8 -> 39856 | J14: =D14+11 -> 39859 | K14: =D14+11 -> 39859 | L14: =D14+13 -> 39861
A15: SITC DALIAN | C15: 913N | D15: =D14+9 -> 39857 | G15: =D15+3 -> 39860 | I15: =G15+3 -> 39863 | J15: - | K15: - | L15: -
A16: SITC KOBE | C16: 481N | D16: =D14+14 -> 39862 | G16: - | I16: =D16+8 -> 39870 | J16: =D16+11 -> 39873 | K16: =D16+11 -> 39873 | L16: =D16+13 -> 39875
A17: SITC QINGDAO | C17: 801N | D17: =D16+7 -> 39869 | G17: SKIP
A18: SITC KOBE | C18: 483N | D18: =D17+7 -> 39876 | G18: =D18+3 -> 39879 | I18: =D18+8 -> 39884 | J18: =D18+11 -> 39887 | K18: =D18+11 -> 39887 | L18: =D18+13 -> 39889
A19: SITC DALIAN | C19: 917N | D19: =D18+7 -> 39883 | G19: =D19+3 -> 39886 | I19: =D19+8 -> 39891 | J19: =D19+11 -> 39894 | K19: =D19+11 -> 39894 | L19: =D19+13 -> 39896
A20: SITC QINGDAO | C20: 803N | D20: =D19+7 -> 39890 | G20: =D20+3 -> 39893 | I20: =D20+8 -> 39898 | J20: =D20+11 -> 39901 | K20: =D20+11 -> 39901 | L20: =D20+13 -> 39903
A21: SITC KOBE | C21: 485N | D21: =D20+7 -> 39897 | G21: =D21+3 -> 39900 | I21: =D21+8 -> 39905 | J21: =D21+11 -> 39908 | K21: =D21+11 -> 39908 | L21: =D21+13 -> 39910
A22: SITC DALIAN | C22: 919N | D22: =D21+7 -> 39904 | G22: =D22+3 -> 39907 | I22: =D22+8 -> 39912 | J22: =D22+11 -> 39915 | K22: =D22+11 -> 39915 | L22: =D22+13 -> 39917
A23: SITC QINGDAO | C23: 805N | D23: =D22+7 -> 39911 | G23: =D23+3 -> 39914 | I23: =D23+8 -> 39919 | J23: =D23+11 -> 39922 | K23: =D23+11 -> 39922 | L23: =D23+13 -> 39924
A24: SITC KOBE | C24: 487N | D24: =D23+7 -> 39918 | G24: =D24+3 -> 39921 | I24: =D24+8 -> 39926 | J24: =D24+11 -> 39929 | K24: =D24+11 -> 39929 | L24: =D24+13 -> 39931
A25: SITC DALIAN | C25: 921N | D25: =D24+7 -> 39925 | G25: =D25+3 -> 39928 | I25: =D25+8 -> 39933 | J25: =D25+11 -> 39936 | K25: =D25+11 -> 39936 | L25: =D25+13 -> 39938
A26: SITC QINGDAO | C26: 807N | D26: =D25+7 -> 39932 | G26: =D26+3 -> 39935 | I26: =D26+8 -> 39940 | J26: =D26+11 -> 39943 | K26: =D26+11 -> 39943 | L26: =D26+13 -> 39945
A27: SITC KOBE | C27: 489N | D27: =D26+7 -> 39939 | G27: =D27+3 -> 39942 | I27: =D27+8 -> 39947 | J27: =D27+11 -> 39950 | K27: =D27+11 -> 39950 | L27: =D27+13 -> 39952
A28: SITC DALIAN | C28: 923N | D28: =D27+7 -> 39946 | G28: =D28+3 -> 39949 | I28: =D28+8 -> 39954 | J28: =D28+11 -> 39957 | K28: =D28+11 -> 39957 | L28: =D28+13 -> 39959
A29: SITC QINGDAO | C29: 809N | D29: =D28+8 -> 39954 | E29: =D29+2 -> 39956 | G29: =D29+3 -> 39957 | I29: =D29+6 -> 39960 | J29: =D29+10 -> 39964 | K29: =D29+10 -> 39964 | L29: =D29+12 -> 39966
A30: SITC KOBE | C30: 491N | D30: =D29+7 -> 39961 | E30: =D30+2 -> 39963 | G30: =D30+3 -> 39964 | I30: =D30+6 -> 39967 | J30: =D30+10 -> 39971 | K30: =D30+10 -> 39971 | L30: =D30+12 -> 39973
A31: SITC DALIAN | C31: 925N | D31: =D30+7 -> 39968 | E31: =D31+2 -> 39970 | G31: =D31+3 -> 39971 | I31: =D31+6 -> 39974 | J31: =D31+10 -> 39978 | K31: =D31+10 -> 39978 | L31: =D31+12 -> 39980
A32: SITC QINGDAO | C32: 811N | D32: =D31+7 -> 39975 | E32: =D32+2 -> 39977 | G32: =D32+3 -> 39978 | I32: =D32+6 -> 39981 | J32: =D32+10 -> 39985 | K32: =D32+10 -> 39985 | L32: =D32+12 -> 39987
A33: SITC KOBE | C33: 493N | D33: =D32+7 -> 39982 | E33: =D33+2 -> 39984 | G33: =D33+3 -> 39985 | I33: =D33+6 -> 39988 | J33: =D33+10 -> 39992 | K33: =D33+10 -> 39992 | L33: =D33+12 -> 39994
A34: SITC DALIAN | C34: 927N | D34: =D33+7 -> 39989 | E34: =D34+2 -> 39991 | G34: =D34+3 -> 39992 | I34: =D34+6 -> 39995 | J34: =D34+10 -> 39999 | K34: =D34+10 -> 39999 | L34: =D34+12 -> 40001
A35: SITC QINGDAO | C35: 813N | D35: =D34+7 -> 39996 | E35: =D35+2 -> 39998 | G35: =D35+3 -> 39999 | I35: =D35+6 -> 40002 | J35: =D35+10 -> 40006 | K35: =D35+10 -> 40006 | L35: =D35+12 -> 40008
A36: SITC KOBE | C36: 495N | D36: =D35+7 -> 40003 | E36: =D36+2 -> 40005 | G36: =D36+3 -> 40006 | I36: =D36+6 -> 40009 | J36: =D36+10 -> 40013 | K36: =D36+10 -> 40013 | L36: =D36+12 -> 40015
A37: SITC DALIAN | C37: 929N | D37: =D36+7 -> 40010 | E37: =D37+2 -> 40012 | G37: =D37+3 -> 40013 | I37: =D37+6 -> 40016 | J37: =D37+10 -> 40020 | K37: =D37+10 -> 40020 | L37: =D37+12 -> 40022
A38: SITC QINGDAO | C38: 815N | D38: =D37+7 -> 40017 | E38: =D38+2 -> 40019 | G38: =D38+3 -> 40020 | I38: =D38+6 -> 40023 | J38: =D38+10 -> 40027 | K38: =D38+10 -> 40027 | L38: =D38+12 -> 40029
A39: SITC KOBE | C39: 497N | D39: =D38+7 -> 40024 | E39: =D39+2 -> 40026 | G39: =D39+3 -> 40027 | I39: =D39+6 -> 40030 | J39: =D39+10 -> 40034 | K39: =D39+10 -> 40034 | L39: =D39+12 -> 40036
A40: SITC DALIAN | C40: 931N | D40: =D39+7 -> 40031 | E40: =D40+2 -> 40033 | G40: =D40+3 -> 40034 | I40: =D40+6 -> 40037 | J40: =D40+10 -> 40041 | K40: =D40+10 -> 40041 | L40: =D40+12 -> 40043
A41: SITC QINGDAO | C41: 817N | D41: =D40+7 -> 40038 | E41: =D41+2 -> 40040 | G41: =D41+3 -> 40041 | I41: =D41+6 -> 40044 | J41: =D41+10 -> 40048 | K41: =D41+10 -> 40048 | L41: =D41+12 -> 40050
... A56: SITC QINGDAO | C56: 827N | D56: =D55+7 -> 40143 | E56: =D56+2 -> 40145 | G56: =D56+3 -> 40146 | I56: =D56+6 -> 40149 | J56: =D56+10 -> 40153 | K56: =D56+10 -> 40153 | L56: =D56+12 -> 40155
A57: =A54 -> SITC YOKOHAMA | C57: 347N | D57: =D56+7 -> 40150 | E57: =D57+2 -> 40152 | G57: =D57+3 -> 40153 | I57: =D57+6 -> 40156 | J57: =D57+10 -> 40160 | K57: =D57+10 -> 40160 | L57: =D57+12 -> 40162
A58: SITC DALIAN | C58: 943N | D58: =D57+7 -> 40157 | E58: SKIP | G58: SKIP | I58: =D58+6 -> 40163 | J58: SKIP | K58: SKIP | L58: SKIP
A59: SITC QINGDAO | C59: 829N | D59: =D58+7 -> 40164 | E59: SKIP | G59: SKIP | I59: =D59+6 -> 40170 | J59: SKIP | K59: SKIP | L59: SKIP
A60: SITC YOKOHAMA | C60: 349N | D60: =D59+7 -> 40171 | E60: SKIP | G60: SKIP | I60: =D60+6 -> 40177 | J60: SKIP | K60: SKIP | L60: SKIP
A61: PERTH BRIDGE | C61: 1101N | D61: =D60+8 -> 40179 | E61: =D61+2 -> 40181 | G61: =D61+3 -> 40182 | H61: - | I61: =D61+6 -> 40185 | J61: =D61+9 -> 40188 | K61: =D61+9 -> 40188 | L61: =D61+11 -> 40190
A62: CAPE FRANKLIN | C62: 1101N | D62: =D61+7 -> 40186 | E62: =D62+2 -> 40188 | G62: =D62+3 -> 40189 | H62: - | I62: =D62+6 -> 40192 | J62: =D62+9 -> 40195 | K62: =D62+9 -> 40195 | L62: =D62+11 -> 40197
A63: SINGAPORE BRIDGE | C63: 1103N | D63: =D62+7 -> 40193 | E63: =D63+2 -> 40195 | G63: =D63+3 -> 40196 | H63: - | I63: =D63+6 -> 40199 | J63: =D63+9 -> 40202 | K63: =D63+9 -> 40202 | L63: =D63+11 -> 40204
A64: PERTH BRIDGE | C64: 1103N | D64: =D63+7 -> 40200 | E64: =D64+2 -> 40202 | G64: =D64+3 -> 40203 | H64: - | I64: =D64+6 -> 40206 | J64: =D64+9 -> 40209 | K64: =D64+9 -> 40209 | L64: =D64+11 -> 40211
A65: CAPE FRANKLIN | C65: 1103N | D65: =D64+7 -> 40207 | E65: =D65+2 -> 40209 | G65: SKIP | H65: - | I65: =D65+6 -> 40213 | J65: =D65+9 -> 40216 | K65: =D65+9 -> 40216 | L65: =D65+11 -> 40218
A66: SINGAPORE BRIDGE | C66: 1105N | D66: =D65+7 -> 40214 | E66: =D66+2 -> 40216 | G66: SKIP | H66: - | I66: =D66+6 -> 40220 | J66: =D66+9 -> 40223 | K66: =D66+9 -> 40223 | L66: SKIP
A67: PERTH BRIDGE | C67: 1105N | D67: =D66+4 -> 40218 | E67: =D67+2 -> 40220 | G67: SKIP | H67: =D67+8 -> 40226 | I67: =H67+1 -> 40227 | J67: =I67+3 -> 40230 | K67: =J67 -> 40230 | L67: =K67+2 -> 40232
A68: CAPE FRANKLIN | C68: 1105N | D68: =D66+14 -> 40228 | E68: =D68+2 -> 40230 | G68: =D68+3 -> 40231 | H68: =D68+5 -> 40233 | I68: =D68+6 -> 40234 | J68: =D68+9 -> 40237 | K68: =D68+9 -> 40237 | L68: =D68+11 -> 40239
A69: THERAPS | C69: 1107N | D69: =D68+7 -> 40235 | E69: =D69+2 -> 40237 | G69: SKIP | H69: =H68+7 -> 40240 | I69: =I68+7 -> 40241 | J69: - | K69: - | L69: -
A70: PERTH BRIDGE | C70: 1107N | D70: =D68+14 -> 40242 | E70: =D70+2 -> 40244 | G70: =D70+3 -> 40245 | H70: =D70+5 -> 40247 | I70: =D70+6 -> 40248 | J70: =D70+9 -> 40251 | K70: =D70+9 -> 40251 | L70: =D70+11 -> 40253
A71: CAPE FRANKLIN | C71: 1107N | D71: =D70+7 -> 40249 | E71: =D71+2 -> 40251 | G71: =D71+3 -> 40252 | H71: =D71+5 -> 40254 | I71: =D71+6 -> 40255 | J71: =D71+9 -> 40258 | K71: =D71+9 -> 40258 | L71: =D71+11 -> 40260
A72: SINGAPORE BRIDGE | C72: 1109N | D72: =D71+7 -> 40256 | E72: =D72+2 -> 40258 | G72: =D72+3 -> 40259 | H72: =D72+5 -> 40261 | I72: =D72+6 -> 40262 | J72: =D72+9 -> 40265 | K72: =D72+9 -> 40265 | L72: =D72+11 -> 40267
A73: PERTH BRIDGE | C73: 1109N | D73: =D72+7 -> 40263 | E73: =D73+2 -> 40265 | G73: =D73+3 -> 40266 | H73: =D73+5 -> 40268 | I73: =D73+6 -> 40269 | J73: =D73+9 -> 40272 | K73: =D73+9 -> 40272 | L73: -
A74: CAPE FRANKLIN | C74: 1109N | D74: =D73+7 -> 40270 | E74: =D74+2 -> 40272 | G74: =D74+3 -> 40273 | H74: =D74+5 -> 40275 | I74: =D74+6 -> 40276 | J74: - | K74: - | L74: -
A75: =A72 -> SINGAPORE BRIDGE | C75: 1111N | D75: =D74+7 -> 40277 | E75: =D75+2 -> 40279 | G75: =D75+3 -> 40280 | H75: =D75+5 -> 40282 | I75: =D75+6 -> 40283 | J75: =J73+14 -> 40286 | K75: =K73+14 -> 40286 | L75: -
A76: PERTH BRIDGE | C76: 1111N | D76: =D75+7 -> 40284 | E76: =D76+2 -> 40286 | G76: =D76+3 -> 40287 | H76: =D76+5 -> 40289 | I76: =D76+6 -> 40290 | J76: =J75+7 -> 40293 | K76: =K75+7 -> 40293 | L76: -
A77: VESSEL | C77: VOY | D77: ETD HCM Thursday | E77: BATANGAS | F77: KOTA KINABALU | G77: BINTULU | H77: KUCHING
E78: SUNDAY | F78: SATURDAY | G78: SUNDAY | H78: MONDAY
E79: 3 days | F79: 9 days | G79: 10 days | H79: 11 days
A80: K-WATER | C80: 1420S | D80: 41942 | E80: =D80+3 -> 41945 | F80: =D80+9 -> 41951 | G80: =D80+10 -> 41952
A81: CONTSHIP DAY | C81: 1422S | D81: =D80+14 -> 41956 | E81: =D81+3 -> 41959 | F81: =D81+9 -> 41965 | G81: =D81+10 -> 41966 | H81: =D81+11 -> 41967
E82: =D82+3 -> 3 | F82: =D82+9 -> 9 | G82: =D82+10 -> 10 | H82: =D82+11 -> 11
A83: K-WATER | C83: 1424S | D83: =D81+7 -> 41963 | E83: =D83+3 -> 41966 | F83: =D83+9 -> 41972 | G83: =D83+10 -> 41973 | H83: =D83+11 -> 41974
A84: CONTSHIP DAY | C84: 1424S | D84: =D83+7 -> 41970 | E84: =D84+3 -> 41973 | F84: =D84+9 -> 41979 | G84: =D84+10 -> 41980 | H84: =D84+11 -> 41981
A85: CONTSHIP DAY | C85: 1426S | D85: =D84+7 -> 41977 | E85: =D85+3 -> 41980 | F85: =D85+9 -> 41986 | G85: =D85+10 -> 41987 | H85: =D85+11 -> 41988
A86: SKIP | D86: =D84+7 -> 41977 | E86: =D86+3 -> 41980 | G86: =D86+10 -> 41987
A87: K-WATER | C87: 1430S | D87: 41988 | E87: =D87+3 -> 41991 | G87: =D87+10 -> 41998
A88: CONTSHIP DAY | C88: 1426S | D88: =D86+14 -> 41991 | E88: =D88+3 -> 41994 | G88: =D88+10 -> 42001
A89: K-WATER | C89: 1432S | D89: =D88+7 -> 41998 | E89: =D89+3 -> 42001 | G89: =D89+10 -> 42008
A90: CONTSHIP DAY | C90: 1502S | D90: =D89+7 -> 42005 | E90: =D90+3 -> 42008 | G90: =D90+10 -> 42015
A91: K-WATER | C91: 1502S | D91: =D90+7 -> 42012 | E91: =D91+3 -> 42015 | G91: =D91+10 -> 42022
A92: K-WATER | C92: 1424S | D92: =D91+7 -> 42019 | E92: =D92+3 -> 42022 | F92: =D92+9 -> 42028 | G92: =D92+10 -> 42029 | H92: =D92+11 -> 42030
A93: CONTSHIP DAY | C93: 1424S | D93: =D92+7 -> 42026 | E93: =D93+3 -> 42029 | F93: =D93+9 -> 42035 | G93: =D93+10 -> 42036 | H93: =D93+11 -> 42037
A94: CONTSHIP DAY | C94: 1504S | D94: =D91+7 -> 42019 | E94: =D94+3 -> 42022 | G94: =D94+10 -> 42029
A95: K-WATER | C95: 1504S | D95: =D94+7 -> 42026 | E95: =D95+3 -> 42029 | G95: =D95+10 -> 42036
A96: CONTSHIP DAY | C96: 1506S | D96: =D95+7 -> 42033 | E96: =D96+3 -> 42036 | G96: =D96+10 -> 42043
A97: K-WATER | C97: 1506S | D97: =D96+7 -> 42040 | E97: =D97+3 -> 42043 | G97: SKIP
A98: CONTSHIP DAY | C98: 1508S | D98: =D97+7 -> 42047 | E98: =D98+3 -> 42050 | G98: =D98+10 -> 42057
D99: =D98+7 -> 42054 | E99: =D99+3 -> 42057 | F99: =D99+9 -> 42063 | G99: =D99+10 -> 42064 | H99: =D99+11 -> 42065
D100: =D99+7 -> 42061 | E100: =D100+3 -> 42064 | F100: =D100+9 -> 42070 | G100: =D100+10 -> 42071 | H100: =D100+11 -> 42072
A101: K-WATER | C101: 1508S | D101: =D98+7 -> 42054 | E101: =D101+3 -> 42057 | G101: =D101+10 -> 42064
A102: CONTSHIP DAY | C102: 1510S | D102: =D101+7 -> 42061 | E102: =D102+3 -> 42064 | G102: =D102+10 -> 42071
A103: K-WATER | C103: 1510S | D103: =D102+7 -> 42068 | E103: =D103+3 -> 42071 | G103: =D103+10 -> 42078
A104: * The schedule is subject to change with or without prior notice.
A105: The closing time of VPM(Thursday)
A106: At New Port, ICD Tanamexco, ICD Transimex: 21h00 (P.M) on Tuesday
A107: At Cat Lai: 17H00 (P.M) on Wednesday.
A110: MVP DIRECT SERVICE : | D110: Ho Chi Minh- Batangas- Bintulu
A111: VESSEL | C111: VOY | D111: ETD | E111: HKG | G111: =D116+3 -> 39860 | I111: SHA | J111: OSA | K111: KOBE | L111: BUS
E112: 2 days | G112: - | I112: 6 days | J112: 09 days | K112: 09 days | L112: 11 days
A113: SITC DALIAN | C113: 911N | D113: 39834 | G113: SKIP | I113: =D113+8 -> 39842 | J113: =D113+11 -> 39845 | K113: =J113 -> 39845 | L113: =D113+13 -> 39847
A114: SITC KOBE | C114: 479N | D114: =D113+7 -> 39841 | G114: =D119+3 -> 39879 | I114: =D114+8 -> 39849 | J114: =D114+11 -> 39852 | K114: =D114+11 -> 39852 | L114: =D114+13 -> 39854
A115: SITC QINGDAO | C115: 799N | D115: =D114+7 -> 39848 | G115: =D120+3 -> 39886 | I115: =D115+8 -> 39856 | J115: =D115+11 -> 39859 | K115: =D115+11 -> 39859 | L115: =D115+13 -> 39861
A116: SITC DALIAN | C116: 913N | D116: =D115+9 -> 39857 | G116: =D121+3 -> 39893 | I116: =G111+3 -> 39863 | J116: - | K116: - | L116: -
A117: SITC KOBE | C117: 481N | D117: =D115+14 -> 39862 | G117: =D122+3 -> 39900 | I117: =D117+8 -> 39870 | J117: =D117+11 -> 39873 | K117: =D117+11 -> 39873 | L117: =D117+13 -> 39875
A118: SITC QINGDAO | C118: 801N | D118: =D117+7 -> 39869 | G118: =D123+3 -> 39907
...

Sheet Sheet1

Sheet Sheet2
